Workbook

Sheet Gastos_Dic 22
A1: INSTITUTO MUNICIPAL DE EMPLEO Y FOMENTO EMPRESARIAL - IMEBU
A2: NIT: 00804014968 - 1
A3: EJECUCION PRESUPUESTAL DE GASTOS
A4: Periodo comprendido entre 01-01-2022 y 31-12-2022
A5: Fecha de Impresión: 31.01.2023 Hora: 10:32:am
A6: Impreso por: MVRR - MARIA VICTORIA RAMIREZ RANGEL
A7: Codigo de Control | B7: Rubro Presupuestal | C7: Unidad Ejecutora | D7: Descripción | E7: Fuente | F7: Presupuesto Inicial | G7: Adiciones | H7: Aplazamientos | I7: Desaplazamiento | J7: Reducciones | K7: Créditos | L7: Contracréditos | M7: Presupuesto Definitivo | N7: Cdps Mes Anterior | O7: Cdps Mes Actual | P7: Total Ejecutado Segun Cdps | Q7: Cdps Vigencia Futura | R7: Saldo por Ejecutar | S7: Compromisos Mes Anterior | T7: Total Compromisos mes Actual | U7: Total Compromisos | V7: Saldo por Comprometer | W7: Total Obligaciones | X7: Pagos Mes Anterior | Y7: Total Pagos Periodo | Z7: Total Pagos | AA7: Saldo por Pagar
B8: 2 | C8: IMEB | D8: Gastos | F8: 5040000000 | G8: 6.7073266e+09 | H8: 0 | I8: 0 | J8: 0 | K8: 800347133 | L8: 800347133 | M8: 1.1747327e+10 | N8: 0 | O8: 8.1131061e+09 | P8: 8.1131061e+09 | Q8: 0 | R8: 3.6342205e+09 | S8: 0 | T8: 8.1130519e+09 | U8: 8.1130519e+09 | V8: 3.6342747e+09 | W8: 8.1130519e+09 | X8: 0 | Y8: 7.7325414e+09 | Z8: 7.7325414e+09 | AA8: 3.8051053e+08
B9: 2.1 | C9: IMEB | D9: Funcionamiento | F9: 2332862428 | G9: 0 | H9: 0 | I9: 0 | J9: 0 | K9: 106049038 | L9: 106049038 | M9: 2332862428 | N9: 0 | O9: 1.9997112e+09 | P9: 1.9997112e+09 | Q9: 0 | R9: 3.3315124e+08 | S9: 0 | T9: 1.9997112e+09 | U9: 1.9997112e+09 | V9: 3.3315124e+08 | W9: 1.9997112e+09 | X9: 0 | Y9: 1.7580408e+09 | Z9: 1.7580408e+09 | AA9: 2.4167037e+08
B10: 2.1.1 | C10: IMEB | D10: Gastos de personal | F10: 1388561517 | G10: 0 | H10: 0 | I10: 0 | J10: 0 | K10: 49112038 | L10: 13106038 | M10: 1424567517 | N10: 0 | O10: 1319751050 | P10: 1319751050 | Q10: 0 | R10: 104816467 | S10: 0 | T10: 1319751050 | U10: 1319751050 | V10: 104816467 | W10: 1319751050 | X10: 0 | Y10: 1246762501 | Z10: 1246762501 | AA10: 72988549
B11: 2.1.1.01 | C11: IMEB | D11: Planta de personal permanente | F11: 1388561517 | G11: 0 | H11: 0 | I11: 0 | J11: 0 | K11: 49112038 | L11: 13106038 | M11: 1424567517 | N11: 0 | O11: 1319751050 | P11: 1319751050 | Q11: 0 | R11: 104816467 | S11: 0 | T11: 1319751050 | U11: 1319751050 | V11: 104816467 | W11: 1319751050 | X11: 0 | Y11: 1246762501 | Z11: 1246762501 | AA11: 72988549
B12: 2.1.1.01.01 | C12: IMEB | D12: Factores constitutivos de salario | F12: 986057546 | G12: 0 | H12: 0 | I12: 0 | J12: 0 | K12: 24317367 | L12: 13106038 | M12: 997268875 | N12: 0 | O12: 946218590 | P12: 946218590 | Q12: 0 | R12: 51050285 | S12: 0 | T12: 946218590 | U12: 946218590 | V12: 51050285 | W12: 946218590 | X12: 0 | Y12: 937248064 | Z12: 937248064 | AA12: 8970526
B13: 2.1.1.01.01.001 | C13: IMEB | D13: Factores salariales comunes | F13: 976294600 | G13: 0 | H13: 0 | I13: 0 | J13: 0 | K13: 24007367 | L13: 13106038 | M13: 987195929 | N13: 0 | O13: 938042318 | P13: 938042318 | Q13: 0 | R13: 49153611 | S13: 0 | T13: 938042318 | U13: 938042318 | V13: 49153611 | W13: 938042318 | X13: 0 | Y13: 935883139 | Z13: 935883139 | AA13: 2159179
A14: 220001 | B14: 2.1.1.01.01.001.01 | C14: IMEB | D14: Sueldo básico | E14: 1.2.1.0.0 | F14: 775965124 | G14: 0 | H14: 0 | I14: 0 | J14: 0 | K14: 16220000 | L14: 13106038 | M14: 779079086 | N14: 0 | O14: 748523690 | P14: 748523690 | Q14: 0 | R14: 30555396 | S14: 0 | T14: 748523690 | U14: 748523690 | V14: 30555396 | W14: 748523690 | X14: 0 | Y14: 748523690 | Z14: 748523690 | AA14: 0
A15: 220002 | B15: 2.1.1.01.01.001.06 | C15: IMEB | D15: Prima de servicios | E15: 1.2.1.0.0 | F15: 66549782 | G15: 0 | H15: 0 | I15: 0 | J15: 0 | K15: 2100000 | L15: 0 | M15: 68649782 | N15: 0 | O15: 64522130 | P15: 64522130 | Q15: 0 | R15: 4127652 | S15: 0 | T15: 64522130 | U15: 64522130 | V15: 4127652 | W15: 64522130 | X15: 0 | Y15: 64522130 | Z15: 64522130 | AA15: 0
A16: 220003 | B16: 2.1.1.01.01.001.07 | C16: IMEB | D16: Bonificación por servicios prestados | E16: 1.2.1.0.0 | F16: 22632315 | G16: 0 | H16: 0 | I16: 0 | J16: 0 | K16: 2177367 | L16: 0 | M16: 24809682 | N16: 0 | O16: 24776193 | P16: 24776193 | Q16: 0 | R16: 33489 | S16: 0 | T16: 24776193 | U16: 24776193 | V16: 33489 | W16: 24776193 | X16: 0 | Y16: 24459682 | Z16: 24459682 | AA16: 316511
B17: 2.1.1.01.01.001.08 | C17: IMEB | D17: Prestaciones sociales | F17: 111147379 | G17: 0 | H17: 0 | I17: 0 | J17: 0 | K17: 3510000 | L17: 0 | M17: 114657379 | N17: 0 | O17: 100220305 | P17: 100220305 | Q17: 0 | R17: 14437074 | S17: 0 | T17: 100220305 | U17: 100220305 | V17: 14437074 | W17: 100220305 | X17: 0 | Y17: 98377637 | Z17: 98377637 | AA17: 1842668
A18: 220004 | B18: 2.1.1.01.01.001.08.01 | C18: IMEB | D18: Prima de navidad | E18: 1.2.1.0.0 | F18: 75099581 | G18: 0 | H18: 0 | I18: 0 | J18: 0 | K18: 2360000 | L18: 0 | M18: 77459581 | N18: 0 | O18: 74169462 | P18: 74169462 | Q18: 0 | R18: 3290119 | S18: 0 | T18: 74169462 | U18: 74169462 | V18: 3290119 | W18: 74169462 | X18: 0 | Y18: 74169462 | Z18: 74169462 | AA18: 0
A19: 220077 | B19: 2.1.2.02.02.010 | C19: IMEB | D19: Viáticos de funcionarios en Comisión | E19: APM | F19: 0 | G19: 0 | H19: 0 | I19: 0 | J19: 0 | K19: 10000000 | L19: 0 | M19: 10000000 | N19: 0 | O19: 6257182 | P19: 6257182 | Q19: 0 | R19: 3742818 | S19: 0 | T19: 6257182 | U19: 6257182 | V19: 3742818 | W19: 6257182 | X19: 0 | Y19: 6257182 | Z19: 6257182 | AA19: 0
A20: 220005 | B20: 2.1.1.01.01.001.08.02 | C20: IMEB | D20: Prima de vacaciones | E20: 1.2.1.0.0 | F20: 36047798 | G20: 0 | H20: 0 | I20: 0 | J20: 0 | K20: 1150000 | L20: 0 | M20: 37197798 | N20: 0 | O20: 26050843 | P20: 26050843 | Q20: 0 | R20: 11146955 | S20: 0 | T20: 26050843 | U20: 26050843 | V20: 11146955 | W20: 26050843 | X20: 0 | Y20: 24208175 | Z20: 24208175 | AA20: 1842668
A21: 220006 | B21: 2.1.1.01.01.002 | C21: IMEB | D21: Factores salariales especiales | E21: 1.2.1.0.0 | F21: 9762946 | G21: 0 | H21: 0 | I21: 0 | J21: 0 | K21: 310000 | L21: 0 | M21: 10072946 | N21: 0 | O21: 8176272 | P21: 8176272 | Q21: 0 | R21: 1896674 | S21: 0 | T21: 8176272 | U21: 8176272 | V21: 1896674 | W21: 8176272 | X21: 0 | Y21: 1364925 | Z21: 1364925 | AA21: 6811347
B22: 2.1.1.01.02 | C22: IMEB | D22: Contribuciones inherentes a la nómina | F22: 335322951 | G22: 0 | H22: 0 | I22: 0 | J22: 0 | K22: 11360000 | L22: 0 | M22: 346682951 | N22: 0 | O22: 332585040 | P22: 332585040 | Q22: 0 | R22: 14097911 | S22: 0 | T22: 332585040 | U22: 332585040 | V22: 14097911 | W22: 332585040 | X22: 0 | Y22: 271572170 | Z22: 271572170 | AA22: 61012870
A23: 220007 | B23: 2.1.1.01.02.001 | C23: IMEB | D23: Aportes a la seguridad social en pensiones | E23: 1.2.1.0.0 | F23: 95788061 | G23: 0 | H23: 0 | I23: 0 | J23: 0 | K23: 3050000 | L23: 0 | M23: 98838061 | N23: 0 | O23: 97062050 | P23: 97062050 | Q23: 0 | R23: 1776011 | S23: 0 | T23: 97062050 | U23: 97062050 | V23: 1776011 | W23: 97062050 | X23: 0 | Y23: 97062050 | Z23: 97062050 | AA23: 0
A24: 220008 | B24: 2.1.1.01.02.002 | C24: IMEB | D24: Aportes a la seguridad social en salud | E24: 1.2.1.0.0 | F24: 67849877 | G24: 0 | H24: 0 | I24: 0 | J24: 0 | K24: 2160000 | L24: 0 | M24: 70009877 | N24: 0 | O24: 68902648 | P24: 68902648 | Q24: 0 | R24: 1107229 | S24: 0 | T24: 68902648 | U24: 68902648 | V24: 1107229 | W24: 68902648 | X24: 0 | Y24: 68902648 | Z24: 68902648 | AA24: 0
A25: 220009 | B25: 2.1.1.01.02.003 | C25: IMEB | D25: Aportes de cesantías | E25: 1.2.1.0.0 | F25: 81357880 | G25: 0 | H25: 0 | I25: 0 | J25: 0 | K25: 2560000 | L25: 0 | M25: 83917880 | N25: 0 | O25: 79123742 | P25: 79123742 | Q25: 0 | R25: 4794138 | S25: 0 | T25: 79123742 | U25: 79123742 | V25: 4794138 | W25: 79123742 | X25: 0 | Y25: 18110872 | Z25: 18110872 | AA25: 61012870
A26: 220010 | B26: 2.1.1.01.02.004 | C26: IMEB | D26: Aportes a cajas de compensación familiar | E26: 1.2.1.0.0 | F26: 38048157 | G26: 0 | H26: 0 | I26: 0 | J26: 0 | K26: 1312000 | L26: 0 | M26: 39360157 | N26: 0 | O26: 37141100 | P26: 37141100 | Q26: 0 | R26: 2219057 | S26: 0 | T26: 37141100 | U26: 37141100 | V26: 2219057 | W26: 37141100 | X26: 0 | Y26: 37141100 | Z26: 37141100 | AA26: 0
A27: 220011 | B27: 2.1.1.01.02.005 | C27: IMEB | D27: Aportes generales al sistema de riesgos laborales | E27: 1.2.1.0.0 | F27: 4718781 | G27: 0 | H27: 0 | I27: 0 | J27: 0 | K27: 637000 | L27: 0 | M27: 5355781 | N27: 0 | O27: 3921900 | P27: 3921900 | Q27: 0 | R27: 1433881 | S27: 0 | T27: 3921900 | U27: 3921900 | V27: 1433881 | W27: 3921900 | X27: 0 | Y27: 3921900 | Z27: 3921900 | AA27: 0
A28: 220012 | B28: 2.1.1.01.02.006 | C28: IMEB | D28: Aportes al ICBF | E28: 1.2.1.0.0 | F28: 28536117 | G28: 0 | H28: 0 | I28: 0 | J28: 0 | K28: 985000 | L28: 0 | M28: 29521117 | N28: 0 | O28: 27859500 | P28: 27859500 | Q28: 0 | R28: 1661617 | S28: 0 | T28: 27859500 | U28: 27859500 | V28: 1661617 | W28: 27859500 | X28: 0 | Y28: 27859500 | Z28: 27859500 | AA28: 0
A29: 220013 | B29: 2.1.1.01.02.007 | C29: IMEB | D29: Aportes al SENA | E29: 1.2.1.0.0 | F29: 19024078 | G29: 0 | H29: 0 | I29: 0 | J29: 0 | K29: 656000 | L29: 0 | M29: 19680078 | N29: 0 | O29: 18574100 | P29: 18574100 | Q29: 0 | R29: 1105978 | S29: 0 | T29: 18574100 | U29: 18574100 | V29: 1105978 | W29: 18574100 | X29: 0 | Y29: 18574100 | Z29: 18574100 | AA29: 0
B30: 2.1.1.01.03 | C30: IMEB | D30: Remuneraciones no constitutivas de factor salarial | F30: 67181020 | G30: 0 | H30: 0 | I30: 0 | J30: 0 | K30: 13434671 | L30: 0 | M30: 80615691 | N30: 0 | O30: 40947420 | P30: 40947420 | Q30: 0 | R30: 39668271 | S30: 0 | T30: 40947420 | U30: 40947420 | V30: 39668271 | W30: 40947420 | X30: 0 | Y30: 37942267 | Z30: 37942267 | AA30: 3005153
B31: 2.1.1.01.03.001 | C31: IMEB | D31: Prestaciones sociales | F31: 67181020 | G31: 0 | H31: 0 | I31: 0 | J31: 0 | K31: 13434671 | L31: 0 | M31: 80615691 | N31: 0 | O31: 40947420 | P31: 40947420 | Q31: 0 | R31: 39668271 | S31: 0 | T31: 40947420 | U31: 40947420 | V31: 39668271 | W31: 40947420 | X31: 0 | Y31: 37942267 | Z31: 37942267 | AA31: 3005153
A32: 220014 | B32: 2.1.1.01.03.001.01 | C32: IMEB | D32: Vacaciones | E32: 1.2.1.0.0 | F32: 52870104 | G32: 0 | H32: 0 | I32: 0 | J32: 0 | K32: 1660000 | L32: 0 | M32: 54530104 | N32: 0 | O32: 23413792 | P32: 23413792 | Q32: 0 | R32: 31116312 | S32: 0 | T32: 23413792 | U32: 23413792 | V32: 31116312 | W32: 23413792 | X32: 0 | Y32: 20649790 | Z32: 20649790 | AA32: 2764002
A33: 220015 | B33: 2.1.1.01.03.001.02 | C33: IMEB | D33: Indemnización por vacaciones | E33: 1.3.2.3.05 | F33: 10000000 | G33: 0 | H33: 0 | I33: 0 | J33: 0 | K33: 11638671 | L33: 0 | M33: 21638671 | N33: 0 | O33: 14396532 | P33: 14396532 | Q33: 0 | R33: 7242139 | S33: 0 | T33: 14396532 | U33: 14396532 | V33: 7242139 | W33: 14396532 | X33: 0 | Y33: 14396532 | Z33: 14396532 | AA33: 0
A34: 220016 | B34: 2.1.1.01.03.001.03 | C34: IMEB | D34: Bonificacion especial de recreación | E34: 1.2.1.0.0 | F34: 4310916 | G34: 0 | H34: 0 | I34: 0 | J34: 0 | K34: 136000 | L34: 0 | M34: 4446916 | N34: 0 | O34: 3137096 | P34: 3137096 | Q34: 0 | R34: 1309820 | S34: 0 | T34: 3137096 | U34: 3137096 | V34: 1309820 | W34: 3137096 | X34: 0 | Y34: 2895945 | Z34: 2895945 | AA34: 241151
B35: 2.1.2 | C35: IMEB | D35: Adquisición de bienes y servicios | F35: 788491311 | G35: 0 | H35: 0 | I35: 0 | J35: 0 | K35: 51000000 | L35: 92943000 | M35: 746548311 | N35: 0 | O35: 6.3162759e+08 | P35: 6.3162759e+08 | Q35: 0 | R35: 1.1492072e+08 | S35: 0 | T35: 6.3162759e+08 | U35: 6.3162759e+08 | V35: 1.1492072e+08 | W35: 6.3162759e+08 | X35: 0 | Y35: 4.6294577e+08 | Z35: 4.6294577e+08 | AA35: 1.6868182e+08
B36: 2.1.2.02 | C36: IMEB | D36: Adquisiciones diferentes de activos | F36: 788491311 | G36: 0 | H36: 0 | I36: 0 | J36: 0 | K36: 51000000 | L36: 92943000 | M36: 746548311 | N36: 0 | O36: 6.3162759e+08 | P36: 6.3162759e+08 | Q36: 0 | R36: 1.1492072e+08 | S36: 0 | T36: 6.3162759e+08 | U36: 6.3162759e+08 | V36: 1.1492072e+08 | W36: 6.3162759e+08 | X36: 0 | Y36: 4.6294577e+08 | Z36: 4.6294577e+08 | AA36: 1.6868182e+08
B37: 2.1.2.02.01 | C37: IMEB | D37: Materiales y suministros | F37: 82118061 | G37: 0 | H37: 0 | I37: 0 | J37: 0 | K37: 15000000 | L37: 0 | M37: 97118061 | N37: 0 | O37: 61280859 | P37: 61280859 | Q37: 0 | R37: 35837202 | S37: 0 | T37: 61280859 | U37: 61280859 | V37: 35837202 | W37: 61280859 | X37: 0 | Y37: 43147619 | Z37: 43147619 | AA37: 18133240
A38: 220017 | B38: 2.1.2.02.01.002 | C38: IMEB | D38: Productos alimenticios, bebidas y tabaco; textiles, prendas de vestir y productos de cuero | E38: 1.2.1.0.0 | F38: 13118061 | G38: 0 | H38: 0 | I38: 0 | J38: 0 | K38: 0 | L38: 0 | M38: 13118061 | N38: 0 | O38: 8305472 | P38: 8305472 | Q38: 0 | R38: 4812589 | S38: 0 | T38: 8305472 | U38: 8305472 | V38: 4812589 | W38: 8305472 | X38: 0 | Y38: 8305472 | Z38: 8305472 | AA38: 0
A39: 220018 | B39: 2.1.2.02.01.003 | C39: IMEB | D39: Otros bienes transportables (excepto productos metálicos, maquinaria y equipo) | E39: 1.2.1.0.0 | F39: 39000000 | G39: 0 | H39: 0 | I39: 0 | J39: 0 | K39: 15000000 | L39: 0 | M39: 54000000 | N39: 0 | O39: 28748266 | P39: 28748266 | Q39: 0 | R39: 25251734 | S39: 0 | T39: 28748266 | U39: 28748266 | V39: 25251734 | W39: 28748266 | X39: 0 | Y39: 10615026 | Z39: 10615026 | AA39: 18133240
A40: 220019 | B40: 2.1.2.02.01.004 | C40: IMEB | D40: Productos metalicos y paquetes de software | E40: 1.2.1.0.0 | F40: 30000000 | G40: 0 | H40: 0 | I40: 0 | J40: 0 | K40: 0 | L40: 0 | M40: 30000000 | N40: 0 | O40: 24227121 | P40: 24227121 | Q40: 0 | R40: 5772879 | S40: 0 | T40: 24227121 | U40: 24227121 | V40: 5772879 | W40: 24227121 | X40: 0 | Y40: 24227121 | Z40: 24227121 | AA40: 0
B41: 2.1.2.02.02 | C41: IMEB | D41: Adquisición de servicios | F41: 706373250 | G41: 0 | H41: 0 | I41: 0 | J41: 0 | K41: 36000000 | L41: 92943000 | M41: 649430250 | N41: 0 | O41: 570346730 | P41: 570346730 | Q41: 0 | R41: 79083520 | S41: 0 | T41: 570346730 | U41: 570346730 | V41: 79083520 | W41: 570346730 | X41: 0 | Y41: 419798151 | Z41: 419798151 | AA41: 150548579
A42: 220020 | B42: 2.1.2.02.02.006 | C42: IMEB | D42: Servicios de alojamiento; servicios de suministro de comidas y bebidas; servicios de transporte; y servicios de distribución de electricidad, gas y agua | E42: 1.2.1.0.0 | F42: 2476902 | G42: 0 | H42: 0 | I42: 0 | J42: 0 | K42: 0 | L42: 0 | M42: 2476902 | N42: 0 | O42: 455893 | P42: 455893 | Q42: 0 | R42: 2021009 | S42: 0 | T42: 455893 | U42: 455893 | V42: 2021009 | W42: 455893 | X42: 0 | Y42: 455893 | Z42: 455893 | AA42: 0
A43: 220021 | B43: 2.1.2.02.02.007 | C43: IMEB | D43: Servicios financieros y servicios conexos, servicios inmobiliarios y servicios de leasing | E43: 1.2.1.0.0 | F43: 357179873 | G43: 0 | H43: 0 | I43: 0 | J43: 0 | K43: 0 | L43: 10000000 | M43: 347179873 | N43: 0 | O43: 315485183 | P43: 315485183 | Q43: 0 | R43: 31694690 | S43: 0 | T43: 315485183 | U43: 315485183 | V43: 31694690 | W43: 315485183 | X43: 0 | Y43: 179547081 | Z43: 179547081 | AA43: 135938102
A44: 220022 | B44: 2.1.2.02.02.008 | C44: IMEB | D44: Servicios prestados a las empresas y servicios de producción | E44: 1.2.1.0.0 | F44: 74316475 | G44: 0 | H44: 0 | I44: 0 | J44: 0 | K44: 26000000 | L44: 0 | M44: 100316475 | N44: 0 | O44: 69310472 | P44: 69310472 | Q44: 0 | R44: 31006003 | S44: 0 | T44: 69310472 | U44: 69310472 | V44: 31006003 | W44: 69310472 | X44: 0 | Y44: 66699995 | Z44: 66699995 | AA44: 2610477
A45: 220023 | B45: 2.1.2.02.02.009 | C45: IMEB | D45: Servicios para la comunidad, sociales y personales | E45: 1.2.1.0.0 | F45: 272400000 | G45: 0 | H45: 0 | I45: 0 | J45: 0 | K45: 0 | L45: 82943000 | M45: 189457000 | N45: 0 | O45: 178838000 | P45: 178838000 | Q45: 0 | R45: 10619000 | S45: 0 | T45: 178838000 | U45: 178838000 | V45: 10619000 | W45: 178838000 | X45: 0 | Y45: 166838000 | Z45: 166838000 | AA45: 12000000
B46: 2.1.3 | C46: IMEB | D46: Transferencias corrientes | F46: 139809600 | G46: 0 | H46: 0 | I46: 0 | J46: 0 | K46: 0 | L46: 0 | M46: 139809600 | N46: 0 | O46: 26396149 | P46: 26396149 | Q46: 0 | R46: 113413451 | S46: 0 | T46: 26396149 | U46: 26396149 | V46: 113413451 | W46: 26396149 | X46: 0 | Y46: 26396149 | Z46: 26396149 | AA46: 0
B47: 2.1.3.13 | C47: IMEB | D47: Sentencias y Conciliaciones | F47: 139809600 | G47: 0 | H47: 0 | I47: 0 | J47: 0 | K47: 0 | L47: 0 | M47: 139809600 | N47: 0 | O47: 26396149 | P47: 26396149 | Q47: 0 | R47: 113413451 | S47: 0 | T47: 26396149 | U47: 26396149 | V47: 113413451 | W47: 26396149 | X47: 0 | Y47: 26396149 | Z47: 26396149 | AA47: 0
B48: 2.1.3.13.01 | C48: IMEB | D48: Fallos nacionales | F48: 139809600 | G48: 0 | H48: 0 | I48: 0 | J48: 0 | K48: 0 | L48: 0 | M48: 139809600 | N48: 0 | O48: 26396149 | P48: 26396149 | Q48: 0 | R48: 113413451 | S48: 0 | T48: 26396149 | U48: 26396149 | V48: 113413451 | W48: 26396149 | X48: 0 | Y48: 26396149 | Z48: 26396149 | AA48: 0
A49: 220024 | B49: 2.1.3.13.01.001 | C49: IMEB | D49: Sentencias | E49: 1.2.1.0.0 | F49: 119809609 | G49: 0 | H49: 0 | I49: 0 | J49: 0 | K49: 0 | L49: 0 | M49: 119809609 | N49: 0 | O49: 26396149 | P49: 26396149 | Q49: 0 | R49: 93413460 | S49: 0 | T49: 26396149 | U49: 26396149 | V49: 93413460 | W49: 26396149 | X49: 0 | Y49: 26396149 | Z49: 26396149 | AA49: 0
A50: 220025 | B50: 2.1.3.13.01.001 | C50: IMEB | D50: Sentencias | E50: 1.3.2.3.05 | F50: 19999991 | G50: 0 | H50: 0 | I50: 0 | J50: 0 | K50: 0 | L50: 0 | M50: 19999991 | N50: 0 | O50: 0 | P50: 0 | Q50: 0 | R50: 19999991 | S50: 0 | T50: 0 | U50: 0 | V50: 19999991 | W50: 0 | X50: 0 | Y50: 0 | Z50: 0 | AA50: 0
B51: 2.1.8 | C51: IMEB | D51: Gastos por tributos, multas, sanciones e intereses de mora | F51: 16000000 | G51: 0 | H51: 0 | I51: 0 | J51: 0 | K51: 5937000 | L51: 0 | M51: 21937000 | N51: 0 | O51: 21936396 | P51: 21936396 | Q51: 0 | R51: 604 | S51: 0 | T51: 21936396 | U51: 21936396 | V51: 604 | W51: 21936396 | X51: 0 | Y51: 21936396 | Z51: 21936396 | AA51: 0
B52: 2.1.8.04 | C52: IMEB | D52: Contribuciones | F52: 16000000 | G52: 0 | H52: 0 | I52: 0 | J52: 0 | K52: 5937000 | L52: 0 | M52: 21937000 | N52: 0 | O52: 21936396 | P52: 21936396 | Q52: 0 | R52: 604 | S52: 0 | T52: 21936396 | U52: 21936396 | V52: 604 | W52: 21936396 | X52: 0 | Y52: 21936396 | Z52: 21936396 | AA52: 0
A53: 220026 | B53: 2.1.8.04.01 | C53: IMEB | D53: Cuota de fiscalización y auditaje | E53: 1.2.1.0.0 | F53: 16000000 | G53: 0 | H53: 0 | I53: 0 | J53: 0 | K53: 5937000 | L53: 0 | M53: 21937000 | N53: 0 | O53: 21936396 | P53: 21936396 | Q53: 0 | R53: 604 | S53: 0 | T53: 21936396 | U53: 21936396 | V53: 604 | W53: 21936396 | X53: 0 | Y53: 21936396 | Z53: 21936396 | AA53: 0
B54: 2.3 | C54: IMEB | D54: Inversión | F54: 2707137572 | G54: 6.7073266e+09 | H54: 0 | I54: 0 | J54: 0 | K54: 694298095 | L54: 694298095 | M54: 9.4144642e+09 | N54: 0 | O54: 6.1133949e+09 | P54: 6.1133949e+09 | Q54: 0 | R54: 3.3010693e+09 | S54: 0 | T54: 6.1133407e+09 | U54: 6.1133407e+09 | V54: 3.3011235e+09 | W54: 6.1133407e+09 | X54: 0 | Y54: 5.9745005e+09 | Z54: 5.9745005e+09 | AA54: 138840167
B55: 2.3.2 | C55: IMEB | D55: Adquisicion de bienes y servicios | F55: 2707137572 | G55: 5.5173266e+09 | H55: 0 | I55: 0 | J55: 0 | K55: 584298095 | L55: 694298095 | M55: 8.1144642e+09 | N55: 0 | O55: 5.0633949e+09 | P55: 5.0633949e+09 | Q55: 0 | R55: 3.0510693e+09 | S55: 0 | T55: 5.0633407e+09 | U55: 5.0633407e+09 | V55: 3.0511235e+09 | W55: 5.0633407e+09 | X55: 0 | Y55: 4.9245005e+09 | Z55: 4.9245005e+09 | AA55: 138840167
B56: 2.3.2.02 | C56: IMEB | D56: Adquisición diferentes de Activos. | F56: 0 | G56: 220300000 | H56: 0 | I56: 0 | J56: 0 | K56: 0 | L56: 0 | M56: 220300000 | N56: 0 | O56: 157579764 | P56: 157579764 | Q56: 0 | R56: 62720236 | S56: 0 | T56: 157579764 | U56: 157579764 | V56: 62720236 | W56: 157579764 | X56: 0 | Y56: 157579764 | Z56: 157579764 | AA56: 0
B57: 2.3.2.02.01 | C57: IMEB | D57: Materiales y Suministros | F57: 0 | G57: 220300000 | H57: 0 | I57: 0 | J57: 0 | K57: 0 | L57: 0 | M57: 220300000 | N57: 0 | O57: 157579764 | P57: 157579764 | Q57: 0 | R57: 62720236 | S57: 0 | T57: 157579764 | U57: 157579764 | V57: 62720236 | W57: 157579764 | X57: 0 | Y57: 157579764 | Z57: 157579764 | AA57: 0
A58: 220079 | B58: 2.3.2.02.01.002 | C58: IMEB | D58: Productos alimenticios, bebidas y tabaco; textiles, prendas de vestir y productos de cuero - COWORKING | E58: RDB | F58: 0 | G58: 150000000 | H58: 0 | I58: 0 | J58: 0 | K58: 0 | L58: 0 | M58: 150000000 | N58: 0 | O58: 149306164 | P58: 149306164 | Q58: 0 | R58: 693836 | S58: 0 | T58: 149306164 | U58: 149306164 | V58: 693836 | W58: 149306164 | X58: 0 | Y58: 149306164 | Z58: 149306164 | AA58: 0
A59: 220080 | B59: 2.3.2.02.01.003 | C59: IMEB | D59: Otros BieneS transportables (excepto productos metálicos, maquinaria y equipo) - CDE | E59: RDB | F59: 0 | G59: 70300000 | H59: 0 | I59: 0 | J59: 0 | K59: 0 | L59: 0 | M59: 70300000 | N59: 0 | O59: 8273600 | P59: 8273600 | Q59: 0 | R59: 62026400 | S59: 0 | T59: 8273600 | U59: 8273600 | V59: 62026400 | W59: 8273600 | X59: 0 | Y59: 8273600 | Z59: 8273600 | AA59: 0
B60: 2.3.2.02.02 | C60: IMEB | D60: Adquisición de servicios | F60: 2707137572 | G60: 5.2970266e+09 | H60: 0 | I60: 0 | J60: 0 | K60: 584298095 | L60: 694298095 | M60: 7.8941642e+09 | N60: 0 | O60: 4.9058151e+09 | P60: 4.9058151e+09 | Q60: 0 | R60: 2.9883491e+09 | S60: 0 | T60: 4.9057609e+09 | U60: 4.9057609e+09 | V60: 2.9884033e+09 | W60: 4.9057609e+09 | X60: 0 | Y60: 4.7669208e+09 | Z60: 4.7669208e+09 | AA60: 138840167
B61: 2.3.2.02.02.006. | C61: IMEB | D61: Servicios de alojamiento; servicios de suministro de comidas y bebidas; servicios de transporte; y servicios de distribución de electricidad, gas y agua | F61: 62800427 | G61: 325000000 | H61: 0 | I61: 0 | J61: 0 | K61: 0 | L61: 23000000 | M61: 364800427 | N61: 0 | O61: 123532410 | P61: 123532410 | Q61: 0 | R61: 241268017 | S61: 0 | T61: 123478210 | U61: 123478210 | V61: 241322217 | W61: 123478210 | X61: 0 | Y61: 122173203 | Z61: 122173203 | AA61: 1305007
A62: 220027 | B62: 2.3.2.02.02.006.01 | C62: IMEB | D62: Servicios de alojamiento; servicios de suministro de comidas y bebidas; servicios de transporte; y servicios de distribución de electricidad, gas y agua-CDE | E62: 1.2.1.0.0 | F62: 62800427 | G62: 150000000 | H62: 0 | I62: 0 | J62: 0 | K62: 0 | L62: 23000000 | M62: 189800427 | N62: 0 | O62: 123532410 | P62: 123532410 | Q62: 0 | R62: 66268017 | S62: 0 | T62: 123478210 | U62: 123478210 | V62: 66322217 | W62: 123478210 | X62: 0 | Y62: 122173203 | Z62: 122173203 | AA62: 1305007
A63: 220083 | B63: 2.3.2.02.02.006.02 | C63: IMEB | D63: Servicios de alojamiento; servicios de suministro de comidas y bebidas; servicios de transporte; y servicios de distribución de electricidad, gas y agua - PROGRESA | E63: 1.2.1.0.0 | F63: 0 | G63: 175000000 | H63: 0 | I63: 0 | J63: 0 | K63: 0 | L63: 0 | M63: 175000000 | N63: 0 | O63: 0 | P63: 0 | Q63: 0 | R63: 175000000 | S63: 0 | T63: 0 | U63: 0 | V63: 175000000 | W63: 0 | X63: 0 | Y63: 0 | Z63: 0 | AA63: 0
B64: 2.3.2.02.02.007. | C64: IMEB | D64: Servicios financieros y servicios conexos, servicios inmobiliarios y servicios de leasing | F64: 331608488 | G64: 1978268750 | H64: 0 | I64: 0 | J64: 0 | K64: 448279948 | L64: 73013147 | M64: 2685144039 | N64: 0 | O64: 884900706 | P64: 884900706 | Q64: 0 | R64: 1800243333 | S64: 0 | T64: 884900706 | U64: 884900706 | V64: 1800243333 | W64: 884900706 | X64: 0 | Y64: 808165535 | Z64: 808165535 | AA64: 76735171
A65: 220028 | B65: 2.3.2.02.02.007.01 | C65: IMEB | D65: Servicios financieros y servicios conexos, servicios inmobiliarios y servicios de leasing-COWORKING | E65: 1.2.1.0.0 | F65: 226483488 | G65: 0 | H65: 0 | I65: 0 | J65: 0 | K65: 0 | L65: 73013147 | M65: 153470341 | N65: 0 | O65: 153470341 | P65: 153470341 | Q65: 0 | R65: 0 | S65: 0 | T65: 153470341 | U65: 153470341 | V65: 0 | W65: 153470341 | X65: 0 | Y65: 76735170 | Z65: 76735170 | AA65: 76735171
A66: 220029 | B66: 2.3.2.02.02.007.02 | C66: IMEB | D66: Servicios financieros y servicios conexos, servicios inmobiliarios y servicios de leasing-CDE | E66: 1.2.1.0.0 | F66: 105125000 | G66: 178268750 | H66: 0 | I66: 0 | J66: 0 | K66: 448279948 | L66: 0 | M66: 731673698 | N66: 0 | O66: 731430365 | P66: 731430365 | Q66: 0 | R66: 243333 | S66: 0 | T66: 731430365 | U66: 731430365 | V66: 243333 | W66: 731430365 | X66: 0 | Y66: 731430365 | Z66: 731430365 | AA66: 0
A67: 220082 | B67: 2.3.2.02.02.007.03 | C67: IMEB | D67: Servicios financieros y servicios conexos, servicios inmobiliarios y servicios de leasing - PROGRESA | E67: 1.2.1.0.0 | F67: 0 | G67: 1800000000 | H67: 0 | I67: 0 | J67: 0 | K67: 0 | L67: 0 | M67: 1800000000 | N67: 0 | O67: 0 | P67: 0 | Q67: 0 | R67: 1800000000 | S67: 0 | T67: 0 | U67: 0 | V67: 1800000000 | W67: 0 | X67: 0 | Y67: 0 | Z67: 0 | AA67: 0
B68: 2.3.2.02.02.008. | C68: IMEB | D68: Servicios restados a las empresas y servicios de producción | F68: 0 | G68: 100000000 | H68: 0 | I68: 0 | J68: 0 | K68: 0 | L68: 0 | M68: 100000000 | N68: 0 | O68: 0 | P68: 0 | Q68: 0 | R68: 100000000 | S68: 0 | T68: 0 | U68: 0 | V68: 100000000 | W68: 0 | X68: 0 | Y68: 0 | Z68: 0 | AA68: 0
A69: 220084 | B69: 2.3.2.02.02.008.01 | C69: IMEB | D69: Ss. prestados a las empr. y ss. de Prod. - BGA PROGRESA | E69: APM | F69: 0 | G69: 100000000 | H69: 0 | I69: 0 | J69: 0 | K69: 0 | L69: 0 | M69: 100000000 | N69: 0 | O69: 0 | P69: 0 | Q69: 0 | R69: 100000000 | S69: 0 | T69: 0 | U69: 0 | V69: 100000000 | W69: 0 | X69: 0 | Y69: 0 | Z69: 0 | AA69: 0
B70: 2.3.2.02.02.009 | C70: IMEB | D70: Servicios para la comunidad, sociales y personales | F70: 2312728657 | G70: 2.8937579e+09 | H70: 0 | I70: 0 | J70: 0 | K70: 136018147 | L70: 598284948 | M70: 4.7442197e+09 | N70: 0 | O70: 3.897382e+09 | P70: 3.897382e+09 | Q70: 0 | R70: 8.468377e+08 | S70: 0 | T70: 3.897382e+09 | U70: 3.897382e+09 | V70: 8.468377e+08 | W70: 3.897382e+09 | X70: 0 | Y70: 3.836582e+09 | Z70: 3.836582e+09 | AA70: 60799989
A71: 220030 | B71: 2.3.2.02.02.009.01 | C71: IMEB | D71: Servicios para la comunidad, sociales y personales-BANCA | E71: 1.3.2.3.05 | F71: 10000009 | G71: 0 | H71: 0 | I71: 0 | J71: 0 | K71: 0 | L71: 0 | M71: 10000009 | N71: 0 | O71: 10000000 | P71: 10000000 | Q71: 0 | R71: 9 | S71: 0 | T71: 10000000 | U71: 10000000 | V71: 9 | W71: 10000000 | X71: 0 | Y71: 10000000 | Z71: 10000000 | AA71: 0
A72: 220031 | B72: 2.3.2.02.02.009.02 | C72: IMEB | D72: Servicios para la comunidad, sociales y personales-BANCA | E72: 1.2.1.0.0 | F72: 20916668 | G72: 129083323 | H72: 0 | I72: 0 | J72: 0 | K72: 0 | L72: 0 | M72: 149999991 | N72: 0 | O72: 118043333 | P72: 118043333 | Q72: 0 | R72: 31956658 | S72: 0 | T72: 118043333 | U72: 118043333 | V72: 31956658 | W72: 118043333 | X72: 0 | Y72: 118043333 | Z72: 118043333 | AA72: 0
A73: 220032 | B73: 2.3.2.02.02.009.03 | C73: IMEB | D73: Servicios para la comunidad, sociales y personales- CDE | E73: 1.2.1.0.0 | F73: 1382074573 | G73: 709978630 | H73: 0 | I73: 0 | J73: 0 | K73: 0 | L73: 468284948 | M73: 1623768255 | N73: 0 | O73: 1.5312761e+09 | P73: 1.5312761e+09 | Q73: 0 | R73: 92492199 | S73: 0 | T73: 1.5312761e+09 | U73: 1.5312761e+09 | V73: 92492199 | W73: 1.5312761e+09 | X73: 0 | Y73: 1.4852986e+09 | Z73: 1.4852986e+09 | AA73: 45977489
A74: 220033 | B74: 2.3.2.02.02.009.04 | C74: IMEB | D74: Servicios para la comunidad, sociales y personales -EMPLEO | E74: 1.2.1.0.0 | F74: 312133332 | G74: 510999995 | H74: 0 | I74: 0 | J74: 0 | K74: 0 | L74: 0 | M74: 823133327 | N74: 0 | O74: 800948141 | P74: 800948141 | Q74: 0 | R74: 22185186 | S74: 0 | T74: 800948141 | U74: 800948141 | V74: 22185186 | W74: 800948141 | X74: 0 | Y74: 799600641 | Z74: 799600641 | AA74: 1347500
A75: 220034 | B75: 2.3.2.02.02.009.05 | C75: IMEB | D75: Servicios para la comunidad, sociales y personales-COWORKING | E75: 1.2.1.0.0 | F75: 203516512 | G75: 493333488 | H75: 0 | I75: 0 | J75: 0 | K75: 73013147 | L75: 130000000 | M75: 639863147 | N75: 0 | O75: 627457000 | P75: 627457000 | Q75: 0 | R75: 12406147 | S75: 0 | T75: 627457000 | U75: 627457000 | V75: 12406147 | W75: 627457000 | X75: 0 | Y75: 619815333 | Z75: 619815333 | AA75: 7641667
A76: 220035 | B76: 2.3.2.02.02.009.06 | C76: IMEB | D76: Servicios para la comunidad, sociales y personales-FORTALECIMIENTO | E76: 1.2.1.0.0 | F76: 384087563 | G76: 3.7536244e+08 | H76: 0 | I76: 0 | J76: 0 | K76: 63005000 | L76: 0 | M76: 8.22455e+08 | N76: 0 | O76: 809657497 | P76: 809657497 | Q76: 0 | R76: 12797503 | S76: 0 | T76: 809657497 | U76: 809657497 | V76: 12797503 | W76: 809657497 | X76: 0 | Y76: 803824164 | Z76: 803824164 | AA76: 5833333
A77: 220085 | B77: 2.3.2.02.02.009.07 | C77: IMEB | D77: Ss. para la comunidad, soc. y pers.- BGA PROGRESA | E77: APM | F77: 0 | G77: 675000000 | H77: 0 | I77: 0 | J77: 0 | K77: 0 | L77: 0 | M77: 675000000 | N77: 0 | O77: 0 | P77: 0 | Q77: 0 | R77: 675000000 | S77: 0 | T77: 0 | U77: 0 | V77: 675000000 | W77: 0 | X77: 0 | Y77: 0 | Z77: 0 | AA77: 0
B78: 2.3.6 | C78: IMEB | D78: Adquisicion de Activos Financieros | F78: 0 | G78: 1190000000 | H78: 0 | I78: 0 | J78: 0 | K78: 110000000 | L78: 0 | M78: 1300000000 | N78: 0 | O78: 1050000000 | P78: 1050000000 | Q78: 0 | R78: 250000000 | S78: 0 | T78: 1050000000 | U78: 1050000000 | V78: 250000000 | W78: 1050000000 | X78: 0 | Y78: 1050000000 | Z78: 1050000000 | AA78: 0
B79: 2.3.6.01 | C79: IMEB | D79: Concesión de Prestamos | F79: 0 | G79: 1190000000 | H79: 0 | I79: 0 | J79: 0 | K79: 110000000 | L79: 0 | M79: 1300000000 | N79: 0 | O79: 1050000000 | P79: 1050000000 | Q79: 0 | R79: 250000000 | S79: 0 | T79: 1050000000 | U79: 1050000000 | V79: 250000000 | W79: 1050000000 | X79: 0 | Y79: 1050000000 | Z79: 1050000000 | AA79: 0
B80: 2.3.6.01.04 | C80: IMEB | D80: A Personas Naturales | F80: 0 | G80: 1190000000 | H80: 0 | I80: 0 | J80: 0 | K80: 110000000 | L80: 0 | M80: 1300000000 | N80: 0 | O80: 1050000000 | P80: 1050000000 | Q80: 0 | R80: 250000000 | S80: 0 | T80: 1050000000 | U80: 1050000000 | V80: 250000000 | W80: 1050000000 | X80: 0 | Y80: 1050000000 | Z80: 1050000000 | AA80: 0
B81: 2.3.6.01.04.003. | C81: IMEB | D81: Fondo de Prestamos Banca | F81: 0 | G81: 1190000000 | H81: 0 | I81: 0 | J81: 0 | K81: 110000000 | L81: 0 | M81: 1300000000 | N81: 0 | O81: 1050000000 | P81: 1050000000 | Q81: 0 | R81: 250000000 | S81: 0 | T81: 1050000000 | U81: 1050000000 | V81: 250000000 | W81: 1050000000 | X81: 0 | Y81: 1050000000 | Z81: 1050000000 | AA81: 0
A82: 220081 | B82: 2.3.6.01.04.003.01 | C82: IMEB | D82: Fondo de Prestamos Banca | E82: RDB | F82: 0 | G82: 940000000 | H82: 0 | I82: 0 | J82: 0 | K82: 110000000 | L82: 0 | M82: 1050000000 | N82: 0 | O82: 1050000000 | P82: 1050000000 | Q82: 0 | R82: 0 | S82: 0 | T82: 1050000000 | U82: 1050000000 | V82: 0 | W82: 1050000000 | X82: 0 | Y82: 1050000000 | Z82: 1050000000 | AA82: 0
A83: 220087 | B83: 2.3.6.01.04.003.02 | C83: IMEB | D83: Fondo Prestamos Banca - BGA PROGRESA | E83: APM | F83: 0 | G83: 250000000 | H83: 0 | I83: 0 | J83: 0 | K83: 0 | L83: 0 | M83: 250000000 | N83: 0 | O83: 0 | P83: 0 | Q83: 0 | R83: 250000000 | S83: 0 | T83: 0 | U83: 0 | V83: 250000000 | W83: 0 | X83: 0 | Y83: 0 | Z83: 0 | AA83: 0
B85: CDE | K85: =+K67+K75+K77+K80 -> 183013147 | L85: =+L68+L75+L77+L80 -> 130000000 | M85: =M59+M62+M66+M73 -> 2615542380 | U85: =U59+U62+U66+U73 -> 2.3944582e+09 | V85: =+V68+V75+V77+V80 -> 1037406147 | W85: =+W68+W75+W77+W80 -> 1677457000 | X85: =+X67+X75+X77+X80 -> 0 | Z85: =Z59+Z62+Z66+Z73 -> 2.3471757e+09
B86: BANCA | K86: =+K73+K78+K79 -> 220000000 | L86: =+L73+L78+L79 -> 468284948 | M86: =M71+M72+M82 -> 1210000000 | U86: =U71+U72+U82 -> 1178043333 | V86: =+V73+V78+V79 -> 5.924922e+08 | W86: =+W73+W78+W79 -> 3.6312761e+09 | X86: =+X73+X78+X79 -> 0 | Z86: =Z71+Z72+Z82 -> 1178043333
B87: COWORKING | K87: =+K66+K76+K82 -> 621284948 | L87: =+L67+L76+L82 -> 0 | M87: =M58+M65+M75 -> 943333488 | U87: =U58+U65+U75 -> 930233505 | V87: =+V67+V76+V82 -> 1.8127975e+09 | W87: =+W67+W76+W82 -> 1859657497 | X87: =+X66+X76+X82 -> 0 | Z87: =Z58+Z65+Z75 -> 845856667
B88: EMPLEO | K88: =+K81 -> 110000000 | L88: =+L81 -> 0 | M88: =M74 -> 823133327 | U88: =U74 -> 800948141 | V88: =+V81 -> 250000000 | W88: =+W81 -> 1050000000 | X88: =+X81 -> 0 | Z88: =Z74 -> 799600641
B89: FORTALECIMIENTO | K89: =+K83 -> 0 | L89: =+L83 -> 0 | M89: =M76 -> 8.22455e+08 | U89: =U76 -> 809657497 | V89: =+V83 -> 250000000 | W89: =+W83 -> 0 | X89: =+X83 -> 0 | Z89: =Z76 -> 803824164
K91: =SUM(K85:K89) -> 1134298095 | L91: =SUM(L85:L89) -> 598284948 | M91: =SUM(M85:M89) -> 6.4144642e+09 | N91: =SUM(N85:N89) -> 0 | O91: =SUM(O85:O89) -> 0 | P91: =SUM(P85:P89) -> 0 | Q91: =SUM(Q85:Q89) -> 0 | R91: =SUM(R85:R89) -> 0 | S91: =SUM(S85:S89) -> 0 | U91: =U85+U86+U87+U88+U89 -> 6.1133407e+09 | X91: =S91/K91 -> 0 | Z91: =U91/M91 -> 0.95305555

Sheet PA 2023
A1: PLAN DE ACCIÓN - PLAN DE DESARROLLO MUNICIPAL INSTITUTO MUNICIPAL DE EMPLEO Y FOMENTO EMPRESARIAL DE BUCARAMANGA - IMEBU | AP1: Código: F-DPM-1210-238,37-030
AP2: Versión: 1.0
AP3: Fecha aprobación: Marzo-06-2023
AP4: Página: 1 de 1
A5: FECHA DE SUSCRIPCIÓN: | D5: 44992
A6: FECHA DE CORTE: | D6: 44985
B7: PDM 2020-2023 | G7: PROYECTOS DE INVERSIÓN | L7: CUMPLIMIENTO DE META | P7: RECURSOS PROGRAMADOS | W7: RECURSOS APROPIADOS | AC7: RECURSOS COMPROMETIDOS | AI7: RECURSOS OBLIGADOS | AO7: EJECUCIÓN PPTAL | AP7: RECURSOS GESTIONADOS | AQ7: RESPONSABLES
A8: No. | B8: Línea estratégica | C8: Componente | D8: Programa | E8: Meta PDM | F8: Indicador de producto | G8: Código BPIN | H8: Nombre del Proyecto | I8: Actividades | J8: Fecha inicio | K8: Fecha de terminación | L8: Meta programada | M8: Meta ejecutada | N8: PESO | O8: AVANCE | P8: Rubro | Q8: RECURSOS PROPIOS MUNICIPIO | R8: SGP | S8: SGR | T8: RECURSOS PROPIOS INSTITUTOS | U8: OTROS | V8: TOTAL PROGRAMADO | W8: RECURSOS PROPIOS MUNICIPIO | X8: SGP | Y8: SGR | Z8: RECURSOS PROPIOS INSTITUTOS | AA8: OTROS | AB8: TOTAL APROPIADO | AC8: RECURSOS PROPIOS MUNICIPIO | AD8: SGP | AE8: SGR | AF8: RECURSOS PROPIOS INSTITUTOS | AG8: OTROS | AH8: TOTAL COMPROMETIDO | AI8: RECURSOS PROPIOS MUNICIPIO | AJ8: SGP | AK8: SGR | AL8: RECURSOS PROPIOS INSTITUTOS | AM8: OTROS | AN8: TOTAL OBLIGADO | AQ8: Dependencia | AR8: Responsable
A9: 180 | B9: BUCARAMANGA PRODUCTIVA Y COMPETITIVA: EMPRESAS INNOVADORAS, RESPONSABLES Y CONSCIENTES | C9: Emprendimiento, Innovación, Formalización Y Dinamización Empresarial | D9: Emprendimiento E Innovación | E9: Fortalecer a 5.000 empresas, emprendimientos y/o unidades productivas, a través de la implementación de un programa de incubación y aceleración de emprendimientos innovadores articulados con el ecosistema de emprendimiento, que caracterice las capacidades tecnológicas instaladas (duras y blandas) con enfoque diferencial. | F9: Número de empresas, emprendimientos y/o unidades productivas fortalecidas a través de la implementación de un programa de incubación y aceleración de emprendimientos innovadores articulados con el ecosistema de emprendimiento, que caracterice las capacidades tecnológicas instaladas (duras y blandas) con enfoque diferencial. | G9: 2020680010157 | H9: FORTALECIMIENTO DEL COWORKING COMO ESTRATEGIA PARA EL EMPRENDIMIENTO, INNOVACIÓN, DINAMIZACIÓN Y ACELERACIÓN EMPRESARIAL EN EL MUNICIPIO DE BUCARAMANGA | I9: Asesorar técnicamente a emprendedores y/o empresarios en etapa de aceleración en programas de formación empresarial. Realizar adecuaciones en espacio para prestación de servicios de consultoria a emprendedores y/o empresarios en etapa de aceleración y Coworking. | J9: 44939 | K9: 45291 | L9: 3100 | M9: =+SUM('Resultado por Estrategias'!C3:C9) -> 87 | N9: =IFERROR(AN9/$AN$21,"-") -> 0.16444369 | O9: =IFERROR(IF(M9/L9>1,(1*N9),((M9/L9)*N9)),"-") -> 0.0046150327 | P9: 2.3.2.02.02.007.01 2.3.2.02.02.009.05 | Q9: =Gastos_Febrero!$M$82 -> 695900000 | V9: =SUM(Q9:U9) -> 695900000 | W9: =SUMIF(Contratación!$A$2:$A$289,"180",Contratación!$L$2:$L$289) -> 563825000 | AB9: =SUM(W9:AA9) -> 563825000 | AC9: =SUMIF(Contratación!$A$2:$A$289,"180",Contratación!$M$2:$M$289) -> 563825000 | AH9: =SUM(AC9:AG9) -> 563825000 | AI9: =SUMIF(Contratación!$A$2:$A$289,"180",Contratación!$N$2:$N$289) -> 4870000 | AN9: =SUM(AI9:AM9) -> 4870000 | AO9: =IFERROR(AN9/AB9,"-") -> 0.0086374318 | AQ9: IMEBU | AR9: Luis Gonzalo Gómez Guerrero
A10: 182 | B10: BUCARAMANGA PRODUCTIVA Y COMPETITIVA: EMPRESAS INNOVADORAS, RESPONSABLES Y CONSCIENTES | C10: Emprendimiento, Innovación, Formalización Y Dinamización Empresarial | D10: Centros De Desarrollo Empresarial | E10: Implementar 1 programa de desarrollo empresarial y de empleabilidad para las micro y pequeñas empresas (incluyendo unidades productivas). | F10: Número de programas de desarrollo empresariales y de empleabilidad implementados para las micro y pequeñas empresas (incluyendo unidades productivas). | G10: 2020680010074 | H10: FORTALECIMIENTO DEL CENTRO DE DESARROLLO EMPRESARIAL Y DE EMPLEABILIDAD EN EL MUNICIPIO DE BUCARAMANGA | I10: Asesorar a emprendedores y empresarios en programas de formación empresarial (Modelo de Negocios y diseño Planes de Mejora). Implementar Estrategia comunitaria para el emprendimiento y el desarrollo empresarial. Formulación de la estrategia de reactivación y sostenimiento de la economía. Brindar acompañamiento a los proyectos productivos de la población victima. | J10: 44944 | K10: 45291 | L10: 1 | M10: 1 | N10: =IFERROR(AN10/$AN$21,"-") -> 0 | O10: =IFERROR(IF(M10/L10>1,(1*N10),((M10/L10)*N10)),"-") -> 0 | P10: 2.3.2.02.02.007.02 | Q10: =Gastos_Febrero!$M$80*'% METAS CDE'!F4 -> 6.4044798e+08 | V10: =SUM(Q10:U10) -> 6.4044798e+08 | W10: =SUMIF(Contratación!$A$2:$A$289,"182",Contratación!$L$2:$L$289) -> 499013636 | AB10: =SUM(W10:AA10) -> 499013636 | AC10: =SUMIF(Contratación!$A$2:$A$289,"182",Contratación!$M$2:$M$289) -> 499013636 | AH10: =SUM(AC10:AG10) -> 499013636 | AI10: =SUMIF(Contratación!$A$2:$A$289,"182",Contratación!$N$2:$N$289) -> 0 | AN10: =SUM(AI10:AM10) -> 0 | AO10: =IFERROR(AN10/AB10,"-") -> 0 | AQ10: IMEBU | AR10: Luis Gonzalo Gómez Guerrero
A11: 183 | B11: BUCARAMANGA PRODUCTIVA Y COMPETITIVA: EMPRESAS INNOVADORAS, RESPONSABLES Y CONSCIENTES | C11: Emprendimiento, Innovación, Formalización Y Dinamización Empresarial | D11: Centros De Desarrollo Empresarial | E11: Desarrollar el modelo CDE virtual para que amplíen la cobertura en la ciudad. | F11: Porcentaje de avance en el desarrollo del modelo CDE virtual para que amplíen la cobertura en la ciudad. | G11: 2020680010074 | H11: FORTALECIMIENTO DEL CENTRO DE DESARROLLO EMPRESARIAL Y DE EMPLEABILIDAD EN EL MUNICIPIO DE BUCARAMANGA | I11: Asesorar a emprendedores y empresarios en programas de formación empresarial (Modelo de Negocios y diseño Planes de Mejora). Implementar Estrategia comunitaria para el emprendimiento y el desarrollo empresarial. Formulación de la estrategia de reactivación y sostenimiento de la economía. | J11: 44944 | K11: 45291 | L11: 0.3 | M11: ='Resultado por Estrategias'!C17 -> 0 | N11: =IFERROR(AN11/$AN$21,"-") -> 0 | O11: =IFERROR(IF(M11/L11>1,(1*N11),((M11/L11)*N11)),"-") -> 0 | P11: 2.3.2.02.02.009.03 | Q11: =Gastos_Febrero!$M$80*'% METAS CDE'!F5 -> 31443982 | V11: =SUM(Q11:U11) -> 31443982 | W11: =SUMIF(Contratación!$A$2:$A$289,"183",Contratación!$L$2:$L$289) -> 24500000 | AB11: =SUM(W11:AA11) -> 24500000 | AC11: =SUMIF(Contratación!$A$2:$A$289,"183",Contratación!$M$2:$M$289) -> 24500000 | AH11: =SUM(AC11:AG11) -> 24500000 | AI11: =SUMIF(Contratación!$A$2:$A$289,"183",Contratación!$N$2:$N$289) -> 0 | AN11: =SUM(AI11:AM11) -> 0 | AO11: =IFERROR(AN11/AB11,"-") -> 0 | AQ11: IMEBU | AR11: Luis Gonzalo Gómez Guerrero
A12: 184 | B12: BUCARAMANGA PRODUCTIVA Y COMPETITIVA: EMPRESAS INNOVADORAS, RESPONSABLES Y CONSCIENTES | C12: Emprendimiento, Innovación, Formalización Y Dinamización Empresarial | D12: Centros De Desarrollo Empresarial | E12: Formar a 7.000 emprendedores a través de un programa de formación teórica, empresarial y/o artesanal con enfoque diferencial para emprendimientos artísticos, culturales, creativos, negocios verdes, microempresarios y/o unidades productivas urbanas y rurales. | F12: Número de emprendedores formados a través de un programa de formación teórica, empresarial y/o artesanal con enfoque diferencial para emprendimientos artísticos, culturales, creativos, negocios verdes, microempresarios y/o unidades productivas urbanas y rurales. | G12: 2020680010074 | H12: FORTALECIMIENTO DEL CENTRO DE DESARROLLO EMPRESARIAL Y DE EMPLEABILIDAD EN EL MUNICIPIO DE BUCARAMANGA | I12: Asesorar a emprendedores y empresarios en programas de formación empresarial (Modelo de Negocios y diseño Planes de Mejora). Implementar Estrategia comunitaria para el emprendimiento y el desarrollo empresarial. Formulación de la estrategia de reactivación y sostenimiento de la economía. | J12: 44944 | K12: 45291 | L12: 0 | M12: =+SUM('Resultado por Estrategias'!C10:C15) -> 170 | N12: =IFERROR(AN12/$AN$21,"-") -> 0.25857528 | O12: =IFERROR(IF(M12/L12>1,(1*N12),((M12/L12)*N12)),"-") -> - | P12: 2.3.2.02.02.006.01 2.3.2.02.02.007.02 2.3.2.02.02.009.03 | Q12: =Gastos_Febrero!$M$80*'% METAS CDE'!F6 -> 8.1538159e+08 | V12: =SUM(Q12:U12) -> 8.1538159e+08 | W12: =SUMIF(Contratación!$A$2:$A$289,"184",Contratación!$L$2:$L$289) -> 635315500 | AB12: =SUM(W12:AA12) -> 635315500 | AC12: =SUMIF(Contratación!$A$2:$A$289,"184",Contratación!$M$2:$M$289) -> 505071750 | AH12: =SUM(AC12:AG12) -> 505071750 | AI12: =SUMIF(Contratación!$A$2:$A$289,"184",Contratación!$N$2:$N$289) -> 7657707 | AN12: =SUM(AI12:AM12) -> 7657707 | AO12: =IFERROR(AN12/AB12,"-") -> 0.012053392 | AQ12: IMEBU | AR12: Luis Gonzalo Gómez Guerrero
A13: 185 | B13: BUCARAMANGA PRODUCTIVA Y COMPETITIVA: EMPRESAS INNOVADORAS, RESPONSABLES Y CONSCIENTES | C13: Emprendimiento, Innovación, Formalización Y Dinamización Empresarial | D13: Centros De Desarrollo Empresarial | E13: Implementar en 4.000 mipymes planes estratégicos orientados a innovar y/o incorporación tecnológica en áreas empresariales estratégicas con apoyo de Universidades y actores económicos clave. | F13: Número de mipymes con planes estratégicos implementados orientados a innovar y/o incorporación tecnológica en áreas empresariales estratégicas con apoyo de Universidades y actores económicos clave. | G13: 2020680010074 | H13: FORTALECIMIENTO DEL CENTRO DE DESARROLLO EMPRESARIAL Y DE EMPLEABILIDAD EN EL MUNICIPIO DE BUCARAMANGA | I13: Identificar habilidades y destrezas de emprendedores, empresarios y ciudadanos para orientarlos hacia el emprendimiento o la empleabilidad. | J13: 44944 | K13: 45291 | L13: 2400 | M13: =+'Resultado por Estrategias'!C16 -> 0 | N13: =IFERROR(AN13/$AN$21,"-") -> 0 | O13: =IFERROR(IF(M13/L13>1,(1*N13),((M13/L13)*N13)),"-") -> 0 | P13: 2.3.2.02.02.007.02 2.3.2.02.02.009.03 | Q13: =Gastos_Febrero!$M$80*'% METAS CDE'!F7 -> 1.6715845e+08 | V13: =SUM(Q13:U13) -> 1.6715845e+08 | W13: =SUMIF(Contratación!$A$2:$A$289,"185",Contratación!$L$2:$L$289) -> 130243750 | AB13: =SUM(W13:AA13) -> 130243750 | AC13: =SUMIF(Contratación!$A$2:$A$289,"185",Contratación!$M$2:$M$289) -> 0 | AH13: =SUM(AC13:AG13) -> 0 | AI13: =SUMIF(Contratación!$A$2:$A$289,"185",Contratación!$M$2:$N$289) -> 0 | AN13: =SUM(AI13:AM13) -> 0 | AO13: =IFERROR(AN13/AB13,"-") -> 0 | AQ13: IMEBU | AR13: Luis Gonzalo Gómez Guerrero
A14: 186 | B14: BUCARAMANGA PRODUCTIVA Y COMPETITIVA: EMPRESAS INNOVADORAS, RESPONSABLES Y CONSCIENTES | C14: Emprendimiento, Innovación, Formalización Y Dinamización Empresarial | D14: Banca Ciudadana | E14: Intervenir a 4.000 empresas y/o emprendimientos mediante apalancamiento financiero orientado a realizar inversión en innovación y/o tecnología en la zona rural y urbana con enfoque diferencial. | F14: Número de empresas y/o emprendimientos intervenidos mediante apalancamiento financiero orientado a realizar inversión en innovación y/o tecnología en la zona rural y urbana con enfoque diferencial. | G14: 2020680010084 | H14: APOYO DEL FONDO DE FOMENTO Y CRÉDITO DE APOYO DEL IMEBU, PROGRAMA BANCA CIUDADANA EN EL MUNICIPIO DE BUCARAMANGA | I14: Otorgar créditos para el emprendimiento y/o fortalecimiento financiero de empresas orientados a capital de trabajo, nómina y/o activos fijos. Realizar acompañamiento técnico y visitas pos crédito a los emprendimientos y/o empresas apoyadas. | J14: 44939 | K14: 45291 | L14: 2569 | M14: =+'Resultado por Estrategias'!C19 -> 152 | N14: =IFERROR(AN14/$AN$21,"-") -> 0 | O14: =IFERROR(IF(M14/L14>1,(1*N14),((M14/L14)*N14)),"-") -> 0 | P14: 2.3.2.02.02.009.01 2.3.2.02.02.009.02 | Q14: =6000000/2 -> 3000000 | T14: =4000000/2 -> 2000000 | V14: =SUM(Q14:U15) -> 617180000 | W14: 0 | AB14: =SUM(W14:AA15) -> 85900000 | AC14: 0 | AH14: =SUM(AC14:AG15) -> 85900000 | AI14: 0 | AN14: =SUM(AI14:AM15) -> 0 | AO14: - | AQ14: IMEBU | AR14: Luis Gonzalo Gómez Guerrero
G15: 2022680010037 | H15: APOYO A LAS LÍNEAS DE CRÉDITO CONDONABLE Y NO CONDONABLE DEL FONDO DE FOMENTO Y CRÉDITO DEL IMEBU PROGRAMA BANCA CIUDADANA EN EL MUNICIPIO DE BUCARAMANGA | I15: Otorgar créditos no condonables para el fortalecimiento financiero de empresas y/o emprendimientos Otorgar créditos condonables para el fortalecimiento financiero de proyectos productivos, empresas y/o emprendimientos de población vulnerable | J15: 44949 | K15: 45291 | O15: =IFERROR(IF(M15/L15>1,(1*N15),((M15/L15)*N15)),"-") -> - | P15: 2.3.2.02.02.009.01 2.3.2.02.02.009.02 | Q15: =1224360000/2 -> 612180000 | W15: =SUMIF(Contratación!$A$2:$A$289,"186",Contratación!$L$2:$L$289) -> 85900000 | AC15: =SUMIF(Contratación!$A$2:$A$289,"186",Contratación!$M$2:$M$289) -> 85900000 | AI15: =SUMIF(Contratación!$A$2:$A$289,"186",Contratación!$N$2:$N$289) -> 0
A16: 187 | B16: BUCARAMANGA PRODUCTIVA Y COMPETITIVA: EMPRESAS INNOVADORAS, RESPONSABLES Y CONSCIENTES | C16: Emprendimiento, Innovación, Formalización Y Dinamización Empresarial | D16: Banca Ciudadana | E16: Otorgar 6.000 créditos a emprendimientos y mipymes de orientados a capital de trabajo o destinos de inversión diferente a innovación y/o tecnología en zonas urbanas y rurales. | F16: Número de créditos otorgados a emprendimientos y mipymes de orientados a capital de trabajo o destinos de inversión diferente a innovación y/o tecnología en zonas urbanas y rurales. | G16: 2022680010037 | H16: APOYO A LAS LÍNEAS DE CRÉDITO CONDONABLE Y NO CONDONABLE DEL FONDO DE FOMENTO Y CRÉDITO DEL IMEBU PROGRAMA BANCA CIUDADANA EN EL MUNICIPIO DE BUCARAMANGA | I16: Otorgar créditos no condonables para el fortalecimiento financiero de empresas y/o emprendimientos Otorgar créditos condonables para el fortalecimiento financiero de proyectos productivos, empresas y/o emprendimientos de población vulnerable | J16: 44949 | K16: 45291 | L16: 1263 | M16: =+'Resultado por Estrategias'!C20 -> 220 | N16: =IFERROR(AN16/$AN$21,"-") -> 0 | O16: =IFERROR(IF(M16/L16>1,(1*N16),((M16/L16)*N16)),"-") -> 0 | P16: 2.3.2.02.02.009.01 2.3.2.02.02.009.02 | Q16: =1224360000/2 -> 612180000 | V16: =SUM(Q16:U17) -> 617180000 | W16: =SUMIF(Contratación!$A$2:$A$289,"187",Contratación!$L$2:$L$289) -> 85900000 | AB16: =SUM(W16:AA16) -> 85900000 | AC16: =SUMIF(Contratación!$A$2:$A$289,"187",Contratación!$M$2:$M$289) -> 85900000 | AH16: =SUM(AC16:AG17) -> 85900000 | AI16: =SUMIF(Contratación!$A$2:$A$289,"187",Contratación!$N$2:$N$289) -> 0 | AN16: =SUM(AI16:AM17) -> 0 | AO16: - | AQ16: IMEBU | AR16: Luis Gonzalo Gómez Guerrero
G17: 2020680010084 | H17: APOYO DEL FONDO DE FOMENTO Y CRÉDITO DE APOYO DEL IMEBU, PROGRAMA BANCA CIUDADANA EN EL MUNICIPIO DE BUCARAMANGA | I17: Otorgar créditos para el emprendimiento y/o fortalecimiento financiero de empresas orientados a capital de trabajo, nómina y/o activos fijos. Realizar acompañamiento técnico y visitas pos crédito a los emprendimientos y/o empresas apoyadas. | J17: 44939 | K17: 45291 | O17: =IFERROR(IF(M17/L17>1,(1*N17),((M17/L17)*N17)),"-") -> - | P17: 2.3.2.02.02.009.01 2.3.2.02.02.009.02 | Q17: =6000000/2 -> 3000000 | T17: =4000000/2 -> 2000000 | W17: 0 | AC17: 0 | AI17: 0
A18: 188 | B18: BUCARAMANGA PRODUCTIVA Y COMPETITIVA: EMPRESAS INNOVADORAS, RESPONSABLES Y CONSCIENTES | C18: Empleabilidad, Empleo Y Trabajo Decente | D18: Empleo Y Empleabilidad | E18: Registrar 5.000 hojas de vida para facilitar el proceso de inserción en el mercado laboral identificando habilidades, destrezas y que competencias para el trabajo. | F18: Número de hojas de vida registradas para facilitar el proceso de inserción en el mercado laboral identificando habilidades, destrezas y que competencias para el trabajo. | G18: 2022680010086 | H18: FORTALECIMIENTO DE LA OFICINA DE FOMENTO A LA EMPLEABILIDAD, EL EMPLEO Y EL TRABAJO DECENTE EN EL MUNICIPIO DE BUCARAMANGA | I18: Brindar formación en competencias personales y/o técnicas para el trabajo Realizar intermediación laboral entre oferentes de trabajo y buscadores de empleo. Ofrecer acompañamiento a las empresas en la estructuración y selección de perfiles adecuados a sus requerimientos. Formular la política pública de empleo y trabajo decente de la ciudad. Garantizar la operatividad y continuidad del programa de empleo y la oficina de empleabilidad del Instituto Municipal de Empleo y fomento empresarial - IMEBU. | J18: 44942 | K18: 45291 | L18: 0 | M18: =+'Resultado por Estrategias'!C21 -> 551 | N18: =IFERROR(AN18/$AN$21,"-") -> 0.10335931 | O18: =IFERROR(IF(M18/L18>1,(1*N18),((M18/L18)*N18)),"-") -> - | P18: 2.3.2.02.02.009.04 | Q18: =Gastos_Enero!$M$83/3 -> 79590000 | V18: =SUM(Q18:U18) -> 79590000 | W18: =SUMIF(Contratación!$A$2:$A$289,"188",Contratación!$L$2:$L$289) -> 73203333 | AB18: =SUM(W18:AA18) -> 73203333 | AC18: =SUMIF(Contratación!$A$2:$A$289,"188",Contratación!$M$2:$M$289) -> 73203333 | AH18: =SUM(AC18:AG18) -> 73203333 | AI18: =SUMIF(Contratación!$A$2:$A$289,"188",Contratación!$N$2:$N$289) -> 3060986 | AN18: =SUM(AI18:AM18) -> 3060986 | AO18: =IFERROR(AN18/AB18,"-") -> 0.041814844 | AQ18: IMEBU | AR18: Luis Gonzalo Gómez Guerrero
A19: 189 | B19: BUCARAMANGA PRODUCTIVA Y COMPETITIVA: EMPRESAS INNOVADORAS, RESPONSABLES Y CONSCIENTES | C19: Empleabilidad, Empleo Y Trabajo Decente | D19: Empleo Y Empleabilidad | E19: Formar 3.000 jóvenes y adultos en competencias personales y/o técnicas para el trabajo con el fin de facilitar su inserción en el mercado laboral. | F19: Número de jóvenes y adultos formados en competencias personales y/o técnicas para el trabajo con el fin de facilitar su inserción en el mercado laboral. | G19: 2022680010086 | H19: FORTALECIMIENTO DE LA OFICINA DE FOMENTO A LA EMPLEABILIDAD, EL EMPLEO Y EL TRABAJO DECENTE EN EL MUNICIPIO DE BUCARAMANGA | I19: Brindar formación en competencias personales y/o técnicas para el trabajo Realizar intermediación laboral entre oferentes de trabajo y buscadores de empleo. Ofrecer acompañamiento a las empresas en la estructuración y selección de perfiles adecuados a sus requerimientos. Formular la política pública de empleo y trabajo decente de la ciudad. Garantizar la operatividad y continuidad del programa de empleo y la oficina de empleabilidad del Instituto Municipal de Empleo y fomento empresarial - IMEBU. | J19: 44942 | K19: 45291 | L19: 0 | M19: =+'Resultado por Estrategias'!C22 -> 481 | N19: =IFERROR(AN19/$AN$21,"-") -> 0.10335931 | O19: =IFERROR(IF(M19/L19>1,(1*N19),((M19/L19)*N19)),"-") -> - | P19: 2.3.2.02.02.009.04 | Q19: =Gastos_Enero!$M$83/3 -> 79590000 | V19: =SUM(Q19:U19) -> 79590000 | W19: =SUMIF(Contratación!$A$2:$A$289,"189",Contratación!$L$2:$L$289) -> 73203333 | AB19: =SUM(W19:AA19) -> 73203333 | AC19: =SUMIF(Contratación!$A$2:$A$289,"189",Contratación!$M$2:$M$289) -> 73203333 | AH19: =SUM(AC19:AG19) -> 73203333 | AI19: =SUMIF(Contratación!$A$2:$A$289,"189",Contratación!$N$2:$N$289) -> 3060986 | AN19: =SUM(AI19:AM19) -> 3060986 | AO19: =IFERROR(AN19/AB19,"-") -> 0.041814844 | AQ19: IMEBU | AR19: Luis Gonzalo Gómez Guerrero
A20: 190 | B20: BUCARAMANGA PRODUCTIVA Y COMPETITIVA: EMPRESAS INNOVADORAS, RESPONSABLES Y CONSCIENTES | C20: Empleabilidad, Empleo Y Trabajo Decente | D20: Empleo Y Empleabilidad | E20: Acompañar a 1.500 empresas en el fomento de una cultura del empleo y trabajo decente para capturar vacantes que permitan realizar la intermediación laboral. | F20: Número de empresas acompañadas en el fomento de una cultura del empleo y trabajo decente para capturar vacantes que permitan realizar la intermediación laboral. | G20: 2022680010086 | H20: FORTALECIMIENTO DE LA OFICINA DE FOMENTO A LA EMPLEABILIDAD, EL EMPLEO Y EL TRABAJO DECENTE EN EL MUNICIPIO DE BUCARAMANGA | I20: Brindar formación en competencias personales y/o técnicas para el trabajo Realizar intermediación laboral entre oferentes de trabajo y buscadores de empleo. Ofrecer acompañamiento a las empresas en la estructuración y selección de perfiles adecuados a sus requerimientos. Formular la política pública de empleo y trabajo decente de la ciudad. Garantizar la operatividad y continuidad del programa de empleo y la oficina de empleabilidad del Instituto Municipal de Empleo y fomento empresarial - IMEBU. | J20: 44942 | K20: 45291 | L20: 0 | M20: =+'Resultado por Estrategias'!C23 -> 28 | N20: =IFERROR(AN20/$AN$21,"-") -> 0.10335931 | O20: =IFERROR(IF(M20/L20>1,(1*N20),((M20/L20)*N20)),"-") -> - | P20: 2.3.2.02.02.009.04 | Q20: =Gastos_Enero!$M$83/3 -> 79590000 | V20: =SUM(Q20:U20) -> 79590000 | W20: =SUMIF(Contratación!$A$2:$A$289,"190",Contratación!$L$2:$L$289) -> 73203333 | AB20: =SUM(W20:AA20) -> 73203333 | AC20: =SUMIF(Contratación!$A$2:$A$289,"190",Contratación!$M$2:$M$289) -> 73203333 | AH20: =SUM(AC20:AG20) -> 73203333 | AI20: =SUMIF(Contratación!$A$2:$A$289,"190",Contratación!$N$2:$N$289) -> 3060986 | AN20: =SUM(AI20:AM20) -> 3060986 | AO20: =IFERROR(AN20/AB20,"-") -> 0.041814844 | AQ20: IMEBU | AR20: Luis Gonzalo Gómez Guerrero
A21: 302 | B21: BUCARAMANGA TERRITORIO LIBRE DE CORRUPCIÓN: INSTITUCIONES SÓLIDAS Y CONFIABLES | C21: Administración Pública Moderna E Innovadora | D21: Gobierno Fortalecido Para Ser Y Hacer | E21: Mantener en funcionamiento el 100% de los programas del Instituto Municipal del Empleo. | F21: Porcentaje de los programas de Instituto Municipal del Empleo mantenidos en funcionamiento. | G21: 2021680010176 | H21: FORTALECIMIENTO DE LOS PROCESOS DEL INSTITUTO MUNICIPAL DE EMPLEO Y FOMENTO EMPRESARIAL DEL MUNICIPIO DE BUCARAMANGA | I21: Apoyar los procesos administrativos, juridicos y de control interno del IMEBU. Realizar acompañamiento, seguimiento y control de los programas y proyectos misionales del IMEBU. | J21: 44936 | K21: 45291 | L21: 1 | M21: 1 | N21: =IFERROR(AN21/$AN$21,"-") -> 1 | O21: =IFERROR(IF(M21/L21>1,(1*N21),((M21/L21)*N21)),"-") -> 1 | P21: 2.3.2.02.02.009.06 | Q21: =Gastos_Enero!$M$84 -> 541456051 | V21: =SUM(Q21:U21) -> 541456051 | W21: =SUMIF(Contratación!$A$2:$A$289,"302",Contratación!$L$2:$L$289) -> 529263602 | AB21: =SUM(W21:AA21) -> 529263602 | AC21: =SUMIF(Contratación!$A$2:$A$289,"302",Contratación!$M$2:$M$289) -> 529263602 | AH21: =SUM(AC21:AG21) -> 529263602 | AI21: =SUMIF(Contratación!$A$2:$A$289,"302",Contratación!$N$2:$N$289) -> 29615000 | AN21: =SUM(AI21:AM21) -> 29615000 | AO21: =IFERROR(AN21/AB21,"-") -> 0.055955104 | AQ21: IMEBU | AR21: Luis Gonzalo Gómez Guerrero
A22: =SUM(--(FREQUENCY(A9:A21,A9:A21)>0)) -> 11 | M22: TOTALES | O22: =IFERROR(SUM(O9:O21),"-") -> 1.004615 | Q22: =SUM(Q9:Q21) -> 4360918051 | R22: =SUM(R9:R21) -> 0 | S22: =SUM(S9:S21) -> 0 | T22: =SUM(T9:T21) -> 4000000 | U22: =SUM(U9:U21) -> 0 | V22: =SUBTOTAL(9,V9:V21) -> 4364918051 | W22: =SUBTOTAL(9,W9:W21) -> 2773571488 | X22: =SUBTOTAL(9,X9:X21) -> 0 | Y22: =SUBTOTAL(9,Y9:Y21) -> 0 | Z22: =SUBTOTAL(9,Z9:Z21) -> 0 | AA22: =SUBTOTAL(9,AA9:AA21) -> 0 | AB22: =SUBTOTAL(9,AB9:AB21) -> 2773571488 | AC22: =SUBTOTAL(9,AC9:AC21) -> 2513083988 | ... AN22: =SUBTOTAL(9,AN9:AN21) -> 51325665 | AO22: =IFERROR(AN22/AB22,"-") -> 0.018505261 | AP22: =SUBTOTAL(9,AP9:AP21) -> 0

Sheet Resultado por Estrategias
G1: EJECUTADO
A2: Proyecto | B2: Estrategia | C2: Beneficiados | D2: Meta real cuatrienio | E2: Meta anual | F2: Meta mensual | G2: Enero | H2: Febrero | I2: Marzo | J2: Abril | K2: Mayo | L2: Junio | M2: Julio | N2: Agosto | O2: Septiembre | P2: Octubre | Q2: Noviembre | R2: Diciembre | S2: Meta a Septiembre | T2: Cumpl a Ene | U2: Rezago a hoy
A3: Coworking | B3: Consultorio E Marketing | C3: =+SUM(G3:R3) -> 75 | D3: 1476 | E3: 657 | F3: =+E3/9 -> 73 | G3: 0 | H3: 75 | S3: =+F3*9 -> 657 | T3: =SUM(G3:R3) -> 75 | U3: =+T3-S3 -> -582
A4: Coworking | B4: Espacios Colaborativos | C4: =+SUM(G4:R4) -> 0 | E4: 30 | F4: =+E4/9 -> 3.3333333 | G4: 0 | H4: 0 | S4: =+F4*9 -> 30 | T4: =SUM(G4:R4) -> 0 | U4: =+T4-S4 -> -30
A5: Coworking | B5: Cemprende - SEED LAB | C5: =+SUM(G5:R5) -> 0 | E5: 10 | F5: =+E5/9 -> 1.1111111 | G5: 0 | H5: 0 | S5: =+F5*9 -> 10 | T5: =SUM(G5:R5) -> 0 | U5: =+T5-S5 -> -10
A6: Coworking | B6: Cemprende - HerramientaSTEC | C6: =+SUM(G6:R6) -> 0 | E6: 65 | F6: =+E6/9 -> 7.2222222 | G6: 0 | H6: 0 | S6: =+F6*9 -> 65 | T6: =SUM(G6:R6) -> 0 | U6: =+T6-S6 -> -65
A7: Coworking | B7: Avanza BGA | C7: =+SUM(G7:R7) -> 12 | E7: 360 | F7: =+E7/9 -> 40 | G7: 0 | H7: 12 | S7: =+F7*9 -> 360 | T7: =SUM(G7:R7) -> 12 | U7: =+T7-S7 -> -348
A8: Coworking | B8: Crea BGA | C8: =+SUM(G8:R8) -> 0 | E8: 657 | F8: =+E8/9 -> 73 | G8: 0 | H8: 0 | S8: =+F8*9 -> 657 | T8: =SUM(G8:R8) -> 0 | U8: =+T8-S8 -> -657
A9: Coworking | B9: Formación a la medida | C9: =+SUM(G9:R9) -> 0 | E9: 1000 | F9: =+E9/9 -> 111.11111 | G9: 0 | H9: 0 | S9: =+F9*9 -> 1000 | T9: =SUM(G9:R9) -> 0 | U9: =+T9-S9 -> -1000
A10: CDE | B10: Planes de mejoramiento diseñados | C10: =+SUM(G10:R10) -> 0 | D10: 0 | E10: 0 | F10: =+E10/9 -> 0 | G10: 0 | H10: 0 | S10: =+F10*9 -> 0 | T10: =SUM(G10:R10) -> 0 | U10: =+T10-S10 -> 0
A11: CDE | B11: Modelos de negocio | C11: =+SUM(G11:R11) -> 0 | E11: 0 | F11: =+E11/9 -> 0 | G11: 0 | H11: 0 | S11: =+F11*9 -> 0 | T11: =SUM(G11:R11) -> 0 | U11: =+T11-S11 -> 0
A12: CDE | B12: Talleres CDE | C12: =+SUM(G12:R12) -> 0 | E12: 0 | F12: =+E12/9 -> 0 | G12: 0 | H12: 0 | S12: =+F12*9 -> 0 | T12: =SUM(G12:R12) -> 0 | U12: =+T12-S12 -> 0
A13: CDE | B13: Talleres vitrinismo Beatriz | C13: =+SUM(G13:R13) -> 32 | E13: 360 | F13: =+E13/9 -> 40 | G13: 0 | H13: 32 | S13: =+F13*9 -> 360 | T13: =SUM(G13:R13) -> 32 | U13: =+T13-S13 -> -328
A14: CDE | B14: Taller en e-comerce y uso de plataforma Market Place | C14: =+SUM(G14:R14) -> 47 | E14: 360 | F14: =+E14/9 -> 40 | G14: 0 | H14: 47 | S14: =+F14*9 -> 360 | T14: =SUM(G14:R14) -> 47 | U14: =+T14-S14 -> -313
A15: CDE | B15: Talleres Somos Locales | C15: =+SUM(G15:R15) -> 91 | E15: 360 | F15: =+E15/9 -> 40 | G15: 0 | H15: 91 | S15: =+F15*9 -> 360 | T15: =SUM(G15:R15) -> 91 | U15: =+T15-S15 -> -269
A16: CDE | B16: Planes de mejoramiento implementados | C16: =+SUM(G16:R16) -> 0 | D16: 2104 | E16: =+D16 -> 2104 | F16: =+E16/9 -> 233.77778 | G16: 0 | H16: 0 | S16: =+F16*9 -> 2104 | T16: =SUM(G16:R16) -> 0 | U16: =+T16-S16 -> -2104
A17: CDE | B17: CDE Virtual | C17: =+SUM(G17:R17) -> 0 | D17: 0.3 | E17: 0.3 | F17: =+E17/9 -> 0.033333333 | G17: 0 | H17: 0 | S17: =+F17*9 -> 0.3 | T17: =SUM(G17:R17) -> 0 | U17: 0.01
A18: CDE | B18: Market Place (productos cargados en plataforma) | C18: =+SUM(G18:R18) -> 1165 | D18: - | E18: 0 | F18: =+E18/9 -> 0 | G18: 0 | H18: 1165 | S18: =+F18*9 -> 0 | T18: =SUM(G18:R18) -> 1165 | U18: =+T18-S18 -> 1165
A19: Banca | B19: Creditos tecnologia e innovación | C19: =+SUM(G19:R19) -> 152 | D19: 1932 | E19: 2007 | F19: =+E19/9 -> 223 | G19: 48 | H19: 104 | S19: =+F19*9 -> 2007 | T19: =SUM(G19:R19) -> 152 | U19: =+T19-S19 -> -1855
A20: Banca | B20: Creditos diferente a tecnologia e innovación | C20: =+SUM(G20:R20) -> 220 | D20: 539 | E20: 2007 | F20: =+E20/9 -> 223 | G20: 83 | H20: 137 | S20: =+F20*9 -> 2007 | T20: =SUM(G20:R20) -> 220 | U20: =+T20-S20 -> -1787
A21: Empleo | B21: Registrados | C21: =+SUM(G21:R21) -> 551 | D21: 0 | E21: 1300 | F21: =+E21/9 -> 144.44444 | G21: 108 | H21: 443 | S21: =+F21*9 -> 1300 | T21: =SUM(G21:R21) -> 551 | U21: =+T21-S21 -> -749
A22: Empleo | B22: Talleres empleo | C22: =+SUM(G22:R22) -> 481 | D22: 0 | E22: 800 | F22: =+E22/9 -> 88.888889 | G22: 9 | H22: 472 | S22: =+F22*9 -> 800 | T22: =SUM(G22:R22) -> 481 | U22: =+T22-S22 -> -319
A23: Empleo | B23: Empresas acompañadas | C23: =+SUM(G23:R23) -> 28 | D23: 0 | E23: 390 | F23: =+E23/9 -> 43.333333 | G23: 8 | H23: 20 | S23: =+F23*9 -> 390 | T23: =SUM(G23:R23) -> 28 | U23: =+T23-S23 -> -362

Sheet Contratación
A1: No. Meta (la del PA) | B1: Meta PDM (Copiar la meta del PA) | C1: BPIN | D1: Nombre proyecto de inversión | E1: Objeto de la contratación/pago/transferencia/etc | F1: No. contrato/convenio/pago/resolución/etc | G1: Tipo de contrato | H1: Modalidad | I1: Nombre Contratista | J1: Rubro | K1: Fecha RP | L1: Total apropiado | M1: Total comprometido | N1: Total obligado (pagos+cxp) | O1: Referencia Secop II
A2: 180 | B2: Fortalecer a 5.000 empresas, emprendimientos y/o unidades productivas, a través de la implementación de un programa de incubación y aceleración de emprendimientos innovadores articulados con el ecosistema de emprendimiento, que caracterice las capacidades tecnológicas instaladas (duras y blandas) con enfoque diferencial. | C2: 2020680010157 | D2: FORTALECIMIENTO DEL COWORKING COMO ESTRATEGIA PARA EL EMPRENDIMIENTO, INNOVACIÓN, DINAMIZACIÓN Y ACELERACIÓN EMPRESARIAL EN EL MUNICIPIO DE BUCARAMANGA | E2: PRESTAR LOS SERVICIOS PROFESIONALES DE CARÁCTER TEMPORAL, PARA BRINDAR APOYO Y SEGUIMIENTO, TÉCNICO, ADMINISTRATIVO, FINANCIERO Y COMERCIAL A EMPRENDEDORES Y EMPRESARIOS DE LA CIUDAD DE BUCARAMANGA, DE ACUERDO A LA ESTRATEGIA INCUBADORA DE EMPRENDIMIENTOS, EN EL MARCO DEL PROGRAMA MISIONAL COWORKING DEL IMEBU. | F2: 076-2023 | G2: CPS | H2: DIRECTA | I2: ARCINIEGAS VARGAS OSCAR ORLANDO | J2: 2.3.2.02.02.009.05 | K2: 44978 | L2: 14700000 | M2: 14700000 | N2: 0 | O2: https://community.secop.gov.co/Public/Tendering/OpportunityDetail/Index?noticeUID=CO1.NTC.4041667&isFromPublicArea=True&isModal=False
A3: 180 | B3: Fortalecer a 5.000 empresas, emprendimientos y/o unidades productivas, a través de la implementación de un programa de incubación y aceleración de emprendimientos innovadores articulados con el ecosistema de emprendimiento, que caracterice las capacidades tecnológicas instaladas (duras y blandas) con enfoque diferencial. | C3: 2020680010157 | D3: FORTALECIMIENTO DEL COWORKING COMO ESTRATEGIA PARA EL EMPRENDIMIENTO, INNOVACIÓN, DINAMIZACIÓN Y ACELERACIÓN EMPRESARIAL EN EL MUNICIPIO DE BUCARAMANGA | E3: PRESTAR LOS SERVICIOS PROFESIONALES DE CARÁCTER TEMPORAL PARA BRINDAR APOYO Y ACOMPAÑAMIENTO A EMPRESARIOS Y EMPRENDEDORES DE LA CIUDAD, EN EL DISEÑO Y CREACIÓN DE PÁGINAS WEB EN EL MARCO DEL PROGRAMA COWORKING DEL IMEBU | F3: 063-2023 | G3: CPS | H3: DIRECTA | I3: BAYONA GARCIA MARIO JESUS | J3: 2.3.2.02.02.009.05 | K3: 44957 | L3: 33600000 | M3: 33600000 | N3: 0 | O3: https://community.secop.gov.co/Public/Tendering/OpportunityDetail/Index?noticeUID=CO1.NTC.3892847&isFromPublicArea=True&isModal=False
A4: 180 | B4: Fortalecer a 5.000 empresas, emprendimientos y/o unidades productivas, a través de la implementación de un programa de incubación y aceleración de emprendimientos innovadores articulados con el ecosistema de emprendimiento, que caracterice las capacidades tecnológicas instaladas (duras y blandas) con enfoque diferencial. | C4: 2020680010157 | D4: FORTALECIMIENTO DEL COWORKING COMO ESTRATEGIA PARA EL EMPRENDIMIENTO, INNOVACIÓN, DINAMIZACIÓN Y ACELERACIÓN EMPRESARIAL EN EL MUNICIPIO DE BUCARAMANGA | E4: AUNAR ESFUERZOS PARA FOMENTAR EL EMPRENDIMIENTO, LA CIENCIA, TECNOLOGÍA E INNOVACIÓN MEDIANTE LA PARTICIPACIÓN EN EL PROYECTO S-INNOVA BUCARAMANGA. | F4: 002-2023 | G4: CA | H4: DIRECTA | I4: CAMARA DE COMERCIO DE BUCARAMANGA | J4: 2.3.2.02.02.007.01 | K4: 44974 | L4: 170000000 | M4: 170000000 | N4: 0 | O4: https://community.secop.gov.co/Public/Tendering/OpportunityDetail/Index?noticeUID=CO1.NTC.4002380&isFromPublicArea=True&isModal=False
A5: 180 | B5: Fortalecer a 5.000 empresas, emprendimientos y/o unidades productivas, a través de la implementación de un programa de incubación y aceleración de emprendimientos innovadores articulados con el ecosistema de emprendimiento, que caracterice las capacidades tecnológicas instaladas (duras y blandas) con enfoque diferencial. | C5: 2020680010157 | D5: FORTALECIMIENTO DEL COWORKING COMO ESTRATEGIA PARA EL EMPRENDIMIENTO, INNOVACIÓN, DINAMIZACIÓN Y ACELERACIÓN EMPRESARIAL EN EL MUNICIPIO DE BUCARAMANGA | E5: PRESTAR LOS SERVICIOS DE APOYO A LA GESTIÓN, PARA COADYUVAR EN LAS ACTIVIDADES ASISTENCIALES, OPERATIVAS Y LOGÍSTICAS REQUERIDAS PARA LA ESTRATEGIA INCUBADORA DE EMPRENDIMIENTOS, EN EL MARCO DEL PROGRAMA MISIONAL COWORKING DEL IMEBU. | F5: 080-2023 | G5: CPS | H5: DIRECTA | I5: CARDENAS BARILLAS SANDRA LILIANA | J5: 2.3.2.02.02.009.05 | K5: 44978 | L5: 11025000 | M5: 11025000 | N5: 0 | O5: https://community.secop.gov.co/Public/Tendering/OpportunityDetail/Index?noticeUID=CO1.NTC.4051159&isFromPublicArea=True&isModal=False
A6: 180 | B6: Fortalecer a 5.000 empresas, emprendimientos y/o unidades productivas, a través de la implementación de un programa de incubación y aceleración de emprendimientos innovadores articulados con el ecosistema de emprendimiento, que caracterice las capacidades tecnológicas instaladas (duras y blandas) con enfoque diferencial. | C6: 2020680010157 | D6: FORTALECIMIENTO DEL COWORKING COMO ESTRATEGIA PARA EL EMPRENDIMIENTO, INNOVACIÓN, DINAMIZACIÓN Y ACELERACIÓN EMPRESARIAL EN EL MUNICIPIO DE BUCARAMANGA | E6: PRESTAR LOS SERVICIOS PROFESIONALES DE CARACTER TEMPORAL PARA BRINDAR APOYO Y SEGUIMIENTO TECNICO, ADMINISTRATIVO Y COMERCIAL A EMPRENDEDORES Y EMPRESARIOS DE LA CIUDAD, DE ACUERDO A LA ESTRATEGIA INCUBADORA DE EMPRENDIMIENTOS, EN EL MARCO DEL PROGRAMA MISIONAL COWORKING DEL IMEBU | F6: 048-2023 | G6: CPS | H6: DIRECTA | I6: CHARRY BOLIVAR LORENA | J6: 2.3.2.02.02.009.05 | K6: 44953 | L6: 14700000 | M6: 14700000 | N6: 490000 | O6: https://community.secop.gov.co/Public/Tendering/OpportunityDetail/Index?noticeUID=CO1.NTC.3855802&isFromPublicArea=True&isModal=False
A7: 180 | B7: Fortalecer a 5.000 empresas, emprendimientos y/o unidades productivas, a través de la implementación de un programa de incubación y aceleración de emprendimientos innovadores articulados con el ecosistema de emprendimiento, que caracterice las capacidades tecnológicas instaladas (duras y blandas) con enfoque diferencial. | C7: 2020680010157 | D7: FORTALECIMIENTO DEL COWORKING COMO ESTRATEGIA PARA EL EMPRENDIMIENTO, INNOVACIÓN, DINAMIZACIÓN Y ACELERACIÓN EMPRESARIAL EN EL MUNICIPIO DE BUCARAMANGA | E7: PRESTAR LOS SERVICIOS PROFESIONALES DE CARÁCTER TEMPORAL PARA APOYAR EN LAS DIFERENTES ESTRATEGIAS DE MARKETING A EMPRESARIOS Y EMPRENDEDORES DE LA CIUDAD, EN EL MARCO DEL PROGRAMA COWORKING DEL IMEBU | F7: 053-2023 | G7: CPS | H7: DIRECTA | I7: GARCIA ORTIZ SILVIA JULIANA | J7: 2.3.2.02.02.009.05 | K7: 44957 | L7: 33600000 | M7: 33600000 | N7: 0 | O7: https://community.secop.gov.co/Public/Tendering/OpportunityDetail/Index?noticeUID=CO1.NTC.3890153&isFromPublicArea=True&isModal=False
A8: 180 | B8: Fortalecer a 5.000 empresas, emprendimientos y/o unidades productivas, a través de la implementación de un programa de incubación y aceleración de emprendimientos innovadores articulados con el ecosistema de emprendimiento, que caracterice las capacidades tecnológicas instaladas (duras y blandas) con enfoque diferencial. | C8: 2020680010157 | D8: FORTALECIMIENTO DEL COWORKING COMO ESTRATEGIA PARA EL EMPRENDIMIENTO, INNOVACIÓN, DINAMIZACIÓN Y ACELERACIÓN EMPRESARIAL EN EL MUNICIPIO DE BUCARAMANGA | E8: PRESTAR LOS SERVICIOS PROFESIONALES DE CARÁCTER TEMPORAL COMO PRODUCTOR Y FOTÓGRAFO QUE CONTRIBUYA A IMPULSAR Y FORTALECER LAS CAMPAÑAS CREATIVAS DE EMPRESARIOS Y EMPRENDEDORES DE LA CIUDAD, EN EL MARCO DEL PROGRAMA COWORKING DEL IMEBU | F8: 054-2023 | G8: CPS | H8: DIRECTA | I8: LEAL MORENO CRISTIAN CAMILO | J8: 2.3.2.02.02.009.05 | K8: 44957 | L8: 33600000 | M8: 33600000 | N8: 0 | O8: https://community.secop.gov.co/Public/Tendering/OpportunityDetail/Index?noticeUID=CO1.NTC.3891354&isFromPublicArea=True&isModal=False
A9: 180 | B9: Fortalecer a 5.000 empresas, emprendimientos y/o unidades productivas, a través de la implementación de un programa de incubación y aceleración de emprendimientos innovadores articulados con el ecosistema de emprendimiento, que caracterice las capacidades tecnológicas instaladas (duras y blandas) con enfoque diferencial. | C9: 2020680010157 | D9: FORTALECIMIENTO DEL COWORKING COMO ESTRATEGIA PARA EL EMPRENDIMIENTO, INNOVACIÓN, DINAMIZACIÓN Y ACELERACIÓN EMPRESARIAL EN EL MUNICIPIO DE BUCARAMANGA | E9: PRESTAR LOS SERVICIOS PROFESIONALES DE CARÁCTER TEMPORAL PARA BRINDAR APOYO EN ESTRATEGIAS DIGITALES Y AUTOMATIZACIÓN DE MARKETING, DIRIGIDO A EMPRESARIOS Y EMPRENDEDORES DE LA CIUDAD EN EL MARCO DE LA ESTRATEGIA AVANZA BGA-PROGRAMA COWORKING DEL IMEBU. | F9: 035-2023 | G9: CPS | H9: DIRECTA | I9: LIZARAZO GUERRERO JUAN SEBASTIAN | J9: 2.3.2.02.02.009.05 | K9: 44950 | L9: 33600000 | M9: 33600000 | N9: 980000 | O9: https://community.secop.gov.co/Public/Tendering/OpportunityDetail/Index?noticeUID=CO1.NTC.3824914&isFromPublicArea=True&isModal=False
A10: 180 | B10: Fortalecer a 5.000 empresas, emprendimientos y/o unidades productivas, a través de la implementación de un programa de incubación y aceleración de emprendimientos innovadores articulados con el ecosistema de emprendimiento, que caracterice las capacidades tecnológicas instaladas (duras y blandas) con enfoque diferencial. | C10: 2020680010157 | D10: FORTALECIMIENTO DEL COWORKING COMO ESTRATEGIA PARA EL EMPRENDIMIENTO, INNOVACIÓN, DINAMIZACIÓN Y ACELERACIÓN EMPRESARIAL EN EL MUNICIPIO DE BUCARAMANGA | E10: CD 23-00082, PRESTAR LOS SERVICIOS PROFESIONALES DE CARÁCTER TEMPORAL PARA BRINDAR APOYO A LA SUBDIRECCIÓN TÉCNICA EN LA GESTIÓN DE ESTRATEGIAS DIGITALES Y AUTOMATIZACIÓN DE MARKETING, DIRIGIDO A EMPRESARIOS Y EMPRENDEDORES DE BUCARAMANGA EN EL MARCO DE LA ESTRATEGIA AVANZA BGA -PROGRAMA COWORKING DEL IMEBU. CPS 071 DURACIÓN OCHO (08) MESES. | F10: 071-2023 | G10: CPS | H10: DIRECTA | I10: LOPEZ LOPEZ YULIET DAYANA | J10: 2.3.2.02.02.009.05 | K10: 44966 | L10: 33600000 | M10: 33600000 | N10: 0 | O10: https://community.secop.gov.co/Public/Tendering/OpportunityDetail/Index?noticeUID=CO1.NTC.3961646&isFromPublicArea=True&isModal=False
A11: 180 | B11: Fortalecer a 5.000 empresas, emprendimientos y/o unidades productivas, a través de la implementación de un programa de incubación y aceleración de emprendimientos innovadores articulados con el ecosistema de emprendimiento, que caracterice las capacidades tecnológicas instaladas (duras y blandas) con enfoque diferencial. | C11: 2020680010157 | D11: FORTALECIMIENTO DEL COWORKING COMO ESTRATEGIA PARA EL EMPRENDIMIENTO, INNOVACIÓN, DINAMIZACIÓN Y ACELERACIÓN EMPRESARIAL EN EL MUNICIPIO DE BUCARAMANGA | E11: CD 23-00093, PRESTAR LOS SERVICIOS PROFESIONALES DE CARÁCTER TEMPORAL, PARA BRINDAR APOYO Y SEGUIMIENTO, TÉCNICO, ADMINISTRATIVO, FINANCIERO Y COMERCIAL A EMPRENDEDORES Y EMPRESARIOS DE LA CIUDAD DE BUCARAMANGA, DE ACUERDO A LA ESTRATEGIA INCUBADORA DE EMPRENDIMIENTOS, EN EL MARCO DEL PROGRAMA MISIONAL COWORKING DEL IMEBU. CPS074, DURACIÓN CUATRO (04) MESES. | F11: 074-2023 | G11: CPS | H11: DIRECTA | I11: MUñOZ AYALA DIANA CONSTANZA | J11: 2.3.2.02.02.009.05 | K11: 44974 | L11: 14700000 | M11: 14700000 | N11: 0 | O11: https://community.secop.gov.co/Public/Tendering/OpportunityDetail/Index?noticeUID=CO1.NTC.4022369&isFromPublicArea=True&isModal=False
A12: 180 | B12: Fortalecer a 5.000 empresas, emprendimientos y/o unidades productivas, a través de la implementación de un programa de incubación y aceleración de emprendimientos innovadores articulados con el ecosistema de emprendimiento, que caracterice las capacidades tecnológicas instaladas (duras y blandas) con enfoque diferencial. | C12: 2020680010157 | D12: FORTALECIMIENTO DEL COWORKING COMO ESTRATEGIA PARA EL EMPRENDIMIENTO, INNOVACIÓN, DINAMIZACIÓN Y ACELERACIÓN EMPRESARIAL EN EL MUNICIPIO DE BUCARAMANGA | E12: CD 23-00095, PRESTAR LOS SERVICIOS PROFESIONALES DE CARÁCTER TEMPORAL, PARA BRINDAR APOYO Y SEGUIMIENTO TÉCNICO, ADMINISTRATIVO, FINANCIERO Y COMERCIAL A EMPRENDEDORES Y EMPRESARIOS DE LA CIUDAD DE BUCARAMANGA, DE ACUERDO A LA ESTRATEGIA INCUBADORA DE EMPRENDIMIENTOS, EN EL MARCO DEL PROGRAMA MISIONAL COWORKING DEL IMEBU. CPS 079, DURACIÓN CUATRO (04) MESES. | F12: 079-2023 | G12: CPS | H12: DIRECTA | I12: PARRA ARCHILA ENITH DURLEY | J12: 2.3.2.02.02.009.05 | K12: 44978 | L12: 14700000 | M12: 14700000 | N12: 0 | O12: https://community.secop.gov.co/Public/Tendering/OpportunityDetail/Index?noticeUID=CO1.NTC.4043084&isFromPublicArea=True&isModal=False
A13: 180 | B13: Fortalecer a 5.000 empresas, emprendimientos y/o unidades productivas, a través de la implementación de un programa de incubación y aceleración de emprendimientos innovadores articulados con el ecosistema de emprendimiento, que caracterice las capacidades tecnológicas instaladas (duras y blandas) con enfoque diferencial. | C13: 2020680010157 | D13: FORTALECIMIENTO DEL COWORKING COMO ESTRATEGIA PARA EL EMPRENDIMIENTO, INNOVACIÓN, DINAMIZACIÓN Y ACELERACIÓN EMPRESARIAL EN EL MUNICIPIO DE BUCARAMANGA | E13: PRESTAR LOS SERVICIOS PROFESIONALES DE CARÁCTER TEMPORAL PARA APOYAR LA GESTIÓN, RECEPCIÓN Y ENTREGA DE HERRAMIENTAS TECNOLÓGICAS, REQUERIDAS PARA EL PROCESO DE ACELERACIÓN EMPRESARIAL EN EL MARCO DEL PROGRAMA COWORKING DE LA ENTIDAD. | F13: 018-2023 | G13: CPS | H13: DIRECTA | I13: PEREZ ROMERO LUIS JULIAN | J13: 2.3.2.02.02.009.05 | K13: 44945 | L13: 40800000 | M13: 40800000 | N13: 1360000 | O13: https://community.secop.gov.co/Public/Tendering/OpportunityDetail/Index?noticeUID=CO1.NTC.3789237&isFromPublicArea=True&isModal=False
... A21: 183 | B21: Desarrollar el modelo CDE virtual para que amplíen la cobertura en la ciudad. | C21: 2020680010074 | D21: FORTALECIMIENTO DEL CENTRO DE DESARROLLO EMPRESARIAL Y DE EMPLEABILIDAD EN EL MUNICIPIO DE BUCARAMANGA | E21: PRESTAR LOS SERVICIOS DE APOYO A LA GESTIÓN PARA COADYUVAR EN EL ANALISIS, DISEÑO, DESARROLLO, PRUEBAS, MANTENIMIENTO Y SOPORTE DE LOS SISTEMAS DE INFORMACIÓN Y SOLUCIONES DIGITALES, SEGÚN LAS NECESIDADES DE LOS CENTRO DE DESARROLLO EMPRESARIAL DEL IMEBU | F21: 085-2023 | G21: CPS | H21: DIRECTA | I21: MAXIMILIANO GARAVITO | J21: 2.3.2.02.02.009.03 | K21: 44986 | L21: 0 | M21: 0 | N21: 0 | O21: https://community.secop.gov.co/Public/Tendering/OpportunityDetail/Index?noticeUID=CO1.NTC.4091147&isFromPublicArea=True&isModal=False
A22: 184 | B22: Formar a 7.000 emprendedores a través de un programa de formación teórica, empresarial y/o artesanal con enfoque diferencial para emprendimientos artísticos, culturales, creativos, negocios verdes, microempresarios y/o unidades productivas urbanas y rurales. | C22: 2020680010074 | D22: FORTALECIMIENTO DEL CENTRO DE DESARROLLO EMPRESARIAL Y DE EMPLEABILIDAD EN EL MUNICIPIO DE BUCARAMANGA | E22: ARRENDAR EL SALON DENOMINADO "GRAN SALON", UBICADO EN EL CENTRO DE CONVENCIONES Y EVENTOS DE NEOMUNDO DE BUCARAMANGA PARA EL MONTAJE Y DESMONTAJE DEL EVENTO EXPOASOINDUCALS CUERO 2023, COMO APOYO A LOS PROCESOS DE REACTIVACIÓN ECONÓMICA Y DEL EMPLEO ADELANTADOS POR EL INSTITUTO MUNICIPAL DE EMPLEO Y FOMENTO EMPRESARIAL DEL MUNICIPIO DE BUCARAMANGA -IMEBU. | F22: 001-2023 | G22: CD | H22: DIRECTA | I22: CORPORACION CENTRO DE CONVENCIONES, CIENCIA, TECNOLOGIA, INNOVACION Y CULTURA DE | J22: 2.3.2.02.02.007.02 | K22: 44974 | L22: 55765500 | M22: 55765500 | N22: 0 | O22: =IFERROR(SUM(O9:O21),"-") -> 0
A23: 184 | B23: Formar a 7.000 emprendedores a través de un programa de formación teórica, empresarial y/o artesanal con enfoque diferencial para emprendimientos artísticos, culturales, creativos, negocios verdes, microempresarios y/o unidades productivas urbanas y rurales. | C23: 2020680010074 | D23: FORTALECIMIENTO DEL CENTRO DE DESARROLLO EMPRESARIAL Y DE EMPLEABILIDAD EN EL MUNICIPIO DE BUCARAMANGA | E23: PRESTAR LOS SERVICIOS PROFESIONALES DE CARÁCTER TEMPORAL PARA COADYUVAR EN LA COORDINACIÓN Y PUESTA EN MARCHA DE LAS ACCIONES REQUERIDAS DENTRO DE LA ESTRATEGIA MARKETPLACE, EN EL MARCO DEL PROYECTO DE FORTALECIMIENTO DEL CENTRO DE DESARROLLO EMPRESARIAL Y DE EMPLEABILIDAD DE BUCARAMANGA - CDE | F23: 038-2023 | G23: CPS | H23: DIRECTA | I23: QUINTANILLA CALDERON MARLON GIOVANNY | J23: 2.3.2.02.02.009.03 | K23: 44952 | L23: 40800000 | M23: 40800000 | N23: 850000 | O23: https://community.secop.gov.co/Public/Tendering/OpportunityDetail/Index?noticeUID=CO1.NTC.3843662&isFromPublicArea=True&isModal=False
A24: 184 | B24: Formar a 7.000 emprendedores a través de un programa de formación teórica, empresarial y/o artesanal con enfoque diferencial para emprendimientos artísticos, culturales, creativos, negocios verdes, microempresarios y/o unidades productivas urbanas y rurales. | C24: 2020680010074 | D24: FORTALECIMIENTO DEL CENTRO DE DESARROLLO EMPRESARIAL Y DE EMPLEABILIDAD EN EL MUNICIPIO DE BUCARAMANGA | E24: PRESTAR LOS SERVICIOS PROFESIONALES DE CARÁCTER TEMPORAL, PARA COADYUVAR EN LA PUESTA EN MARCHA Y ACOMPAÑAMIENTO DE LAS ACCIONES REALIZADAS DENTRO DE LA ESTRATEGIA DE REACTIVACIÓN ECONÓMICA - SOMOS LOCALES DEL IMEBU. | F24: 039-2023 | G24: CPS | H24: DIRECTA | I24: QUINTERO TIRADO PEDRO ANGEL | J24: 2.3.2.02.02.009.03 | K24: 44952 | L24: 40800000 | M24: 40800000 | N24: 850000 | O24: https://community.secop.gov.co/Public/Tendering/OpportunityDetail/Index?noticeUID=CO1.NTC.3844414&isFromPublicArea=True&isModal=False
A25: 184 | B25: Formar a 7.000 emprendedores a través de un programa de formación teórica, empresarial y/o artesanal con enfoque diferencial para emprendimientos artísticos, culturales, creativos, negocios verdes, microempresarios y/o unidades productivas urbanas y rurales. | C25: 2020680010074 | D25: FORTALECIMIENTO DEL CENTRO DE DESARROLLO EMPRESARIAL Y DE EMPLEABILIDAD EN EL MUNICIPIO DE BUCARAMANGA | E25: PRESTAR LOS SERVICIOS PROFESIONALES DE CARÁCTER TEMPORAL PARA APOYAR LOS DIFERENTES EVENTOS COMERCIALES QUE CONTRIBUYEN A LA GENERACIÓN DE ESTRATEGIAS PARA IMPULSAR A LOS EMPRESARIOS Y/O EMPRENDEDORES PRIORIZADOS EN EL MARCO DE LA ESTRATEGIA DE REACTIVACIÓN ECONÓMICA SOMOS LOCALES CDE | F25: 028-2023 | G25: CPS | H25: DIRECTA | I25: RAVELO PEREZ BEATRIZ | J25: 2.3.2.02.02.009.03 | K25: 44949 | L25: 40000000 | M25: 40000000 | N25: 1333333 | O25: https://community.secop.gov.co/Public/Tendering/OpportunityDetail/Index?noticeUID=CO1.NTC.3808454&isFromPublicArea=True&isModal=False
A26: 184 | B26: Formar a 7.000 emprendedores a través de un programa de formación teórica, empresarial y/o artesanal con enfoque diferencial para emprendimientos artísticos, culturales, creativos, negocios verdes, microempresarios y/o unidades productivas urbanas y rurales. | C26: 2020680010074 | D26: FORTALECIMIENTO DEL CENTRO DE DESARROLLO EMPRESARIAL Y DE EMPLEABILIDAD EN EL MUNICIPIO DE BUCARAMANGA | E26: PRESTAR LOS SERVICIOS PROFESIONALES COMO ABOGADO DE CARÁCTER TEMPORAL PARA BRINDAR ASESORÍA JURÍDICA Y ACOMPAÑAR A EMPRESARIOS Y EMPRENDEDORES EN LAS GESTIONES REQUERIDAS DENTRO DEL PROCESO DE FORMALIZACIÓN EMPRESARIAL DEL CENTRO DE DESARROLLO EMPRESARIAL - CDE DEL IMEBU. | F26: 042-2023 | G26: CPS | H26: DIRECTA | I26: MUÑOZ MARTINEZ CARLOS FERNANDO | J26: 2.3.2.02.02.009.03 | K26: 44952 | L26: 33600000 | M26: 33600000 | N26: 700000 | O26: https://community.secop.gov.co/Public/Tendering/OpportunityDetail/Index?noticeUID=CO1.NTC.3845257&isFromPublicArea=True&isModal=False
A27: 184 | B27: Formar a 7.000 emprendedores a través de un programa de formación teórica, empresarial y/o artesanal con enfoque diferencial para emprendimientos artísticos, culturales, creativos, negocios verdes, microempresarios y/o unidades productivas urbanas y rurales. | C27: 2020680010074 | D27: FORTALECIMIENTO DEL CENTRO DE DESARROLLO EMPRESARIAL Y DE EMPLEABILIDAD EN EL MUNICIPIO DE BUCARAMANGA | E27: PRESTAR LOS SERVICIOS PROFESIONALES DE CARÁCTER TEMPORAL PARA BRINDAR APOYO EN LA CREACIÓN DE ESPACIOS Y CONDICIONES ADECUADAS PARA LOS DIÁLOGOS CON LOS GRUPOS DE VALOR Y/O SECTORES PRIORIZADOS, CON EL FIN DE LOGRAR UNA PARTICIPACIÓN ACTIVA DE LA CIUDADANÍA, EN EL MARCO DE LA ESTRATEGIA COMUNITARIA PARA LA REACTIVACION ECONOMICA - SOMOS LOCALES DE LOS CENTROS DE DESARROLLO EMPRESARIAL CDE. | F27: 056-2023 | G27: CPS | H27: DIRECTA | I27: ALBERNIA DIAZ LUIS CARLOS | J27: 2.3.2.02.02.009.03 | K27: 44957 | L27: 26600000 | M27: 26600000 | N27: 0 | O27: https://community.secop.gov.co/Public/Tendering/OpportunityDetail/Index?noticeUID=CO1.NTC.3889932&isFromPublicArea=True&isModal=False
A28: 184 | B28: Formar a 7.000 emprendedores a través de un programa de formación teórica, empresarial y/o artesanal con enfoque diferencial para emprendimientos artísticos, culturales, creativos, negocios verdes, microempresarios y/o unidades productivas urbanas y rurales. | C28: 2020680010074 | D28: FORTALECIMIENTO DEL CENTRO DE DESARROLLO EMPRESARIAL Y DE EMPLEABILIDAD EN EL MUNICIPIO DE BUCARAMANGA | E28: PRESTAR LOS SERVICIOS PROFESIONALES DE CARÁCTER TEMPORAL PARA BRINDAR APOYO EN LA CREACIÓN DE ESPACIOS Y CONDICIONES ADECUADAS PARA LOS DIÁLOGOS CON LOS GRUPOS DE VALOR Y/O SECTORES PRIORIZADOS, CON EL FIN DE LOGRAR UNA PARTICIPACIÓN ACTIVA DE LA CIUDADANÍA, EN EL MARCO DE LA ESTRATEGIA COMUNITARIA PARA LA REACTIVACION ECONOMICA - SOMOS LOCALES DE LOS CENTROS DE DESARROLLO EMPRESARIAL CDE | F28: 029-2023 | G28: CPS | H28: DIRECTA | I28: GAMARRA GRANADOS ANDRES FELIPE | J28: 2.3.2.02.02.009.03 | K28: 44949 | L28: 26600000 | M28: 26600000 | N28: 1013333 | O28: https://community.secop.gov.co/Public/Tendering/OpportunityDetail/Index?noticeUID=CO1.NTC.3809278&isFromPublicArea=True&isModal=False
A29: 184 | B29: Formar a 7.000 emprendedores a través de un programa de formación teórica, empresarial y/o artesanal con enfoque diferencial para emprendimientos artísticos, culturales, creativos, negocios verdes, microempresarios y/o unidades productivas urbanas y rurales. | C29: 2020680010074 | D29: FORTALECIMIENTO DEL CENTRO DE DESARROLLO EMPRESARIAL Y DE EMPLEABILIDAD EN EL MUNICIPIO DE BUCARAMANGA | E29: PRESTAR LOS SERVICIOS PROFESIONALES DE CARÁCTER TEMPORAL PARA BRINDAR APOYO EN LA CREACIÓN DE ESPACIOS Y CONDICIONES ADECUADAS PARA LOS DIÁLOGOS CON LOS GRUPOS DE VALOR Y/O SECTORES PRIORIZADOS, CON EL FIN DE LOGRAR UNA PARTICIPACIÓN ACTIVA DE LA CIUDADANÍA, EN EL MARCO DE LA ESTRATEGIA COMUNITARIA PARA LA REACTIVACION ECONOMICA SOMOS LOCALES DE LOS CENTROS DE DESARROLLO EMPRESARIAL CDE | F29: 040-2023 | G29: CPS | H29: DIRECTA | I29: SILVA GUTIERREZ ANDRES ALBERTO | J29: 2.3.2.02.02.009.03 | K29: 44952 | L29: 26600000 | M29: 26600000 | N29: 633333 | O29: https://community.secop.gov.co/Public/Tendering/OpportunityDetail/Index?noticeUID=CO1.NTC.3844515&isFromPublicArea=True&isModal=False
A30: 184 | B30: Formar a 7.000 emprendedores a través de un programa de formación teórica, empresarial y/o artesanal con enfoque diferencial para emprendimientos artísticos, culturales, creativos, negocios verdes, microempresarios y/o unidades productivas urbanas y rurales. | C30: 2020680010074 | D30: FORTALECIMIENTO DEL CENTRO DE DESARROLLO EMPRESARIAL Y DE EMPLEABILIDAD EN EL MUNICIPIO DE BUCARAMANGA | E30: PRESTAR LOS SERVICIOS PROFESIONALES DE CARÁCTER TEMPORAL PARA COADYUVAR EN LA PRODUCCIÓN Y FOTOGRAFÍA CON EL FIN DE IMPULSAR Y FORTALECER LA ESTRATEGIA MARKETPLACE, EN EL MARCO DEL PROYECTO DE FORTALECIMIENTO DEL CENTRO DE DESARROLLO EMPRESARIAL Y DE EMPLEABILIDAD DE BUCARAMANGA CDE | F30: 050-2023 | G30: CPS | H30: DIRECTA | I30: CHAVEZ VELASQUEZ MARIA PAULA | J30: 2.3.2.02.02.009.03 | K30: 44957 | L30: 24000000 | M30: 24000000 | N30: 0 | O30: https://community.secop.gov.co/Public/Tendering/OpportunityDetail/Index?noticeUID=CO1.NTC.3875331&isFromPublicArea=True&isModal=False
A31: 184 | B31: Formar a 7.000 emprendedores a través de un programa de formación teórica, empresarial y/o artesanal con enfoque diferencial para emprendimientos artísticos, culturales, creativos, negocios verdes, microempresarios y/o unidades productivas urbanas y rurales. | C31: 2020680010074 | D31: FORTALECIMIENTO DEL CENTRO DE DESARROLLO EMPRESARIAL Y DE EMPLEABILIDAD EN EL MUNICIPIO DE BUCARAMANGA | E31: PRESTAR LOS SERVICIOS PROFESIONALES DE CARÁCTER TEMPORAL PARA APOYAR LAS ACCIONES ENCAMINADAS A LA GENERACIÓN DE ALIANZAS Y/O CONVENIOS QUE CONLLEVEN AUNAR ESFUERZOS QUE PERMITAN LA FORMALIZACIÓN E IMPLEMENTACIÓN DE LAS ESTRATEGIAS DE INCLUSIÓN PRODUCTIVA DEL IMEBU | F31: 055-2023 | G31: CPS | H31: DIRECTA | I31: GARCIA RODRIGUEZ ANGELICA MARIA | J31: 2.3.2.02.02.009.03 | K31: 44957 | L31: 24000000 | M31: 24000000 | N31: 0 | O31: https://community.secop.gov.co/Public/Tendering/OpportunityDetail/Index?noticeUID=CO1.NTC.3889734&isFromPublicArea=True&isModal=False
A32: 184 | B32: Formar a 7.000 emprendedores a través de un programa de formación teórica, empresarial y/o artesanal con enfoque diferencial para emprendimientos artísticos, culturales, creativos, negocios verdes, microempresarios y/o unidades productivas urbanas y rurales. | C32: 2020680010074 | D32: FORTALECIMIENTO DEL CENTRO DE DESARROLLO EMPRESARIAL Y DE EMPLEABILIDAD EN EL MUNICIPIO DE BUCARAMANGA | E32: PRESTAR LOS SERVICIOS PROFESIONALES DE CARÁCTER TEMPORAL QUE COADYUVE EN EL DISEÑO Y TRANSFORMACIÓN VIRTUAL DE FORMA EFICIENTE E INTERACTIVA, A TRAVÉS DE LA MAQUETACIÓN DE SITIOS WEB PARA EMPRENDEDORES Y/O EMPRESARIOS PRIORIZADOS DENTRO DE LA ESTRATEGIA MARKETPLACE, EN EL MARCO DEL PROYECTO DE FORTALECIMIENTO DEL CENTRO DE DESARROLLO EMPRESARIAL Y DE EMPLEABILIDAD DE BUCARAMANGA - CDE | F32: 045-2023 | G32: CPS | H32: DIRECTA | I32: SANGUINO QUINTERO GERSON JAHIR | J32: 2.3.2.02.02.009.03 | K32: 44952 | L32: 20000000 | M32: 20000000 | N32: 533333 | O32: https://community.secop.gov.co/Public/Tendering/OpportunityDetail/Index?noticeUID=CO1.NTC.3851687&isFromPublicArea=True&isModal=False
A33: 184 | B33: Formar a 7.000 emprendedores a través de un programa de formación teórica, empresarial y/o artesanal con enfoque diferencial para emprendimientos artísticos, culturales, creativos, negocios verdes, microempresarios y/o unidades productivas urbanas y rurales. | C33: 2020680010074 | D33: FORTALECIMIENTO DEL CENTRO DE DESARROLLO EMPRESARIAL Y DE EMPLEABILIDAD EN EL MUNICIPIO DE BUCARAMANGA | E33: PRESTACIÓN DE SERVICIOS DE APOYO A LA GESTIÓN, PARA CONTRIBUIR EN LAS ACTIVIDADES LOGÍSTICAS Y TÉCNICAS QUE SE REQUIERAN EN LAS COMUNAS Y/O CORREGIMIENTOS DE BUCARAMANGA, DENTRO DE LA ESTRATEGIA DE REACTIVACIÓN ECONOMICA - SOMOS LOCALES DEL IMEBU. | F33: 044-2023 | G33: CPS | H33: DIRECTA | I33: SALAZAR URIBE XIOMARA MARCELA | J33: 2.3.2.02.02.009.03 | K33: 44952 | L33: 19293750 | M33: 19293750 | N33: 459375 | O33: https://community.secop.gov.co/Public/Tendering/OpportunityDetail/Index?noticeUID=CO1.NTC.3846318&isFromPublicArea=True&isModal=False
A34: 184 | B34: Formar a 7.000 emprendedores a través de un programa de formación teórica, empresarial y/o artesanal con enfoque diferencial para emprendimientos artísticos, culturales, creativos, negocios verdes, microempresarios y/o unidades productivas urbanas y rurales. | C34: 2020680010074 | D34: FORTALECIMIENTO DEL CENTRO DE DESARROLLO EMPRESARIAL Y DE EMPLEABILIDAD EN EL MUNICIPIO DE BUCARAMANGA | E34: PRESTAR LOS SERVICIOS PROFESIONALES DE CARÁCTER TEMPORAL, PARA APOYAR LOS DIFERENTES EVENTOS Y ACTIVIDADES COMERCIALES A CARGO DEL IMEBU E INCLUIDOS EN LA AGENDA DEL MUNICIPIO DE BUCARAMANGA, EN EL MARCO DE LA ESTRATEGIA DE REACTIVACIÓN ECONÓMICA -SOMOS LOCALES CDE. | F34: 070-2023 | G34: CPS | H34: DIRECTA | I34: DUARTE GARCIA ADRIANA PATRICIA | J34: 2.3.2.02.02.009.03 | K34: 44966 | L34: 18000000 | M34: 18000000 | N34: 0 | O34: https://community.secop.gov.co/Public/Tendering/OpportunityDetail/Index?noticeUID=CO1.NTC.3960919&isFromPublicArea=True&isModal=False
... A42: 184 | B42: Formar a 7.000 emprendedores a través de un programa de formación teórica, empresarial y/o artesanal con enfoque diferencial para emprendimientos artísticos, culturales, creativos, negocios verdes, microempresarios y/o unidades productivas urbanas y rurales. | C42: 2020680010074 | D42: FORTALECIMIENTO DEL CENTRO DE DESARROLLO EMPRESARIAL Y DE EMPLEABILIDAD EN EL MUNICIPIO DE BUCARAMANGA | E42: PRESTACIÓN DE SERVICIOS DE APOYO A LA GESTION PARA CONTRIBUIR EN LAS ACTIVIDADES LOGÍSTICAS Y TÉCNICAS QUE SE REQUIERAN EN LAS COMUNAS Y/O CORREGIMIENTOS DE BUCARAMANGA, DENTRO DE LA ESTRATEGIA DE REACTIVACIÓN ECONOMICA SOMOS LOCALES DEL IMEBU | F42: 046-2023 | G42: CPS | H42: DIRECTA | I42: URIBE CAMACHO NATALIA ANDREA | J42: 2.3.2.02.02.009.03 | K42: 44953 | L42: 11025000 | M42: 11025000 | N42: 367500 | O42: https://community.secop.gov.co/Public/Tendering/OpportunityDetail/Index?noticeUID=CO1.NTC.3851942&isFromPublicArea=True&isModal=False
A43: 184 | B43: Formar a 7.000 emprendedores a través de un programa de formación teórica, empresarial y/o artesanal con enfoque diferencial para emprendimientos artísticos, culturales, creativos, negocios verdes, microempresarios y/o unidades productivas urbanas y rurales. | C43: 2020680010074 | D43: FORTALECIMIENTO DEL CENTRO DE DESARROLLO EMPRESARIAL Y DE EMPLEABILIDAD EN EL MUNICIPIO DE BUCARAMANGA | E43: TODAVÍA NO SE CUENTA CON CONTRATO | F43: TODAVÍA NO SE CUENTA CON CONTRATO | G43: CPS | H43: DIRECTA | I43: ASESORES CDE | J43: 2.3.2.02.02.009.03 | L43: 130243750
A44: 185 | B44: Implementar en 4.000 mipymes planes estratégicos orientados a innovar y/o incorporación tecnológica en áreas empresariales estratégicas con apoyo de Universidades y actores económicos clave. | C44: 2020680010074 | D44: FORTALECIMIENTO DEL CENTRO DE DESARROLLO EMPRESARIAL Y DE EMPLEABILIDAD EN EL MUNICIPIO DE BUCARAMANGA | E44: TODAVÍA NO SE CUENTA CON CONTRATO | F44: TODAVÍA NO SE CUENTA CON CONTRATO | G44: CPS | H44: DIRECTA | I44: ASESORES CDE | J44: 2.3.2.02.02.009.03 | L44: 130243750
A45: 186 | B45: Intervenir a 4.000 empresas y/o emprendimientos mediante apalancamiento financiero orientado a realizar inversión en innovación y/o tecnología en la zona rural y urbana con enfoque diferencial. | C45: 2020680010084 | D45: APOYO A LAS LÍNEAS DE CRÉDITO CONDONABLE Y NO CONDONABLE DEL FONDO DE FOMENTO Y CRÉDITO DEL IMEBU PROGRAMA BANCA CIUDADANA EN EL MUNICIPIO DE BUCARAMANGA | E45: PRESTAR LOS SERVICIOS PROFESIONALES DE CARÁCTER TEMPORAL, PARA BRINDAR APOYO TÉCNICO A LA POBLACIÓN VULNERABLE DEL MUNICIPIO DE BUCARAMANGA, EN LAS GESTIONES REQUERIDAS PARA PARTICIPAR EN LAS DIFERENTES CONVOCATORIAS ADELANTADAS EN PRO DE LA INCLUSIÓN LABORAL, LA GENERACIÓN DE INGRESOS Y SOSTENIBILIDAD DE NUEVOS NEGOCIOS | F45: 052-2023 | G45: CPS | H45: DIRECTA | I45: PICON GALVIS MILENA | J45: 2.3.2.02.02.009.02 | K45: 44957 | L45: 14000000 | M45: 14000000 | N45: 0 | O45: https://community.secop.gov.co/Public/Tendering/OpportunityDetail/Index?noticeUID=CO1.NTC.3889762&isFromPublicArea=True&isModal=False
A46: 186 | B46: Intervenir a 4.000 empresas y/o emprendimientos mediante apalancamiento financiero orientado a realizar inversión en innovación y/o tecnología en la zona rural y urbana con enfoque diferencial. | C46: 2020680010084 | D46: APOYO A LAS LÍNEAS DE CRÉDITO CONDONABLE Y NO CONDONABLE DEL FONDO DE FOMENTO Y CRÉDITO DEL IMEBU PROGRAMA BANCA CIUDADANA EN EL MUNICIPIO DE BUCARAMANGA | E46: PRESTAR LOS SERVICIOS PROFESIONALES DE CARÁCTER TEMPORAL, PARA APOYAR LA GESTIÓN ADMINISTRATIVA DEL SUPERVISOR DE CONVENIOS Y/O CONTRATOS SUSCRITOS EN EL MARCO DEL FONDO DE FOMENTO Y CRÉDITO DE APOYO DEL IMEBU BANCA CIUDADANA. | F46: 059-2023 | G46: CPS | H46: DIRECTA | I46: TELLEZ SOLER EDWIN FABIAN | J46: 2.3.2.02.02.009.02 | K46: 44957 | L46: 16000000 | M46: 16000000 | N46: 0 | O46: https://community.secop.gov.co/Public/Tendering/OpportunityDetail/Index?noticeUID=CO1.NTC.3891543&isFromPublicArea=True&isModal=False
A47: 186 | B47: Intervenir a 4.000 empresas y/o emprendimientos mediante apalancamiento financiero orientado a realizar inversión en innovación y/o tecnología en la zona rural y urbana con enfoque diferencial. | C47: 2020680010084 | D47: APOYO A LAS LÍNEAS DE CRÉDITO CONDONABLE Y NO CONDONABLE DEL FONDO DE FOMENTO Y CRÉDITO DEL IMEBU PROGRAMA BANCA CIUDADANA EN EL MUNICIPIO DE BUCARAMANGA | E47: PRESTAR LOS SERVICIOS PROFESIONALES DE CARÁCTER TEMPORAL PARA APOYAR LA COORDINACIÓN, ORIENTACIÓN Y ACOMPAÑAMIENTO AL PROGRAMA MISIONAL BANCA CIUDADANA DEL IMEBU. | F47: 051-2023 | G47: CPS | H47: DIRECTA | I47: CARMEN ELENA RAMOS PRIETO | J47: 2.3.2.02.02.009.02 | K47: 44957 | L47: 20400000 | M47: 20400000 | N47: 0 | O47: https://community.secop.gov.co/Public/Tendering/OpportunityDetail/Index?noticeUID=CO1.NTC.3881721&isFromPublicArea=True&isModal=False
A48: 186 | B48: Intervenir a 4.000 empresas y/o emprendimientos mediante apalancamiento financiero orientado a realizar inversión en innovación y/o tecnología en la zona rural y urbana con enfoque diferencial. | C48: 2020680010084 | D48: APOYO A LAS LÍNEAS DE CRÉDITO CONDONABLE Y NO CONDONABLE DEL FONDO DE FOMENTO Y CRÉDITO DEL IMEBU PROGRAMA BANCA CIUDADANA EN EL MUNICIPIO DE BUCARAMANGA | E48: PRESTACIÓN DE SERVICIOS PROFESIONALES A LA SUBDIRECCIÓN TÉCNICA PARA CONTRIBUIR CON LAS ACTIVIDADES COMERCIALES Y TÉCNICAS REQUERIDAS EN EL MARCO DEL PROGRAMA BANCA CIUDADANA, QUE CONTRIBUYAN A INCENTIVAR EL EMPRENDIMIENTO Y FORTALECER LAS EMPRESAS, MICOREMPRESAS Y UNIDADES PRODUCTIVAS DEL SECTOR. | F48: 065-2023 | G48: CPS | H48: DIRECTA | I48: BONILLA CORTEZ SARAY VIVIANA | J48: 2.3.2.02.02.009.02 | K48: 44959 | L48: 10500000 | M48: 10500000 | N48: 0 | O48: https://community.secop.gov.co/Public/Tendering/OpportunityDetail/Index?noticeUID=CO1.NTC.3904108&isFromPublicArea=True&isModal=False
A49: 186 | B49: Intervenir a 4.000 empresas y/o emprendimientos mediante apalancamiento financiero orientado a realizar inversión en innovación y/o tecnología en la zona rural y urbana con enfoque diferencial. | C49: 2020680010084 | D49: APOYO A LAS LÍNEAS DE CRÉDITO CONDONABLE Y NO CONDONABLE DEL FONDO DE FOMENTO Y CRÉDITO DEL IMEBU PROGRAMA BANCA CIUDADANA EN EL MUNICIPIO DE BUCARAMANGA | E49: PRESTACIÓN DE SERVICIOS DE APOYO A LA GESTIÓN, PARA COADYUVAR EN LAS ACTIVIDADES COMERCIALES REQUERIDAS EN EL MARCO DEL PROGRAMA BANCA CIUDADANA DEL IMEBU, QUE CONTRIBUYAN A INCENTIVAR EL EMPRENDIMIENTO Y FORTALECER LAS EMPRESAS, MICROEMPRESAS Y UNIDADES PRODUCTIVAS EN LA CIUDAD DE BUCARAMANGA. | F49: 077-2023 | G49: CPS | H49: DIRECTA | I49: GUTIERREZ LOSADA PAULA ANDREA | J49: 2.3.2.02.02.009.02 | K49: 44978 | L49: 9800000 | M49: 9800000 | N49: 0 | O49: https://community.secop.gov.co/Public/Tendering/OpportunityDetail/Index?noticeUID=CO1.NTC.4042716&isFromPublicArea=True&isModal=False
A50: 186 | B50: Intervenir a 4.000 empresas y/o emprendimientos mediante apalancamiento financiero orientado a realizar inversión en innovación y/o tecnología en la zona rural y urbana con enfoque diferencial. | C50: 2020680010084 | D50: APOYO A LAS LÍNEAS DE CRÉDITO CONDONABLE Y NO CONDONABLE DEL FONDO DE FOMENTO Y CRÉDITO DEL IMEBU PROGRAMA BANCA CIUDADANA EN EL MUNICIPIO DE BUCARAMANGA | E50: PRESTAR LOS SERVICIOS PROFESIONALES DE CARÁCTER TEMPORAL PARA APOYAR LA RECOLECCIÓN, CLASIFICACIÓN, ADMINISTRACIÓN, ANÁLISIS Y SEGUIMIENTO DE INFORMACIÓN EN EL MARCO DEL PROGRAMA BANCA CIUDADANA ADELANTADO POR EL INSTITUTO MUNICIPAL DE EMPLEO Y FOMENTO EMPRESARIAL DEL MUNICIPIO DE BUCARAMANGA -IMEBU. | F50: 078-2023 | G50: CPS | H50: DIRECTA | I50: OVIEDO URIBE OMAR GABRIEL | J50: 2.3.2.02.02.009.02 | K50: 44978 | L50: 15200000 | M50: 15200000 | N50: 0 | O50: https://community.secop.gov.co/Public/Tendering/OpportunityDetail/Index?noticeUID=CO1.NTC.4043122&isFromPublicArea=True&isModal=False
A51: 187 | B51: Otorgar 6.000 créditos a emprendimientos y mipymes de orientados a capital de trabajo o destinos de inversión diferente a innovación y/o tecnología en zonas urbanas y rurales. | C51: 2020680010084 | D51: APOYO A LAS LÍNEAS DE CRÉDITO CONDONABLE Y NO CONDONABLE DEL FONDO DE FOMENTO Y CRÉDITO DEL IMEBU PROGRAMA BANCA CIUDADANA EN EL MUNICIPIO DE BUCARAMANGA | E51: PRESTAR LOS SERVICIOS PROFESIONALES DE CARÁCTER TEMPORAL, PARA BRINDAR APOYO TÉCNICO A LA POBLACIÓN VULNERABLE DEL MUNICIPIO DE BUCARAMANGA, EN LAS GESTIONES REQUERIDAS PARA PARTICIPAR EN LAS DIFERENTES CONVOCATORIAS ADELANTADAS EN PRO DE LA INCLUSIÓN LABORAL, LA GENERACIÓN DE INGRESOS Y SOSTENIBILIDAD DE NUEVOS NEGOCIOS | F51: 052-2023 | G51: CPS | H51: DIRECTA | I51: PICON GALVIS MILENA | J51: 2.3.2.02.02.009.02 | K51: 44957 | L51: 14000000 | M51: 14000000 | N51: 0 | O51: https://community.secop.gov.co/Public/Tendering/OpportunityDetail/Index?noticeUID=CO1.NTC.3889762&isFromPublicArea=True&isModal=False
A52: 187 | B52: Otorgar 6.000 créditos a emprendimientos y mipymes de orientados a capital de trabajo o destinos de inversión diferente a innovación y/o tecnología en zonas urbanas y rurales. | C52: 2020680010084 | D52: APOYO A LAS LÍNEAS DE CRÉDITO CONDONABLE Y NO CONDONABLE DEL FONDO DE FOMENTO Y CRÉDITO DEL IMEBU PROGRAMA BANCA CIUDADANA EN EL MUNICIPIO DE BUCARAMANGA | E52: PRESTAR LOS SERVICIOS PROFESIONALES DE CARÁCTER TEMPORAL, PARA APOYAR LA GESTIÓN ADMINISTRATIVA DEL SUPERVISOR DE CONVENIOS Y/O CONTRATOS SUSCRITOS EN EL MARCO DEL FONDO DE FOMENTO Y CRÉDITO DE APOYO DEL IMEBU BANCA CIUDADANA. | F52: 059-2023 | G52: CPS | H52: DIRECTA | I52: TELLEZ SOLER EDWIN FABIAN | J52: 2.3.2.02.02.009.02 | K52: 44957 | L52: 16000000 | M52: 16000000 | N52: 0 | O52: https://community.secop.gov.co/Public/Tendering/OpportunityDetail/Index?noticeUID=CO1.NTC.3891543&isFromPublicArea=True&isModal=False
A53: 187 | B53: Otorgar 6.000 créditos a emprendimientos y mipymes de orientados a capital de trabajo o destinos de inversión diferente a innovación y/o tecnología en zonas urbanas y rurales. | C53: 2020680010084 | D53: APOYO A LAS LÍNEAS DE CRÉDITO CONDONABLE Y NO CONDONABLE DEL FONDO DE FOMENTO Y CRÉDITO DEL IMEBU PROGRAMA BANCA CIUDADANA EN EL MUNICIPIO DE BUCARAMANGA | E53: PRESTAR LOS SERVICIOS PROFESIONALES DE CARÁCTER TEMPORAL PARA APOYAR LA COORDINACIÓN, ORIENTACIÓN Y ACOMPAÑAMIENTO AL PROGRAMA MISIONAL BANCA CIUDADANA DEL IMEBU. | F53: 051-2023 | G53: CPS | H53: DIRECTA | I53: CARMEN ELENA RAMOS PRIETO | J53: 2.3.2.02.02.009.02 | K53: 44957 | L53: 20400000 | M53: 20400000 | N53: 0 | O53: https://community.secop.gov.co/Public/Tendering/OpportunityDetail/Index?noticeUID=CO1.NTC.3881721&isFromPublicArea=True&isModal=False
A54: 187 | B54: Otorgar 6.000 créditos a emprendimientos y mipymes de orientados a capital de trabajo o destinos de inversión diferente a innovación y/o tecnología en zonas urbanas y rurales. | C54: 2020680010084 | D54: APOYO A LAS LÍNEAS DE CRÉDITO CONDONABLE Y NO CONDONABLE DEL FONDO DE FOMENTO Y CRÉDITO DEL IMEBU PROGRAMA BANCA CIUDADANA EN EL MUNICIPIO DE BUCARAMANGA | E54: PRESTACIÓN DE SERVICIOS PROFESIONALES A LA SUBDIRECCIÓN TÉCNICA PARA CONTRIBUIR CON LAS ACTIVIDADES COMERCIALES Y TÉCNICAS REQUERIDAS EN EL MARCO DEL PROGRAMA BANCA CIUDADANA, QUE CONTRIBUYAN A INCENTIVAR EL EMPRENDIMIENTO Y FORTALECER LAS EMPRESAS, MICOREMPRESAS Y UNIDADES PRODUCTIVAS DEL SECTOR. | F54: 065-2023 | G54: CPS | H54: DIRECTA | I54: BONILLA CORTEZ SARAY VIVIANA | J54: 2.3.2.02.02.009.02 | K54: 44959 | L54: 10500000 | M54: 10500000 | N54: 0 | O54: https://community.secop.gov.co/Public/Tendering/OpportunityDetail/Index?noticeUID=CO1.NTC.3904108&isFromPublicArea=True&isModal=False
A55: 187 | B55: Otorgar 6.000 créditos a emprendimientos y mipymes de orientados a capital de trabajo o destinos de inversión diferente a innovación y/o tecnología en zonas urbanas y rurales. | C55: 2020680010084 | D55: APOYO A LAS LÍNEAS DE CRÉDITO CONDONABLE Y NO CONDONABLE DEL FONDO DE FOMENTO Y CRÉDITO DEL IMEBU PROGRAMA BANCA CIUDADANA EN EL MUNICIPIO DE BUCARAMANGA | E55: PRESTACIÓN DE SERVICIOS DE APOYO A LA GESTIÓN, PARA COADYUVAR EN LAS ACTIVIDADES COMERCIALES REQUERIDAS EN EL MARCO DEL PROGRAMA BANCA CIUDADANA DEL IMEBU, QUE CONTRIBUYAN A INCENTIVAR EL EMPRENDIMIENTO Y FORTALECER LAS EMPRESAS, MICROEMPRESAS Y UNIDADES PRODUCTIVAS EN LA CIUDAD DE BUCARAMANGA. | F55: 077-2023 | G55: CPS | H55: DIRECTA | I55: GUTIERREZ LOSADA PAULA ANDREA | J55: 2.3.2.02.02.009.02 | K55: 44978 | L55: 9800000 | M55: 9800000 | N55: 0 | O55: https://community.secop.gov.co/Public/Tendering/OpportunityDetail/Index?noticeUID=CO1.NTC.4042716&isFromPublicArea=True&isModal=False
A56: 187 | B56: Otorgar 6.000 créditos a emprendimientos y mipymes de orientados a capital de trabajo o destinos de inversión diferente a innovación y/o tecnología en zonas urbanas y rurales. | C56: 2020680010084 | D56: APOYO A LAS LÍNEAS DE CRÉDITO CONDONABLE Y NO CONDONABLE DEL FONDO DE FOMENTO Y CRÉDITO DEL IMEBU PROGRAMA BANCA CIUDADANA EN EL MUNICIPIO DE BUCARAMANGA | E56: PRESTAR LOS SERVICIOS PROFESIONALES DE CARÁCTER TEMPORAL PARA APOYAR LA RECOLECCIÓN, CLASIFICACIÓN, ADMINISTRACIÓN, ANÁLISIS Y SEGUIMIENTO DE INFORMACIÓN EN EL MARCO DEL PROGRAMA BANCA CIUDADANA ADELANTADO POR EL INSTITUTO MUNICIPAL DE EMPLEO Y FOMENTO EMPRESARIAL DEL MUNICIPIO DE BUCARAMANGA -IMEBU. | F56: 078-2023 | G56: CPS | H56: DIRECTA | I56: OVIEDO URIBE OMAR GABRIEL | J56: 2.3.2.02.02.009.02 | K56: 44978 | L56: 15200000 | M56: 15200000 | N56: 0 | O56: https://community.secop.gov.co/Public/Tendering/OpportunityDetail/Index?noticeUID=CO1.NTC.4043122&isFromPublicArea=True&isModal=False
... A107: 302 | B107: Mantener en funcionamiento el 100% de los programas del Instituto Municipal del Empleo. | C107: 2021680010176 | D107: FORTALECIMIENTO DE LOS PROCESOS DEL INSTITUTO MUNICIPAL DE EMPLEO Y FOMENTO EMPRESARIAL DEL MUNICIPIO DE BUCARAMANGA | E107: PRESTAR LOS SERVICIOS PROFESIONALES DE CARÁCTER TEMPORAL PARA APOYAR LOS PROCESOS ADMINISTRATIVOS, DE ORIENTACION Y ESTRATEGIAS DE ATENCION PARA EL EMPLEO Y EMPRENDIMIENTO EN EL MARCO DE LOS SERVICIOS MISIONALES QUE SE BRINDAN EN EL IMEBU. | F107: 008-2023 | G107: CPS | H107: DIRECTA | I107: SANCHEZ CASTAÑO KAREN TATIANA | J107: 2.3.2.02.02.009.06 | K107: 44938 | L107: 40000000 | M107: 40000000 | N107: 3166667 | O107: https://community.secop.gov.co/Public/Tendering/OpportunityDetail/Index?noticeUID=CO1.NTC.3737730&isFromPublicArea=True&isModal=False
A108: 302 | B108: Mantener en funcionamiento el 100% de los programas del Instituto Municipal del Empleo. | C108: 2021680010176 | D108: FORTALECIMIENTO DE LOS PROCESOS DEL INSTITUTO MUNICIPAL DE EMPLEO Y FOMENTO EMPRESARIAL DEL MUNICIPIO DE BUCARAMANGA | E108: PRESTACION DE SERVICIOS PARA EL DESARROLLO DE UN PLAN DE MEDIOS QUE PERMITA LA DIFUSION DE LA OFERTA INSTITUCIONAL, EN EL MARCO DEL FORO DENOMINADO "BUCARAMANGA, MILAGRO ECONOMICO DE COLOMBIA" CON EL FIN DE LOGRAR UNA COMUNICACION EFICAZ, EXPEDITA Y TRANSPARENTE ENTRE LOS BUMANGUESES Y EL INSTITUTO MUNICIPAL DE EMPLEO Y FOMENTO EMPRESARIAL DEL MUNICIPIO DE BUCARAMANGA - IMEBU. | F108: 001-2023 | G108: CMC | H108: DIRECTA | I108: TP EVENTOS Y TECNOLOGIAS S.A.S. | J108: 2.3.2.02.02.009.06 | K108: 44958 | L108: 25980269 | M108: 25980269 | N108: 0
A109: 302 | B109: Mantener en funcionamiento el 100% de los programas del Instituto Municipal del Empleo. | C109: 2021680010176 | D109: FORTALECIMIENTO DE LOS PROCESOS DEL INSTITUTO MUNICIPAL DE EMPLEO Y FOMENTO EMPRESARIAL DEL MUNICIPIO DE BUCARAMANGA | E109: PRESTAR LOS SERVICIOS PROFESIONALES DE CARÁCTER TEMPORAL PARA APOYAR EL OBSERVATORIO ECONOMICO DEL IMEBU EN LA GESTIÓN, PROCESAMIENTO Y TRATAMIENTO DE DATOS INTERNOS Y EXTERNOS GENERADOS POR LA ENTIDAD . | F109: 011-2023 | G109: CPS | H109: DIRECTA | I109: URIZA ESTUPIÑAN MARYI YURANY | J109: 2.3.2.02.02.009.06 | K109: 44939 | L109: 30400000 | M109: 30400000 | N109: 2280000 | O109: https://community.secop.gov.co/Public/Tendering/OpportunityDetail/Index?noticeUID=CO1.NTC.3747362&isFromPublicArea=True&isModal=False
A110: 302 | B110: Mantener en funcionamiento el 100% de los programas del Instituto Municipal del Empleo. | C110: 2021680010176 | D110: FORTALECIMIENTO DE LOS PROCESOS DEL INSTITUTO MUNICIPAL DE EMPLEO Y FOMENTO EMPRESARIAL DEL MUNICIPIO DE BUCARAMANGA | E110: PRESTAR LOS SERVICIOS PROFESIONALES DE CARÁCTER TEMPORAL COMO ABOGADO, PARA APOYAR Y GESTIONAR JURIDICAMENTE LOS DIFERENTES PROCESOS CONTRACTUALES QUE ADELANTE LA SUBDIRECCIÓN TÉCNICA EN SUS ETAPAS PRECONTRACTUAL, CONTRACTUAL Y POST CONTRACTUAL. | F110: 014-2023 | G110: CPS | H110: DIRECTA | I110: VILLAMIZAR SUAREZ YURLEY PATRICIA | J110: 2.3.2.02.02.009.06 | K110: 44942 | L110: 27000000 | M110: 27000000 | N110: 2100000 | O110: https://community.secop.gov.co/Public/Tendering/OpportunityDetail/Index?noticeUID=CO1.NTC.3752972&isFromPublicArea=True&isModal=False
A111: 302 | B111: Mantener en funcionamiento el 100% de los programas del Instituto Municipal del Empleo. | C111: 2021680010176 | D111: FORTALECIMIENTO DE LOS PROCESOS DEL INSTITUTO MUNICIPAL DE EMPLEO Y FOMENTO EMPRESARIAL DEL MUNICIPIO DE BUCARAMANGA | E111: PRESTACION DE SERVICIOS PROFESIONALES COMO ABOGADO PARA ACOMPAÑAMIENTO. ORIENTACIÓN Y APOYO EN LAS ÁREAS DE DERECHO PUBLICO Y DE DERECHO LABORAL ADMINISTRATIVO EN LA PROYECCIÓN Y REVISIÓN DE LOS DIFERENTES DOCUMENTOS Y ACTOS ADMINISTRATIVOS QUE REQUIERA LA OFICINA ASESORA JURIDICA DEL INSTITUTO MUNICIPAL DE EMPLEO Y FOMENTO EMPRESARIAL DE BUCARAMANGA- IMEBU | F111: 060-2023 | G111: CPS | H111: DIRECTA | I111: YASSIN MORA NAYUA SABAH | J111: 2.3.2.02.02.009.06 | K111: 44957 | L111: 16000000 | M111: 16000000 | N111: 0 | O111: https://community.secop.gov.co/Public/Tendering/OpportunityDetail/Index?noticeUID=CO1.NTC.3892090&isFromPublicArea=True&isModal=False
A112: 302 | B112: Mantener en funcionamiento el 100% de los programas del Instituto Municipal del Empleo. | C112: 2021680010176 | D112: FORTALECIMIENTO DE LOS PROCESOS DEL INSTITUTO MUNICIPAL DE EMPLEO Y FOMENTO EMPRESARIAL DEL MUNICIPIO DE BUCARAMANGA | E112: PRESTACION DE SERVICIOS PROFESIONALES COMO ABOGADO PARA ACOMPAÑAMIENTO. ORIENTACIÓN Y APOYO EN LAS ÁREAS DE DERECHO PUBLICO Y DE DERECHO LABORAL ADMINISTRATIVO EN LA PROYECCIÓN Y REVISIÓN DE LOS DIFERENTES DOCUMENTOS Y ACTOS ADMINISTRATIVOS QUE REQUIERA LA OFICINA ASESORA JURIDICA DEL INSTITUTO MUNICIPAL DE EMPLEO Y FOMENTO EMPRESARIAL DE BUCARAMANGA- IMEBU | F112: ADC-060-2023 | G112: CPS | H112: DIRECTA | I112: YASSIN MORA NAYUA SABAH | J112: 2.3.2.02.02.009.06 | K112: 44972 | L112: 4333333 | M112: 4333333 | N112: 0

Sheet % METAS CDE
B1: Nombre proyecto de inversión | C1: FORTALECIMIENTO DEL CENTRO DE DESARROLLO EMPRESARIAL Y DE EMPLEABILIDAD EN EL MUNICIPIO DE BUCARAMANGA
B3: Etiquetas de fila | C3: Suma de Total apropiado | E3: META | F3: CDE
B4: 182 | C4: 0.38711049 | E4: 182 | F4: 0.38711049
B5: 183 | C5: 0.019005907 | E5: 183 | F5: 0.019005907
B6: 184 | C6: 0.49284684 | E6: 184 | F6: 0.49284684
B7: 185 | C7: 0.10103676 | E7: 185 | F7: 0.10103676
B8: Total general | C8: 1

Sheet Gastos_Febrero
A1: INSTITUTO MUNICIPAL DE EMPLEO Y FOMENTO EMPRESARIAL - IMEBU
A2: NIT: 00804014968 - 1
A3: EJECUCION PRESUPUESTAL DE GASTOS
A4: Periodo comprendido entre 01-01-2023 y 28-02-2023
A5: Fecha de Impresión: 01.03.2023 Hora: 11:48:am
A6: Impreso por: GUSTAVO - GUSTAVO RAMIREZ BONELLS
A7: Codigo de Control | B7: Rubro Presupuestal | C7: Unidad Ejecutora | D7: Descripción | E7: Fuente | F7: Presupuesto Inicial | G7: Adiciones | H7: Aplazamientos | I7: Desaplazamiento | J7: Reducciones | K7: Créditos | L7: Contracréditos | M7: Presupuesto Definitivo | N7: Cdps Mes Anterior | O7: Cdps Mes Actual | P7: Total Ejecutado Segun Cdps | Q7: Cdps Vigencia Futura | R7: Saldo por Ejecutar | S7: Compromisos Mes Anterior | T7: Total Compromisos mes Actual | U7: Total Compromisos | V7: Saldo por Comprometer | W7: Total Obligaciones | X7: Pagos Mes Anterior | Y7: Total Pagos Periodo | Z7: Total Pagos | AA7: Saldo por Pagar
B8: 2 | C8: IMEB | D8: Gastos | F8: 6974000000 | G8: 0 | H8: 0 | I8: 0 | J8: 0 | K8: 0 | L8: 0 | M8: 6974000000 | N8: 0 | O8: 3531051050 | P8: 3531051050 | Q8: 0 | R8: 3442948950 | S8: 0 | T8: 3270563550 | U8: 3270563550 | V8: 3703436450 | W8: 2.6129827e+08 | X8: 0 | Y8: 2.393775e+08 | Z8: 2.393775e+08 | AA8: 3.031186e+09
B9: 2.1 | C9: IMEB | D9: Funcionamiento | F9: 2609081949 | G9: 0 | H9: 0 | I9: 0 | J9: 0 | K9: 0 | L9: 0 | M9: 2609081949 | N9: 0 | O9: 757479562 | P9: 757479562 | Q9: 0 | R9: 1851602387 | S9: 0 | T9: 757479562 | U9: 757479562 | V9: 1851602387 | W9: 2.099726e+08 | X9: 0 | Y9: 1.900685e+08 | Z9: 1.900685e+08 | AA9: 5.6741106e+08
B10: 2.1.1 | C10: IMEB | D10: Gastos de personal | F10: 1587025756 | G10: 0 | H10: 0 | I10: 0 | J10: 0 | K10: 0 | L10: 0 | M10: 1587025756 | N10: 0 | O10: 173421276 | P10: 173421276 | Q10: 0 | R10: 1413604480 | S10: 0 | T10: 173421276 | U10: 173421276 | V10: 1413604480 | W10: 173409176 | X10: 0 | Y10: 153505076 | Z10: 153505076 | AA10: 19916200
B11: 2.1.1.01 | C11: IMEB | D11: Planta de personal permanente | F11: 1587025756 | G11: 0 | H11: 0 | I11: 0 | J11: 0 | K11: 0 | L11: 0 | M11: 1587025756 | N11: 0 | O11: 173421276 | P11: 173421276 | Q11: 0 | R11: 1413604480 | S11: 0 | T11: 173421276 | U11: 173421276 | V11: 1413604480 | W11: 173409176 | X11: 0 | Y11: 153505076 | Z11: 153505076 | AA11: 19916200
B12: 2.1.1.01.01 | C12: IMEB | D12: Factores constitutivos de salario | F12: 1107587483 | G12: 0 | H12: 0 | I12: 0 | J12: 0 | K12: 0 | L12: 0 | M12: 1107587483 | N12: 0 | O12: 132947376 | P12: 132947376 | Q12: 0 | R12: 974640107 | S12: 0 | T12: 132947376 | U12: 132947376 | V12: 974640107 | W12: 132947376 | X12: 0 | Y12: 132947376 | Z12: 132947376 | AA12: 0
B13: 2.1.1.01.01.001 | C13: IMEB | D13: Factores salariales comunes | F13: 1107587483 | G13: 0 | H13: 0 | I13: 0 | J13: 0 | K13: 0 | L13: 0 | M13: 1107587483 | N13: 0 | O13: 132947376 | P13: 132947376 | Q13: 0 | R13: 974640107 | S13: 0 | T13: 132947376 | U13: 132947376 | V13: 974640107 | W13: 132947376 | X13: 0 | Y13: 132947376 | Z13: 132947376 | AA13: 0
A14: 230001 | B14: 2.1.1.01.01.001.01 | C14: IMEB | D14: Sueldo básico | E14: 1.2.1.0.0 | F14: 880317528 | G14: 0 | H14: 0 | I14: 0 | J14: 0 | K14: 0 | L14: 0 | M14: 880317528 | N14: 0 | O14: 132947376 | P14: 132947376 | Q14: 0 | R14: 747370152 | S14: 0 | T14: 132947376 | U14: 132947376 | V14: 747370152 | W14: 132947376 | X14: 0 | Y14: 132947376 | Z14: 132947376 | AA14: 0
A15: 230002 | B15: 2.1.1.01.01.001.06 | C15: IMEB | D15: Prima de servicios | E15: 1.2.1.0.0 | F15: 75499453 | G15: 0 | H15: 0 | I15: 0 | J15: 0 | K15: 0 | L15: 0 | M15: 75499453 | N15: 0 | O15: 0 | P15: 0 | Q15: 0 | R15: 75499453 | S15: 0 | T15: 0 | U15: 0 | V15: 75499453 | W15: 0 | X15: 0 | Y15: 0 | Z15: 0 | AA15: 0
A16: 230003 | B16: 2.1.1.01.01.001.07 | C16: IMEB | D16: Bonificación por servicios prestados | E16: 1.2.1.0.0 | F16: 25675926 | G16: 0 | H16: 0 | I16: 0 | J16: 0 | K16: 0 | L16: 0 | M16: 25675926 | N16: 0 | O16: 0 | P16: 0 | Q16: 0 | R16: 25675926 | S16: 0 | T16: 0 | U16: 0 | V16: 25675926 | W16: 0 | X16: 0 | Y16: 0 | Z16: 0 | AA16: 0
B17: 2.1.1.01.01.001.08 | C17: IMEB | D17: Prestaciones sociales | F17: 126094576 | G17: 0 | H17: 0 | I17: 0 | J17: 0 | K17: 0 | L17: 0 | M17: 126094576 | N17: 0 | O17: 0 | P17: 0 | Q17: 0 | R17: 126094576 | S17: 0 | T17: 0 | U17: 0 | V17: 126094576 | W17: 0 | X17: 0 | Y17: 0 | Z17: 0 | AA17: 0
A18: 230004 | B18: 2.1.1.01.01.001.08.01 | C18: IMEB | D18: Prima de navidad | E18: 1.2.1.0.0 | F18: 85199034 | G18: 0 | H18: 0 | I18: 0 | J18: 0 | K18: 0 | L18: 0 | M18: 85199034 | N18: 0 | O18: 0 | P18: 0 | Q18: 0 | R18: 85199034 | S18: 0 | T18: 0 | U18: 0 | V18: 85199034 | W18: 0 | X18: 0 | Y18: 0 | Z18: 0 | AA18: 0
A19: 230005 | B19: 2.1.1.01.01.001.08.02 | C19: IMEB | D19: Prima de vacaciones | E19: 1.2.1.0.0 | F19: 40895542 | G19: 0 | H19: 0 | I19: 0 | J19: 0 | K19: 0 | L19: 0 | M19: 40895542 | N19: 0 | O19: 0 | P19: 0 | Q19: 0 | R19: 40895542 | S19: 0 | T19: 0 | U19: 0 | V19: 40895542 | W19: 0 | X19: 0 | Y19: 0 | Z19: 0 | AA19: 0
B20: 2.1.1.01.02 | C20: IMEB | D20: Contribuciones inherentes a la nómina | F20: 391841130 | G20: 0 | H20: 0 | I20: 0 | J20: 0 | K20: 0 | L20: 0 | M20: 391841130 | N20: 0 | O20: 40473900 | P20: 40473900 | Q20: 0 | R20: 351367230 | S20: 0 | T20: 40473900 | U20: 40473900 | V20: 351367230 | W20: 40461800 | X20: 0 | Y20: 20557700 | Z20: 20557700 | AA20: 19916200
A21: 230007 | B21: 2.1.1.01.02.001 | C21: IMEB | D21: Aportes a la seguridad social en pensiones | E21: 1.2.1.0.0 | F21: 108719214 | G21: 0 | H21: 0 | I21: 0 | J21: 0 | K21: 0 | L21: 0 | M21: 108719214 | N21: 0 | O21: 16058900 | P21: 16058900 | Q21: 0 | R21: 92660314 | S21: 0 | T21: 16058900 | U21: 16058900 | V21: 92660314 | W21: 16058900 | X21: 0 | Y21: 8056000 | Z21: 8056000 | AA21: 8002900
A22: 230008 | B22: 2.1.1.01.02.002 | C22: IMEB | D22: Aportes a la seguridad social en salud | E22: 1.2.1.0.0 | F22: 77009444 | G22: 0 | H22: 0 | I22: 0 | J22: 0 | K22: 0 | L22: 0 | M22: 77009444 | N22: 0 | O22: 11379600 | P22: 11379600 | Q22: 0 | R22: 65629844 | S22: 0 | T22: 11379600 | U22: 11379600 | V22: 65629844 | W22: 11379600 | X22: 0 | Y22: 5711100 | Z22: 5711100 | AA22: 5668500
A23: 230009 | B23: 2.1.1.01.02.003 | C23: IMEB | D23: Aportes de cesantías | E23: 1.2.1.0.0 | F23: 103374829 | G23: 0 | H23: 0 | I23: 0 | J23: 0 | K23: 0 | L23: 0 | M23: 103374829 | N23: 0 | O23: 0 | P23: 0 | Q23: 0 | R23: 103374829 | S23: 0 | T23: 0 | U23: 0 | V23: 103374829 | W23: 0 | X23: 0 | Y23: 0 | Z23: 0 | AA23: 0
A24: 230010 | B24: 2.1.1.01.02.004 | C24: IMEB | D24: Aportes a cajas de compensación familiar | E24: 1.2.1.0.0 | F24: 43403798 | G24: 0 | H24: 0 | I24: 0 | J24: 0 | K24: 0 | L24: 0 | M24: 43403798 | N24: 0 | O24: 5478600 | P24: 5478600 | Q24: 0 | R24: 37925198 | S24: 0 | T24: 5478600 | U24: 5478600 | V24: 37925198 | W24: 5478600 | X24: 0 | Y24: 2860900 | Z24: 2860900 | AA24: 2617700
A25: 230011 | B25: 2.1.1.01.02.005 | C25: IMEB | D25: Aportes generales al sistema de riesgos laborales | E25: 1.2.1.0.0 | F25: 5079098 | G25: 0 | H25: 0 | I25: 0 | J25: 0 | K25: 0 | L25: 0 | M25: 5079098 | N25: 0 | O25: 707100 | P25: 707100 | Q25: 0 | R25: 4371998 | S25: 0 | T25: 707100 | U25: 707100 | V25: 4371998 | W25: 695000 | X25: 0 | Y25: 352800 | Z25: 352800 | AA25: 354300
A26: 230012 | B26: 2.1.1.01.02.006 | C26: IMEB | D26: Aportes al ICBF | E26: 1.2.1.0.0 | F26: 32552848 | G26: 0 | H26: 0 | I26: 0 | J26: 0 | K26: 0 | L26: 0 | M26: 32552848 | N26: 0 | O26: 4109700 | P26: 4109700 | Q26: 0 | R26: 28443148 | S26: 0 | T26: 4109700 | U26: 4109700 | V26: 28443148 | W26: 4109700 | X26: 0 | Y26: 2146100 | Z26: 2146100 | AA26: 1963600
A27: 230013 | B27: 2.1.1.01.02.007 | C27: IMEB | D27: Aportes al SENA | E27: 1.2.1.0.0 | F27: 21701899 | G27: 0 | H27: 0 | I27: 0 | J27: 0 | K27: 0 | L27: 0 | M27: 21701899 | N27: 0 | O27: 2740000 | P27: 2740000 | Q27: 0 | R27: 18961899 | S27: 0 | T27: 2740000 | U27: 2740000 | V27: 18961899 | W27: 2740000 | X27: 0 | Y27: 1430800 | Z27: 1430800 | AA27: 1309200
B28: 2.1.1.01.03 | C28: IMEB | D28: Remuneraciones no constitutivas de factor salarial | F28: 87597143 | G28: 0 | H28: 0 | I28: 0 | J28: 0 | K28: 0 | L28: 0 | M28: 87597143 | N28: 0 | O28: 0 | P28: 0 | Q28: 0 | R28: 87597143 | S28: 0 | T28: 0 | U28: 0 | V28: 87597143 | W28: 0 | X28: 0 | Y28: 0 | Z28: 0 | AA28: 0
B29: 2.1.1.01.03.001 | C29: IMEB | D29: Prestaciones sociales | F29: 87597143 | G29: 0 | H29: 0 | I29: 0 | J29: 0 | K29: 0 | L29: 0 | M29: 87597143 | N29: 0 | O29: 0 | P29: 0 | Q29: 0 | R29: 87597143 | S29: 0 | T29: 0 | U29: 0 | V29: 87597143 | W29: 0 | X29: 0 | Y29: 0 | Z29: 0 | AA29: 0
A30: 230014 | B30: 2.1.1.01.03.001.01 | C30: IMEB | D30: Vacaciones | E30: 1.2.1.0.0 | F30: 62706489 | G30: 0 | H30: 0 | I30: 0 | J30: 0 | K30: 0 | L30: 0 | M30: 62706489 | N30: 0 | O30: 0 | P30: 0 | Q30: 0 | R30: 62706489 | S30: 0 | T30: 0 | U30: 0 | V30: 62706489 | W30: 0 | X30: 0 | Y30: 0 | Z30: 0 | AA30: 0
A31: 230015 | B31: 2.1.1.01.03.001.02 | C31: IMEB | D31: Indemnización por vacaciones | E31: 1.3.2.3.05 | F31: 20000000 | G31: 0 | H31: 0 | I31: 0 | J31: 0 | K31: 0 | L31: 0 | M31: 20000000 | N31: 0 | O31: 0 | P31: 0 | Q31: 0 | R31: 20000000 | S31: 0 | T31: 0 | U31: 0 | V31: 20000000 | W31: 0 | X31: 0 | Y31: 0 | Z31: 0 | AA31: 0
A32: 230016 | B32: 2.1.1.01.03.001.03 | C32: IMEB | D32: Bonificacion especial de recreación | E32: 1.2.1.0.0 | F32: 4890654 | G32: 0 | H32: 0 | I32: 0 | J32: 0 | K32: 0 | L32: 0 | M32: 4890654 | N32: 0 | O32: 0 | P32: 0 | Q32: 0 | R32: 4890654 | S32: 0 | T32: 0 | U32: 0 | V32: 4890654 | W32: 0 | X32: 0 | Y32: 0 | Z32: 0 | AA32: 0
B33: 2.1.2 | C33: IMEB | D33: Adquisición de bienes y servicios | F33: 953512250 | G33: 0 | H33: 0 | I33: 0 | J33: 0 | K33: 0 | L33: 0 | M33: 953512250 | N33: 0 | O33: 541442286 | P33: 541442286 | Q33: 0 | R33: 412069964 | S33: 0 | T33: 541442286 | U33: 541442286 | V33: 412069964 | W33: 29460762 | X33: 0 | Y33: 29460762 | Z33: 29460762 | AA33: 511981524
B34: 2.1.2.01 | C34: IMEB | D34: Adquisición de activos no financieros | F34: 32500000 | G34: 0 | H34: 0 | I34: 0 | J34: 0 | K34: 0 | L34: 0 | M34: 32500000 | N34: 0 | O34: 0 | P34: 0 | Q34: 0 | R34: 32500000 | S34: 0 | T34: 0 | U34: 0 | V34: 32500000 | W34: 0 | X34: 0 | Y34: 0 | Z34: 0 | AA34: 0
B35: 2.1.2.01.01 | C35: IMEB | D35: Activos Fijos | F35: 32500000 | G35: 0 | H35: 0 | I35: 0 | J35: 0 | K35: 0 | L35: 0 | M35: 32500000 | N35: 0 | O35: 0 | P35: 0 | Q35: 0 | R35: 32500000 | S35: 0 | T35: 0 | U35: 0 | V35: 32500000 | W35: 0 | X35: 0 | Y35: 0 | Z35: 0 | AA35: 0
B36: 2.1.2.01.01.005 | C36: IMEB | D36: Otros Activos Fijos | F36: 32500000 | G36: 0 | H36: 0 | I36: 0 | J36: 0 | K36: 0 | L36: 0 | M36: 32500000 | N36: 0 | O36: 0 | P36: 0 | Q36: 0 | R36: 32500000 | S36: 0 | T36: 0 | U36: 0 | V36: 32500000 | W36: 0 | X36: 0 | Y36: 0 | Z36: 0 | AA36: 0
B37: 2.1.2.01.01.005.02 | C37: IMEB | D37: Productos de la propiedad intelectual | F37: 32500000 | G37: 0 | H37: 0 | I37: 0 | J37: 0 | K37: 0 | L37: 0 | M37: 32500000 | N37: 0 | O37: 0 | P37: 0 | Q37: 0 | R37: 32500000 | S37: 0 | T37: 0 | U37: 0 | V37: 32500000 | W37: 0 | X37: 0 | Y37: 0 | Z37: 0 | AA37: 0
B38: 2.1.2.01.01.005.02.03 | C38: IMEB | D38: Programas de informática y bases de datos | F38: 32500000 | G38: 0 | H38: 0 | I38: 0 | J38: 0 | K38: 0 | L38: 0 | M38: 32500000 | N38: 0 | O38: 0 | P38: 0 | Q38: 0 | R38: 32500000 | S38: 0 | T38: 0 | U38: 0 | V38: 32500000 | W38: 0 | X38: 0 | Y38: 0 | Z38: 0 | AA38: 0
B39: 2.1.2.01.01.005.02.03.01 | C39: IMEB | D39: Programas de informática | F39: 32500000 | G39: 0 | H39: 0 | I39: 0 | J39: 0 | K39: 0 | L39: 0 | M39: 32500000 | N39: 0 | O39: 0 | P39: 0 | Q39: 0 | R39: 32500000 | S39: 0 | T39: 0 | U39: 0 | V39: 32500000 | W39: 0 | X39: 0 | Y39: 0 | Z39: 0 | AA39: 0
A40: 230017 | B40: 2.1.2.01.01.005.02.03.01.01 | C40: IMEB | D40: Paquetes de Software | E40: 1.2.1.0.0 | F40: 32500000 | G40: 0 | H40: 0 | I40: 0 | J40: 0 | K40: 0 | L40: 0 | M40: 32500000 | N40: 0 | O40: 0 | P40: 0 | Q40: 0 | R40: 32500000 | S40: 0 | T40: 0 | U40: 0 | V40: 32500000 | W40: 0 | X40: 0 | Y40: 0 | Z40: 0 | AA40: 0
B41: 2.1.2.02 | C41: IMEB | D41: Adquisiciones diferentes de activos | F41: 921012250 | G41: 0 | H41: 0 | I41: 0 | J41: 0 | K41: 0 | L41: 0 | M41: 921012250 | N41: 0 | O41: 541442286 | P41: 541442286 | Q41: 0 | R41: 379569964 | S41: 0 | T41: 541442286 | U41: 541442286 | V41: 379569964 | W41: 29460762 | X41: 0 | Y41: 29460762 | Z41: 29460762 | AA41: 511981524
B42: 2.1.2.02.01 | C42: IMEB | D42: Materiales y suministros | F42: 46032000 | G42: 0 | H42: 0 | I42: 0 | J42: 0 | K42: 0 | L42: 0 | M42: 46032000 | N42: 0 | O42: 4176000 | P42: 4176000 | Q42: 0 | R42: 41856000 | S42: 0 | T42: 4176000 | U42: 4176000 | V42: 41856000 | W42: 522000 | X42: 0 | Y42: 522000 | Z42: 522000 | AA42: 3654000
A43: 230018 | B43: 2.1.2.02.01.003 | C43: IMEB | D43: Otros bienes transportables (excepto productos metálicos, maquinaria y equipo) | E43: 1.2.1.0.0 | F43: 46032000 | G43: 0 | H43: 0 | I43: 0 | J43: 0 | K43: 0 | L43: 0 | M43: 46032000 | N43: 0 | O43: 4176000 | P43: 4176000 | Q43: 0 | R43: 41856000 | S43: 0 | T43: 4176000 | U43: 4176000 | V43: 41856000 | W43: 522000 | X43: 0 | Y43: 522000 | Z43: 522000 | AA43: 3654000
B44: 2.1.2.02.02 | C44: IMEB | D44: Adquisición de servicios | F44: 874980250 | G44: 0 | H44: 0 | I44: 0 | J44: 0 | K44: 0 | L44: 0 | M44: 874980250 | N44: 0 | O44: 537266286 | P44: 537266286 | Q44: 0 | R44: 337713964 | S44: 0 | T44: 537266286 | U44: 537266286 | V44: 337713964 | W44: 28938762 | X44: 0 | Y44: 28938762 | Z44: 28938762 | AA44: 508327524
B45: 2.1.2.02.02.006 | C45: IMEB | D45: Servicios de alojamiento; servicios de suministro de comidas y bebidas; servicios de transporte; y servicios de distribución de electricidad, gas y agua | F45: 33288000 | G45: 0 | H45: 0 | I45: 0 | J45: 0 | K45: 0 | L45: 0 | M45: 33288000 | N45: 0 | O45: 2837429 | P45: 2837429 | Q45: 0 | R45: 30450571 | S45: 0 | T45: 2837429 | U45: 2837429 | V45: 30450571 | W45: 401429 | X45: 0 | Y45: 401429 | Z45: 401429 | AA45: 2436000
A46: 230020 | B46: 2.1.2.02.02.006.01 | C46: IMEB | D46: Servicios de alojamiento; servicios de suministro de comidas y bebidas; servicios de transporte; y servicios de distribución de electricidad, gas y agua | E46: 1.2.1.0.0 | F46: 10188000 | G46: 0 | H46: 0 | I46: 0 | J46: 0 | K46: 0 | L46: 0 | M46: 10188000 | N46: 0 | O46: 2784000 | P46: 2784000 | Q46: 0 | R46: 7404000 | S46: 0 | T46: 2784000 | U46: 2784000 | V46: 7404000 | W46: 348000 | X46: 0 | Y46: 348000 | Z46: 348000 | AA46: 2436000
A47: 230019 | B47: 2.1.2.02.02.006.02 | C47: IMEB | D47: Servicios de alojamiento; servicios de suministro de comidas y bebidas; servicios de transporte; y servicios de distribución de electricidad, gas y agua - SOLERI KENNEDY | E47: 1.2.1.0.0 | F47: 23100000 | G47: 0 | H47: 0 | I47: 0 | J47: 0 | K47: 0 | L47: 0 | M47: 23100000 | N47: 0 | O47: 53429 | P47: 53429 | Q47: 0 | R47: 23046571 | S47: 0 | T47: 53429 | U47: 53429 | V47: 23046571 | W47: 53429 | X47: 0 | Y47: 53429 | Z47: 53429 | AA47: 0
B48: 2.1.2.02.02.007 | C48: IMEB | D48: Servicios financieros y servicios conexos, servicios inmobiliarios y servicios de leasing | F48: 348039290 | G48: 0 | H48: 0 | I48: 0 | J48: 0 | K48: 0 | L48: 0 | M48: 348039290 | N48: 0 | O48: 324818190 | P48: 324818190 | Q48: 0 | R48: 23221100 | S48: 0 | T48: 324818190 | U48: 324818190 | V48: 23221100 | W48: 0 | X48: 0 | Y48: 0 | Z48: 0 | AA48: 324818190
A49: 230021 | B49: 2.1.2.02.02.007.01 | C49: IMEB | D49: Servicios financieros y servicios conexos, servicios inmobiliarios y servicios de leasing - CEMPRENDE | E49: 1.2.1.0.0 | F49: 300062900 | G49: 0 | H49: 0 | I49: 0 | J49: 0 | K49: 0 | L49: 0 | M49: 300062900 | N49: 0 | O49: 300062900 | P49: 300062900 | Q49: 0 | R49: 0 | S49: 0 | T49: 300062900 | U49: 300062900 | V49: 0 | W49: 0 | X49: 0 | Y49: 0 | Z49: 0 | AA49: 300062900
A50: 230025 | B50: 2.1.2.02.02.007.02 | C50: IMEB | D50: Servicios financieros y servicios conexos, servicios inmobiliarios y servicios de leasing | E50: 1.2.1.0.0 | F50: 47976390 | G50: 0 | H50: 0 | I50: 0 | J50: 0 | K50: 0 | L50: 0 | M50: 47976390 | N50: 0 | O50: 24755290 | P50: 24755290 | Q50: 0 | R50: 23221100 | S50: 0 | T50: 24755290 | U50: 24755290 | V50: 23221100 | W50: 0 | X50: 0 | Y50: 0 | Z50: 0 | AA50: 24755290
A51: 230022 | B51: 2.1.2.02.02.008 | C51: IMEB | D51: Servicios prestados a las empresas y servicios de producción | E51: 1.2.1.0.0 | F51: 128071960 | G51: 0 | H51: 0 | I51: 0 | J51: 0 | K51: 0 | L51: 0 | M51: 128071960 | N51: 0 | O51: 10375600 | P51: 10375600 | Q51: 0 | R51: 117696360 | S51: 0 | T51: 10375600 | U51: 10375600 | V51: 117696360 | W51: 4285600 | X51: 0 | Y51: 4285600 | Z51: 4285600 | AA51: 6090000
B52: 2.1.2.02.02.009 | C52: IMEB | D52: Servicios para la comunidad, sociales y personales | F52: 358081000 | G52: 0 | H52: 0 | I52: 0 | J52: 0 | K52: 0 | L52: 0 | M52: 358081000 | N52: 0 | O52: 198080000 | P52: 198080000 | Q52: 0 | R52: 160001000 | S52: 0 | T52: 198080000 | U52: 198080000 | V52: 160001000 | W52: 23096666 | X52: 0 | Y52: 23096666 | Z52: 23096666 | AA52: 174983334
A53: 230023 | B53: 2.1.2.02.02.009.01 | C53: IMEB | D53: Servicios para la comunidad, sociales y personales | E53: 1.2.1.0.0 | F53: 284008943 | G53: 0 | H53: 0 | I53: 0 | J53: 0 | K53: 0 | L53: 0 | M53: 284008943 | N53: 0 | O53: 198080000 | P53: 198080000 | Q53: 0 | R53: 85928943 | S53: 0 | T53: 198080000 | U53: 198080000 | V53: 85928943 | W53: 23096666 | X53: 0 | Y53: 23096666 | Z53: 23096666 | AA53: 174983334
A54: 230038 | B54: 2.1.2.02.02.009.02 | C54: IMEB | D54: Servicios para la comunidad, sociales y personales | E54: 1.3.2.3.11 | F54: 74072057 | G54: 0 | H54: 0 | I54: 0 | J54: 0 | K54: 0 | L54: 0 | M54: 74072057 | N54: 0 | O54: 0 | P54: 0 | Q54: 0 | R54: 74072057 | S54: 0 | T54: 0 | U54: 0 | V54: 74072057 | W54: 0 | X54: 0 | Y54: 0 | Z54: 0 | AA54: 0
A55: 230077 | B55: 2.1.2.02.02.010 | C55: IMEB | D55: Viáticos de funcionarios en Comisión | E55: APM | F55: 7500000 | G55: 0 | H55: 0 | I55: 0 | J55: 0 | K55: 0 | L55: 0 | M55: 7500000 | N55: 0 | O55: 1155067 | P55: 1155067 | Q55: 0 | R55: 6344933 | S55: 0 | T55: 1155067 | U55: 1155067 | V55: 6344933 | W55: 1155067 | X55: 0 | Y55: 1155067 | Z55: 1155067 | AA55: 0
B56: 2.1.3 | C56: IMEB | D56: Transferencias corrientes | F56: 25927943 | G56: 0 | H56: 0 | I56: 0 | J56: 0 | K56: 0 | L56: 0 | M56: 25927943 | N56: 0 | O56: 0 | P56: 0 | Q56: 0 | R56: 25927943 | S56: 0 | T56: 0 | U56: 0 | V56: 25927943 | W56: 0 | X56: 0 | Y56: 0 | Z56: 0 | AA56: 0
B57: 2.1.3.13 | C57: IMEB | D57: Sentencias y Conciliaciones | F57: 25927943 | G57: 0 | H57: 0 | I57: 0 | J57: 0 | K57: 0 | L57: 0 | M57: 25927943 | N57: 0 | O57: 0 | P57: 0 | Q57: 0 | R57: 25927943 | S57: 0 | T57: 0 | U57: 0 | V57: 25927943 | W57: 0 | X57: 0 | Y57: 0 | Z57: 0 | AA57: 0
B58: 2.1.3.13.01 | C58: IMEB | D58: Fallos nacionales | F58: 25927943 | G58: 0 | H58: 0 | I58: 0 | J58: 0 | K58: 0 | L58: 0 | M58: 25927943 | N58: 0 | O58: 0 | P58: 0 | Q58: 0 | R58: 25927943 | S58: 0 | T58: 0 | U58: 0 | V58: 25927943 | W58: 0 | X58: 0 | Y58: 0 | Z58: 0 | AA58: 0
A59: 230024 | B59: 2.1.3.13.01.001 | C59: IMEB | D59: Sentencias | E59: 1.2.1.0.0 | F59: 25927943 | G59: 0 | H59: 0 | I59: 0 | J59: 0 | K59: 0 | L59: 0 | M59: 25927943 | N59: 0 | O59: 0 | P59: 0 | Q59: 0 | R59: 25927943 | S59: 0 | T59: 0 | U59: 0 | V59: 25927943 | W59: 0 | X59: 0 | Y59: 0 | Z59: 0 | AA59: 0
B60: 2.1.8 | C60: IMEB | D60: Gastos por tributos, multas, sanciones e intereses de mora | F60: 42616000 | G60: 0 | H60: 0 | I60: 0 | J60: 0 | K60: 0 | L60: 0 | M60: 42616000 | N60: 0 | O60: 42616000 | P60: 42616000 | Q60: 0 | R60: 0 | S60: 0 | T60: 42616000 | U60: 42616000 | V60: 0 | W60: 7102666.7 | X60: 0 | Y60: 7102666.7 | Z60: 7102666.7 | AA60: 35513333
B61: 2.1.8.04 | C61: IMEB | D61: Contribuciones | F61: 42616000 | G61: 0 | H61: 0 | I61: 0 | J61: 0 | K61: 0 | L61: 0 | M61: 42616000 | N61: 0 | O61: 42616000 | P61: 42616000 | Q61: 0 | R61: 0 | S61: 0 | T61: 42616000 | U61: 42616000 | V61: 0 | W61: 7102666.7 | X61: 0 | Y61: 7102666.7 | Z61: 7102666.7 | AA61: 35513333
A62: 230026 | B62: 2.1.8.04.01 | C62: IMEB | D62: Cuota de fiscalización y auditaje | E62: 1.2.1.0.0 | F62: 42616000 | G62: 0 | H62: 0 | I62: 0 | J62: 0 | K62: 0 | L62: 0 | M62: 42616000 | N62: 0 | O62: 42616000 | P62: 42616000 | Q62: 0 | R62: 0 | S62: 0 | T62: 42616000 | U62: 42616000 | V62: 0 | W62: 7102666.7 | X62: 0 | Y62: 7102666.7 | Z62: 7102666.7 | AA62: 35513333
B63: 2.3 | C63: IMEB | D63: Inversión | F63: 4364918051 | G63: 0 | H63: 0 | I63: 0 | J63: 0 | K63: 0 | L63: 0 | M63: 4364918051 | N63: 0 | O63: 2773571488 | P63: 2773571488 | Q63: 0 | R63: 1591346563 | S63: 0 | T63: 2513083988 | U63: 2513083988 | V63: 1851834063 | W63: 51325664 | X63: 0 | Y63: 49308998 | Z63: 49308998 | AA63: 2463774990
B64: 2.3.2 | C64: IMEB | D64: Adquisicion de bienes y servicios | F64: 4364918051 | G64: 0 | H64: 0 | I64: 0 | J64: 0 | K64: 0 | L64: 0 | M64: 4364918051 | N64: 0 | O64: 2773571488 | P64: 2773571488 | Q64: 0 | R64: 1591346563 | S64: 0 | T64: 2513083988 | U64: 2513083988 | V64: 1851834063 | W64: 51325664 | X64: 0 | Y64: 49308998 | Z64: 49308998 | AA64: 2463774990
B65: 2.3.2.02.02 | C65: IMEB | D65: Adquisición de servicios | F65: 4364918051 | G65: 0 | H65: 0 | I65: 0 | J65: 0 | K65: 0 | L65: 0 | M65: 4364918051 | N65: 0 | O65: 2773571488 | P65: 2773571488 | Q65: 0 | R65: 1591346563 | S65: 0 | T65: 2513083988 | U65: 2513083988 | V65: 1851834063 | W65: 51325664 | X65: 0 | Y65: 49308998 | Z65: 49308998 | AA65: 2463774990
B66: 2.3.2.02.02.006. | C66: IMEB | D66: Servicios de alojamiento; servicios de suministro de comidas y bebidas; servicios de transporte; y servicios de distribución de electricidad, gas y agua | F66: 50000000 | G66: 0 | H66: 0 | I66: 0 | J66: 0 | K66: 0 | L66: 0 | M66: 50000000 | N66: 0 | O66: 0 | P66: 0 | Q66: 0 | R66: 50000000 | S66: 0 | T66: 0 | U66: 0 | V66: 50000000 | W66: 0 | X66: 0 | Y66: 0 | Z66: 0 | AA66: 0
A67: 230027 | B67: 2.3.2.02.02.006.01 | C67: IMEB | D67: Servicios de alojamiento; servicios de suministro de comidas y bebidas; servicios de transporte; y servicios de distribución de electricidad, gas y agua-CDE | E67: 1.2.1.0.0 | F67: 50000000 | G67: 0 | H67: 0 | I67: 0 | J67: 0 | K67: 0 | L67: 0 | M67: 50000000 | N67: 0 | O67: 0 | P67: 0 | Q67: 0 | R67: 50000000 | S67: 0 | T67: 0 | U67: 0 | V67: 50000000 | W67: 0 | X67: 0 | Y67: 0 | Z67: 0 | AA67: 0
B68: 2.3.2.02.02.007. | C68: IMEB | D68: Servicios financieros y servicios conexos, servicios inmobiliarios y servicios de leasing | F68: 389441514 | G68: 0 | H68: 0 | I68: 0 | J68: 0 | K68: 0 | L68: 0 | M68: 389441514 | N68: 0 | O68: 309515500 | P68: 309515500 | Q68: 0 | R68: 79926014 | S68: 0 | T68: 309515500 | U68: 309515500 | V68: 79926014 | W68: 0 | X68: 0 | Y68: 0 | Z68: 0 | AA68: 309515500
A69: 230029 | B69: 2.3.2.02.02.007.02 | C69: IMEB | D69: Servicios financieros y servicios conexos, servicios inmobiliarios y servicios de leasing-CDE | E69: 1.2.1.0.0 | F69: 219441514 | G69: 0 | H69: 0 | I69: 0 | J69: 0 | K69: 0 | L69: 0 | M69: 219441514 | N69: 0 | O69: 139515500 | P69: 139515500 | Q69: 0 | R69: 79926014 | S69: 0 | T69: 139515500 | U69: 139515500 | V69: 79926014 | W69: 0 | X69: 0 | Y69: 0 | Z69: 0 | AA69: 139515500
B70: 2.3.2.02.02.009 | C70: IMEB | D70: Servicios para la comunidad, sociales y personales | F70: 3925476537 | G70: 0 | H70: 0 | I70: 0 | J70: 0 | K70: 0 | L70: 0 | M70: 3925476537 | N70: 0 | O70: 2464055988 | P70: 2464055988 | Q70: 0 | R70: 1461420549 | S70: 0 | T70: 2203568488 | U70: 2203568488 | V70: 1721908049 | W70: 51325664 | X70: 0 | Y70: 49308998 | Z70: 49308998 | AA70: 2154259490
A71: 230030 | B71: 2.3.2.02.02.009.01 | C71: IMEB | D71: Servicios para la comunidad, sociales y personales-BANCA | E71: 1.3.2.3.05 | F71: 4000000 | G71: 0 | H71: 0 | I71: 0 | J71: 0 | K71: 0 | L71: 0 | M71: 4000000 | N71: 0 | O71: 0 | P71: 0 | Q71: 0 | R71: 4000000 | S71: 0 | T71: 0 | U71: 0 | V71: 4000000 | W71: 0 | X71: 0 | Y71: 0 | Z71: 0 | AA71: 0
A72: 230031 | B72: 2.3.2.02.02.009.02 | C72: IMEB | D72: Servicios para la comunidad, sociales y personales-BANCA | E72: 1.2.1.0.0 | F72: 1230360000 | G72: 0 | H72: 0 | I72: 0 | J72: 0 | K72: 0 | L72: 0 | M72: 1230360000 | N72: 0 | O72: 171800000 | P72: 171800000 | Q72: 0 | R72: 1058560000 | S72: 0 | T72: 171800000 | U72: 171800000 | V72: 1058560000 | W72: 0 | X72: 0 | Y72: 0 | Z72: 0 | AA72: 171800000
A73: 230032 | B73: 2.3.2.02.02.009.03 | C73: IMEB | D73: Servicios para la comunidad, sociales y personales- CDE | E73: 1.2.1.0.0 | F73: 1384990486 | G73: 0 | H73: 0 | I73: 0 | J73: 0 | K73: 0 | L73: 0 | M73: 1384990486 | N73: 0 | O73: 1149557386 | P73: 1149557386 | Q73: 0 | R73: 235433100 | S73: 0 | T73: 889069886 | U73: 889069886 | V73: 495920600 | W73: 7657707 | X73: 0 | Y73: 5641041 | Z73: 5641041 | AA73: 883428845
A74: 230033 | B74: 2.3.2.02.02.009.04 | C74: IMEB | D74: Servicios para la comunidad, sociales y personales -EMPLEO | E74: 1.2.1.0.0 | F74: 238770000 | G74: 0 | H74: 0 | I74: 0 | J74: 0 | K74: 0 | L74: 0 | M74: 238770000 | N74: 0 | O74: 219610000 | P74: 219610000 | Q74: 0 | R74: 19160000 | S74: 0 | T74: 219610000 | U74: 219610000 | V74: 19160000 | W74: 9182958 | X74: 0 | Y74: 9182958 | Z74: 9182958 | AA74: 210427042
A75: 230034 | B75: 2.3.2.02.02.009.05 | C75: IMEB | D75: Servicios para la comunidad, sociales y personales-COWORKING | E75: 1.2.1.0.0 | F75: 525900000 | G75: 0 | H75: 0 | I75: 0 | J75: 0 | K75: 0 | L75: 0 | M75: 525900000 | N75: 0 | O75: 393825000 | P75: 393825000 | Q75: 0 | R75: 132075000 | S75: 0 | T75: 393825000 | U75: 393825000 | V75: 132075000 | W75: 4870000 | X75: 0 | Y75: 4870000 | Z75: 4870000 | AA75: 388955000
A76: 230035 | B76: 2.3.2.02.02.009.06 | C76: IMEB | D76: Servicios para la comunidad, sociales y personales-FORTALECIMIENTO | E76: 1.2.1.0.0 | F76: 541456051 | G76: 0 | H76: 0 | I76: 0 | J76: 0 | K76: 0 | L76: 0 | M76: 541456051 | N76: 0 | O76: 529263602 | P76: 529263602 | Q76: 0 | R76: 12192449 | S76: 0 | T76: 529263602 | U76: 529263602 | V76: 12192449 | W76: 29614999 | X76: 0 | Y76: 29614999 | Z76: 29614999 | AA76: 499648603
A77: 230028 | B77: 2.3.2.02.02.007.01 | C77: IMEB | D77: Servicios financieros y servicios conexos, servicios inmobiliarios y servicios de leasing-COWORKING | E77: 1.2.1.0.0 | F77: 170000000 | G77: 0 | H77: 0 | I77: 0 | J77: 0 | K77: 0 | L77: 0 | M77: 170000000 | N77: 0 | O77: 170000000 | P77: 170000000 | Q77: 0 | R77: 0 | S77: 0 | T77: 170000000 | U77: 170000000 | V77: 0 | W77: 0 | X77: 0 | Y77: 0 | Z77: 0 | AA77: 170000000
B80: CDE | K80: =+K62+K70+K72+K75 -> 0 | L80: =+L63+L70+L72+L75 -> 0 | M80: =M67+M69+M73 -> 1654432000 | P80: =P67+P69+P73 -> 1289072886 | U80: =U67+U69+U73 -> 1028585386 | V80: =+V63+V70+V72+V75 -> 4764377112 | W80: =W67+W69+W73 -> 7657707 | X80: =+X62+X70+X72+X75 -> 0 | Z80: =Z54+Z57+Z61+Z68 -> 7102666.7
B81: BANCA | K81: =+K68+K73+K74 -> 0 | L81: =+L68+L73+L74 -> 0 | M81: =M71+M72 -> 1234360000 | P81: =P71+P72 -> 171800000 | U81: =U71+U72 -> 171800000 | V81: =+V68+V73+V74 -> 595006614 | W81: =W71+W72 -> 0 | X81: =+X68+X73+X74 -> 0 | Z81: =Z66+Z67+Z77 -> 0
B82: COWORKING | K82: =+K61+K71+K77 -> 0 | L82: =+L62+L71+L77 -> 0 | M82: =M75+M77 -> 695900000 | P82: =P75+P77 -> 563825000 | U82: =U75+U77 -> 563825000 | V82: =+V62+V71+V77 -> 4000000 | W82: =W75+W77 -> 4870000 | X82: =+X61+X71+X77 -> 0 | Z82: =Z53+Z60+Z70 -> 79508331
B83: EMPLEO | K83: =+K76 -> 0 | L83: =+L76 -> 0 | M83: =M74 -> 238770000 | P83: =P74 -> 219610000 | U83: =U74 -> 219610000 | V83: =+V76 -> 12192449 | W83: =W74 -> 9182958 | X83: =+X76 -> 0 | Z83: =Z69 -> 0
B84: FORTALECIMIENTO | K84: =+K78 -> 0 | L84: =+L78 -> 0 | M84: =M76 -> 541456051 | P84: =P76 -> 529263602 | U84: =U76 -> 529263602 | V84: =+V78 -> 0 | W84: =W76 -> 29614999 | X84: =+X78 -> 0 | Z84: =Z71 -> 0
K86: =SUM(K80:K84) -> 0 | L86: =SUM(L80:L84) -> 0 | M86: =SUM(M80:M84) -> 4364918051 | N86: =SUM(N80:N84) -> 0 | O86: =SUM(O80:O84) -> 0 | P86: =SUM(P80:P84) -> 2773571488 | Q86: =SUM(Q80:Q84) -> 0 | R86: =SUM(R80:R84) -> 0 | S86: =SUM(S80:S84) -> 0 | U86: =U80+U81+U82+U83+U84 -> 2513083988 | W86: =W80+W81+W82+W83+W84 -> 51325664 | X86: =S86/K86 -> #DIV/0! | Z86: =U86/M86 -> 0.57574597

Sheet Gastos_Enero
A1: INSTITUTO MUNICIPAL DE EMPLEO Y FOMENTO EMPRESARIAL - IMEBU
A2: NIT: 00804014968 - 1
A3: EJECUCION PRESUPUESTAL DE GASTOS
A4: Periodo comprendido entre 01-01-2023 y 31-01-2023
A5: Fecha de Impresión: 06.02.2023 Hora: 02:27:pm
A6: Impreso por: GUSTAVO - GUSTAVO RAMIREZ BONELLS
A7: Codigo de Control | B7: Rubro Presupuestal | C7: Unidad Ejecutora | D7: Descripción | E7: Fuente | F7: Presupuesto Inicial | G7: Adiciones | H7: Aplazamientos | I7: Desaplazamiento | J7: Reducciones | K7: Créditos | L7: Contracréditos | M7: Presupuesto Definitivo | N7: Cdps Mes Anterior | O7: Cdps Mes Actual | P7: Total Ejecutado Segun Cdps | Q7: Cdps Vigencia Futura | R7: Saldo por Ejecutar | S7: Compromisos Mes Anterior | T7: Total Compromisos mes Actual | U7: Total Compromisos | V7: Saldo por Comprometer | W7: Total Obligaciones | X7: Pagos Mes Anterior | Y7: Total Pagos Periodo | Z7: Total Pagos | AA7: Saldo por Pagar
B8: 2 | C8: IMEB | D8: Gastos | F8: 6974000000 | G8: 0 | H8: 0 | I8: 0 | J8: 0 | K8: 0 | L8: 0 | M8: 6974000000 | N8: 0 | O8: 2737468245 | P8: 2737468245 | Q8: 0 | R8: 4236531755 | S8: 0 | T8: 1691906419 | U8: 1691906419 | V8: 5282093581 | W8: 90025769 | X8: 0 | Y8: 66256652 | Z8: 66256652 | AA8: 1625649767
B9: 2.1 | C9: IMEB | D9: Funcionamiento | F9: 2609081949 | G9: 0 | H9: 0 | I9: 0 | J9: 0 | K9: 0 | L9: 0 | M9: 2609081949 | N9: 0 | O9: 601183359 | P9: 601183359 | Q9: 0 | R9: 2007898590 | S9: 0 | T9: 276365169 | U9: 276365169 | V9: 2332716780 | W9: 90025769 | X9: 0 | Y9: 66256652 | Z9: 66256652 | AA9: 210108517
B10: 2.1.1 | C10: IMEB | D10: Gastos de personal | F10: 1587025756 | G10: 0 | H10: 0 | I10: 0 | J10: 0 | K10: 0 | L10: 0 | M10: 1587025756 | N10: 0 | O10: 86808152 | P10: 86808152 | Q10: 0 | R10: 1500217604 | S10: 0 | T10: 86808152 | U10: 86808152 | V10: 1500217604 | W10: 86728752 | X10: 0 | Y10: 66256652 | Z10: 66256652 | AA10: 20551500
B11: 2.1.1.01 | C11: IMEB | D11: Planta de personal permanente | F11: 1587025756 | G11: 0 | H11: 0 | I11: 0 | J11: 0 | K11: 0 | L11: 0 | M11: 1587025756 | N11: 0 | O11: 86808152 | P11: 86808152 | Q11: 0 | R11: 1500217604 | S11: 0 | T11: 86808152 | U11: 86808152 | V11: 1500217604 | W11: 86728752 | X11: 0 | Y11: 66256652 | Z11: 66256652 | AA11: 20551500
B12: 2.1.1.01.01 | C12: IMEB | D12: Factores constitutivos de salario | F12: 1107587483 | G12: 0 | H12: 0 | I12: 0 | J12: 0 | K12: 0 | L12: 0 | M12: 1107587483 | N12: 0 | O12: 66256652 | P12: 66256652 | Q12: 0 | R12: 1041330831 | S12: 0 | T12: 66256652 | U12: 66256652 | V12: 1041330831 | W12: 66256652 | X12: 0 | Y12: 66256652 | Z12: 66256652 | AA12: 0
B13: 2.1.1.01.01.001 | C13: IMEB | D13: Factores salariales comunes | F13: 1107587483 | G13: 0 | H13: 0 | I13: 0 | J13: 0 | K13: 0 | L13: 0 | M13: 1107587483 | N13: 0 | O13: 66256652 | P13: 66256652 | Q13: 0 | R13: 1041330831 | S13: 0 | T13: 66256652 | U13: 66256652 | V13: 1041330831 | W13: 66256652 | X13: 0 | Y13: 66256652 | Z13: 66256652 | AA13: 0
A14: 230001 | B14: 2.1.1.01.01.001.01 | C14: IMEB | D14: Sueldo básico | E14: 1.2.1.0.0 | F14: 880317528 | G14: 0 | H14: 0 | I14: 0 | J14: 0 | K14: 0 | L14: 0 | M14: 880317528 | N14: 0 | O14: 66256652 | P14: 66256652 | Q14: 0 | R14: 814060876 | S14: 0 | T14: 66256652 | U14: 66256652 | V14: 814060876 | W14: 66256652 | X14: 0 | Y14: 66256652 | Z14: 66256652 | AA14: 0
A15: 230002 | B15: 2.1.1.01.01.001.06 | C15: IMEB | D15: Prima de servicios | E15: 1.2.1.0.0 | F15: 75499453 | G15: 0 | H15: 0 | I15: 0 | J15: 0 | K15: 0 | L15: 0 | M15: 75499453 | N15: 0 | O15: 0 | P15: 0 | Q15: 0 | R15: 75499453 | S15: 0 | T15: 0 | U15: 0 | V15: 75499453 | W15: 0 | X15: 0 | Y15: 0 | Z15: 0 | AA15: 0
A16: 230003 | B16: 2.1.1.01.01.001.07 | C16: IMEB | D16: Bonificación por servicios prestados | E16: 1.2.1.0.0 | F16: 25675926 | G16: 0 | H16: 0 | I16: 0 | J16: 0 | K16: 0 | L16: 0 | M16: 25675926 | N16: 0 | O16: 0 | P16: 0 | Q16: 0 | R16: 25675926 | S16: 0 | T16: 0 | U16: 0 | V16: 25675926 | W16: 0 | X16: 0 | Y16: 0 | Z16: 0 | AA16: 0
B17: 2.1.1.01.01.001.08 | C17: IMEB | D17: Prestaciones sociales | F17: 126094576 | G17: 0 | H17: 0 | I17: 0 | J17: 0 | K17: 0 | L17: 0 | M17: 126094576 | N17: 0 | O17: 0 | P17: 0 | Q17: 0 | R17: 126094576 | S17: 0 | T17: 0 | U17: 0 | V17: 126094576 | W17: 0 | X17: 0 | Y17: 0 | Z17: 0 | AA17: 0
A18: 230004 | B18: 2.1.1.01.01.001.08.01 | C18: IMEB | D18: Prima de navidad | E18: 1.2.1.0.0 | F18: 85199034 | G18: 0 | H18: 0 | I18: 0 | J18: 0 | K18: 0 | L18: 0 | M18: 85199034 | N18: 0 | O18: 0 | P18: 0 | Q18: 0 | R18: 85199034 | S18: 0 | T18: 0 | U18: 0 | V18: 85199034 | W18: 0 | X18: 0 | Y18: 0 | Z18: 0 | AA18: 0
A19: 230005 | B19: 2.1.1.01.01.001.08.02 | C19: IMEB | D19: Prima de vacaciones | E19: 1.2.1.0.0 | F19: 40895542 | G19: 0 | H19: 0 | I19: 0 | J19: 0 | K19: 0 | L19: 0 | M19: 40895542 | N19: 0 | O19: 0 | P19: 0 | Q19: 0 | R19: 40895542 | S19: 0 | T19: 0 | U19: 0 | V19: 40895542 | W19: 0 | X19: 0 | Y19: 0 | Z19: 0 | AA19: 0
B20: 2.1.1.01.02 | C20: IMEB | D20: Contribuciones inherentes a la nómina | F20: 391841130 | G20: 0 | H20: 0 | I20: 0 | J20: 0 | K20: 0 | L20: 0 | M20: 391841130 | N20: 0 | O20: 20551500 | P20: 20551500 | Q20: 0 | R20: 371289630 | S20: 0 | T20: 20551500 | U20: 20551500 | V20: 371289630 | W20: 20472100 | X20: 0 | Y20: 0 | Z20: 0 | AA20: 20551500
A21: 230007 | B21: 2.1.1.01.02.001 | C21: IMEB | D21: Aportes a la seguridad social en pensiones | E21: 1.2.1.0.0 | F21: 108719214 | G21: 0 | H21: 0 | I21: 0 | J21: 0 | K21: 0 | L21: 0 | M21: 108719214 | N21: 0 | O21: 8056000 | P21: 8056000 | Q21: 0 | R21: 100663214 | S21: 0 | T21: 8056000 | U21: 8056000 | V21: 100663214 | W21: 8056000 | X21: 0 | Y21: 0 | Z21: 0 | AA21: 8056000
A22: 230008 | B22: 2.1.1.01.02.002 | C22: IMEB | D22: Aportes a la seguridad social en salud | E22: 1.2.1.0.0 | F22: 77009444 | G22: 0 | H22: 0 | I22: 0 | J22: 0 | K22: 0 | L22: 0 | M22: 77009444 | N22: 0 | O22: 5711100 | P22: 5711100 | Q22: 0 | R22: 71298344 | S22: 0 | T22: 5711100 | U22: 5711100 | V22: 71298344 | W22: 5631700 | X22: 0 | Y22: 0 | Z22: 0 | AA22: 5711100
A23: 230009 | B23: 2.1.1.01.02.003 | C23: IMEB | D23: Aportes de cesantías | E23: 1.2.1.0.0 | F23: 103374829 | G23: 0 | H23: 0 | I23: 0 | J23: 0 | K23: 0 | L23: 0 | M23: 103374829 | N23: 0 | O23: 0 | P23: 0 | Q23: 0 | R23: 103374829 | S23: 0 | T23: 0 | U23: 0 | V23: 103374829 | W23: 0 | X23: 0 | Y23: 0 | Z23: 0 | AA23: 0
A24: 230010 | B24: 2.1.1.01.02.004 | C24: IMEB | D24: Aportes a cajas de compensación familiar | E24: 1.2.1.0.0 | F24: 43403798 | G24: 0 | H24: 0 | I24: 0 | J24: 0 | K24: 0 | L24: 0 | M24: 43403798 | N24: 0 | O24: 2860900 | P24: 2860900 | Q24: 0 | R24: 40542898 | S24: 0 | T24: 2860900 | U24: 2860900 | V24: 40542898 | W24: 2860900 | X24: 0 | Y24: 0 | Z24: 0 | AA24: 2860900
A25: 230011 | B25: 2.1.1.01.02.005 | C25: IMEB | D25: Aportes generales al sistema de riesgos laborales | E25: 1.2.1.0.0 | F25: 5079098 | G25: 0 | H25: 0 | I25: 0 | J25: 0 | K25: 0 | L25: 0 | M25: 5079098 | N25: 0 | O25: 346600 | P25: 346600 | Q25: 0 | R25: 4732498 | S25: 0 | T25: 346600 | U25: 346600 | V25: 4732498 | W25: 346600 | X25: 0 | Y25: 0 | Z25: 0 | AA25: 346600
A26: 230012 | B26: 2.1.1.01.02.006 | C26: IMEB | D26: Aportes al ICBF | E26: 1.2.1.0.0 | F26: 32552848 | G26: 0 | H26: 0 | I26: 0 | J26: 0 | K26: 0 | L26: 0 | M26: 32552848 | N26: 0 | O26: 2146100 | P26: 2146100 | Q26: 0 | R26: 30406748 | S26: 0 | T26: 2146100 | U26: 2146100 | V26: 30406748 | W26: 2146100 | X26: 0 | Y26: 0 | Z26: 0 | AA26: 2146100
A27: 230013 | B27: 2.1.1.01.02.007 | C27: IMEB | D27: Aportes al SENA | E27: 1.2.1.0.0 | F27: 21701899 | G27: 0 | H27: 0 | I27: 0 | J27: 0 | K27: 0 | L27: 0 | M27: 21701899 | N27: 0 | O27: 1430800 | P27: 1430800 | Q27: 0 | R27: 20271099 | S27: 0 | T27: 1430800 | U27: 1430800 | V27: 20271099 | W27: 1430800 | X27: 0 | Y27: 0 | Z27: 0 | AA27: 1430800
B28: 2.1.1.01.03 | C28: IMEB | D28: Remuneraciones no constitutivas de factor salarial | F28: 87597143 | G28: 0 | H28: 0 | I28: 0 | J28: 0 | K28: 0 | L28: 0 | M28: 87597143 | N28: 0 | O28: 0 | P28: 0 | Q28: 0 | R28: 87597143 | S28: 0 | T28: 0 | U28: 0 | V28: 87597143 | W28: 0 | X28: 0 | Y28: 0 | Z28: 0 | AA28: 0
B29: 2.1.1.01.03.001 | C29: IMEB | D29: Prestaciones sociales | F29: 87597143 | G29: 0 | H29: 0 | I29: 0 | J29: 0 | K29: 0 | L29: 0 | M29: 87597143 | N29: 0 | O29: 0 | P29: 0 | Q29: 0 | R29: 87597143 | S29: 0 | T29: 0 | U29: 0 | V29: 87597143 | W29: 0 | X29: 0 | Y29: 0 | Z29: 0 | AA29: 0
A30: 230014 | B30: 2.1.1.01.03.001.01 | C30: IMEB | D30: Vacaciones | E30: 1.2.1.0.0 | F30: 62706489 | G30: 0 | H30: 0 | I30: 0 | J30: 0 | K30: 0 | L30: 0 | M30: 62706489 | N30: 0 | O30: 0 | P30: 0 | Q30: 0 | R30: 62706489 | S30: 0 | T30: 0 | U30: 0 | V30: 62706489 | W30: 0 | X30: 0 | Y30: 0 | Z30: 0 | AA30: 0
A31: 230015 | B31: 2.1.1.01.03.001.02 | C31: IMEB | D31: Indemnización por vacaciones | E31: 1.3.2.3.05 | F31: 20000000 | G31: 0 | H31: 0 | I31: 0 | J31: 0 | K31: 0 | L31: 0 | M31: 20000000 | N31: 0 | O31: 0 | P31: 0 | Q31: 0 | R31: 20000000 | S31: 0 | T31: 0 | U31: 0 | V31: 20000000 | W31: 0 | X31: 0 | Y31: 0 | Z31: 0 | AA31: 0
A32: 230016 | B32: 2.1.1.01.03.001.03 | C32: IMEB | D32: Bonificacion especial de recreación | E32: 1.2.1.0.0 | F32: 4890654 | G32: 0 | H32: 0 | I32: 0 | J32: 0 | K32: 0 | L32: 0 | M32: 4890654 | N32: 0 | O32: 0 | P32: 0 | Q32: 0 | R32: 4890654 | S32: 0 | T32: 0 | U32: 0 | V32: 4890654 | W32: 0 | X32: 0 | Y32: 0 | Z32: 0 | AA32: 0
B33: 2.1.2 | C33: IMEB | D33: Adquisición de bienes y servicios | F33: 953512250 | G33: 0 | H33: 0 | I33: 0 | J33: 0 | K33: 0 | L33: 0 | M33: 953512250 | N33: 0 | O33: 514375207 | P33: 514375207 | Q33: 0 | R33: 439137043 | S33: 0 | T33: 189557017 | U33: 189557017 | V33: 763955233 | W33: 3297017 | X33: 0 | Y33: 0 | Z33: 0 | AA33: 189557017
B34: 2.1.2.01 | C34: IMEB | D34: Adquisición de activos no financieros | F34: 32500000 | G34: 0 | H34: 0 | I34: 0 | J34: 0 | K34: 0 | L34: 0 | M34: 32500000 | N34: 0 | O34: 0 | P34: 0 | Q34: 0 | R34: 32500000 | S34: 0 | T34: 0 | U34: 0 | V34: 32500000 | W34: 0 | X34: 0 | Y34: 0 | Z34: 0 | AA34: 0
B35: 2.1.2.01.01 | C35: IMEB | D35: Activos Fijos | F35: 32500000 | G35: 0 | H35: 0 | I35: 0 | J35: 0 | K35: 0 | L35: 0 | M35: 32500000 | N35: 0 | O35: 0 | P35: 0 | Q35: 0 | R35: 32500000 | S35: 0 | T35: 0 | U35: 0 | V35: 32500000 | W35: 0 | X35: 0 | Y35: 0 | Z35: 0 | AA35: 0
B36: 2.1.2.01.01.005 | C36: IMEB | D36: Otros Activos Fijos | F36: 32500000 | G36: 0 | H36: 0 | I36: 0 | J36: 0 | K36: 0 | L36: 0 | M36: 32500000 | N36: 0 | O36: 0 | P36: 0 | Q36: 0 | R36: 32500000 | S36: 0 | T36: 0 | U36: 0 | V36: 32500000 | W36: 0 | X36: 0 | Y36: 0 | Z36: 0 | AA36: 0
B37: 2.1.2.01.01.005.02 | C37: IMEB | D37: Productos de la propiedad intelectual | F37: 32500000 | G37: 0 | H37: 0 | I37: 0 | J37: 0 | K37: 0 | L37: 0 | M37: 32500000 | N37: 0 | O37: 0 | P37: 0 | Q37: 0 | R37: 32500000 | S37: 0 | T37: 0 | U37: 0 | V37: 32500000 | W37: 0 | X37: 0 | Y37: 0 | Z37: 0 | AA37: 0
B38: 2.1.2.01.01.005.02.03 | C38: IMEB | D38: Programas de informática y bases de datos | F38: 32500000 | G38: 0 | H38: 0 | I38: 0 | J38: 0 | K38: 0 | L38: 0 | M38: 32500000 | N38: 0 | O38: 0 | P38: 0 | Q38: 0 | R38: 32500000 | S38: 0 | T38: 0 | U38: 0 | V38: 32500000 | W38: 0 | X38: 0 | Y38: 0 | Z38: 0 | AA38: 0
B39: 2.1.2.01.01.005.02.03.01 | C39: IMEB | D39: Programas de informática | F39: 32500000 | G39: 0 | H39: 0 | I39: 0 | J39: 0 | K39: 0 | L39: 0 | M39: 32500000 | N39: 0 | O39: 0 | P39: 0 | Q39: 0 | R39: 32500000 | S39: 0 | T39: 0 | U39: 0 | V39: 32500000 | W39: 0 | X39: 0 | Y39: 0 | Z39: 0 | AA39: 0
A40: 230017 | B40: 2.1.2.01.01.005.02.03.01.01 | C40: IMEB | D40: Paquetes de Software | E40: 1.2.1.0.0 | F40: 32500000 | G40: 0 | H40: 0 | I40: 0 | J40: 0 | K40: 0 | L40: 0 | M40: 32500000 | N40: 0 | O40: 0 | P40: 0 | Q40: 0 | R40: 32500000 | S40: 0 | T40: 0 | U40: 0 | V40: 32500000 | W40: 0 | X40: 0 | Y40: 0 | Z40: 0 | AA40: 0
B41: 2.1.2.02 | C41: IMEB | D41: Adquisiciones diferentes de activos | F41: 921012250 | G41: 0 | H41: 0 | I41: 0 | J41: 0 | K41: 0 | L41: 0 | M41: 921012250 | N41: 0 | O41: 514375207 | P41: 514375207 | Q41: 0 | R41: 406637043 | S41: 0 | T41: 189557017 | U41: 189557017 | V41: 731455233 | W41: 3297017 | X41: 0 | Y41: 0 | Z41: 0 | AA41: 189557017
B42: 2.1.2.02.01 | C42: IMEB | D42: Materiales y suministros | F42: 46032000 | G42: 0 | H42: 0 | I42: 0 | J42: 0 | K42: 0 | L42: 0 | M42: 46032000 | N42: 0 | O42: 4176000 | P42: 4176000 | Q42: 0 | R42: 41856000 | S42: 0 | T42: 4176000 | U42: 4176000 | V42: 41856000 | W42: 522000 | X42: 0 | Y42: 0 | Z42: 0 | AA42: 4176000
A43: 230018 | B43: 2.1.2.02.01.003 | C43: IMEB | D43: Otros bienes transportables (excepto productos metálicos, maquinaria y equipo) | E43: 1.2.1.0.0 | F43: 46032000 | G43: 0 | H43: 0 | I43: 0 | J43: 0 | K43: 0 | L43: 0 | M43: 46032000 | N43: 0 | O43: 4176000 | P43: 4176000 | Q43: 0 | R43: 41856000 | S43: 0 | T43: 4176000 | U43: 4176000 | V43: 41856000 | W43: 522000 | X43: 0 | Y43: 0 | Z43: 0 | AA43: 4176000
B44: 2.1.2.02.02 | C44: IMEB | D44: Adquisición de servicios | F44: 874980250 | G44: 0 | H44: 0 | I44: 0 | J44: 0 | K44: 0 | L44: 0 | M44: 874980250 | N44: 0 | O44: 510199207 | P44: 510199207 | Q44: 0 | R44: 364781043 | S44: 0 | T44: 185381017 | U44: 185381017 | V44: 689599233 | W44: 2775017 | X44: 0 | Y44: 0 | Z44: 0 | AA44: 185381017
B45: 2.1.2.02.02.006 | C45: IMEB | D45: Servicios de alojamiento; servicios de suministro de comidas y bebidas; servicios de transporte; y servicios de distribución de electricidad, gas y agua | F45: 33288000 | G45: 0 | H45: 0 | I45: 0 | J45: 0 | K45: 0 | L45: 0 | M45: 33288000 | N45: 0 | O45: 2784000 | P45: 2784000 | Q45: 0 | R45: 30504000 | S45: 0 | T45: 2784000 | U45: 2784000 | V45: 30504000 | W45: 348000 | X45: 0 | Y45: 0 | Z45: 0 | AA45: 2784000
A46: 230020 | B46: 2.1.2.02.02.006.01 | C46: IMEB | D46: Servicios de alojamiento; servicios de suministro de comidas y bebidas; servicios de transporte; y servicios de distribución de electricidad, gas y agua | E46: 1.2.1.0.0 | F46: 10188000 | G46: 0 | H46: 0 | I46: 0 | J46: 0 | K46: 0 | L46: 0 | M46: 10188000 | N46: 0 | O46: 2784000 | P46: 2784000 | Q46: 0 | R46: 7404000 | S46: 0 | T46: 2784000 | U46: 2784000 | V46: 7404000 | W46: 348000 | X46: 0 | Y46: 0 | Z46: 0 | AA46: 2784000
A47: 230019 | B47: 2.1.2.02.02.006.02 | C47: IMEB | D47: Servicios de alojamiento; servicios de suministro de comidas y bebidas; servicios de transporte; y servicios de distribución de electricidad, gas y agua - SOLERI KENNEDY | E47: 1.2.1.0.0 | F47: 23100000 | G47: 0 | H47: 0 | I47: 0 | J47: 0 | K47: 0 | L47: 0 | M47: 23100000 | N47: 0 | O47: 0 | P47: 0 | Q47: 0 | R47: 23100000 | S47: 0 | T47: 0 | U47: 0 | V47: 23100000 | W47: 0 | X47: 0 | Y47: 0 | Z47: 0 | AA47: 0
B48: 2.1.2.02.02.007 | C48: IMEB | D48: Servicios financieros y servicios conexos, servicios inmobiliarios y servicios de leasing | F48: 348039290 | G48: 0 | H48: 0 | I48: 0 | J48: 0 | K48: 0 | L48: 0 | M48: 348039290 | N48: 0 | O48: 324818190 | P48: 324818190 | Q48: 0 | R48: 23221100 | S48: 0 | T48: 0 | U48: 0 | V48: 348039290 | W48: 0 | X48: 0 | Y48: 0 | Z48: 0 | AA48: 0
A49: 230021 | B49: 2.1.2.02.02.007.01 | C49: IMEB | D49: Servicios financieros y servicios conexos, servicios inmobiliarios y servicios de leasing - CEMPRENDE | E49: 1.2.1.0.0 | F49: 300062900 | G49: 0 | H49: 0 | I49: 0 | J49: 0 | K49: 0 | L49: 0 | M49: 300062900 | N49: 0 | O49: 300062900 | P49: 300062900 | Q49: 0 | R49: 0 | S49: 0 | T49: 0 | U49: 0 | V49: 300062900 | W49: 0 | X49: 0 | Y49: 0 | Z49: 0 | AA49: 0
A50: 230025 | B50: 2.1.2.02.02.007.02 | C50: IMEB | D50: Servicios financieros y servicios conexos, servicios inmobiliarios y servicios de leasing | E50: 1.2.1.0.0 | F50: 47976390 | G50: 0 | H50: 0 | I50: 0 | J50: 0 | K50: 0 | L50: 0 | M50: 47976390 | N50: 0 | O50: 24755290 | P50: 24755290 | Q50: 0 | R50: 23221100 | S50: 0 | T50: 0 | U50: 0 | V50: 47976390 | W50: 0 | X50: 0 | Y50: 0 | Z50: 0 | AA50: 0
A51: 230022 | B51: 2.1.2.02.02.008 | C51: IMEB | D51: Servicios prestados a las empresas y servicios de producción | E51: 1.2.1.0.0 | F51: 128071960 | G51: 0 | H51: 0 | I51: 0 | J51: 0 | K51: 0 | L51: 0 | M51: 128071960 | N51: 0 | O51: 7361950 | P51: 7361950 | Q51: 0 | R51: 120710010 | S51: 0 | T51: 7361950 | U51: 7361950 | V51: 120710010 | W51: 1271950 | X51: 0 | Y51: 0 | Z51: 0 | AA51: 7361950
B52: 2.1.2.02.02.009 | C52: IMEB | D52: Servicios para la comunidad, sociales y personales | F52: 358081000 | G52: 0 | H52: 0 | I52: 0 | J52: 0 | K52: 0 | L52: 0 | M52: 358081000 | N52: 0 | O52: 174080000 | P52: 174080000 | Q52: 0 | R52: 184001000 | S52: 0 | T52: 174080000 | U52: 174080000 | V52: 184001000 | W52: 0 | X52: 0 | Y52: 0 | Z52: 0 | AA52: 174080000
A53: 230023 | B53: 2.1.2.02.02.009.01 | C53: IMEB | D53: Servicios para la comunidad, sociales y personales | E53: 1.2.1.0.0 | F53: 284008943 | G53: 0 | H53: 0 | I53: 0 | J53: 0 | K53: 0 | L53: 0 | M53: 284008943 | N53: 0 | O53: 174080000 | P53: 174080000 | Q53: 0 | R53: 109928943 | S53: 0 | T53: 174080000 | U53: 174080000 | V53: 109928943 | W53: 0 | X53: 0 | Y53: 0 | Z53: 0 | AA53: 174080000
A54: 230038 | B54: 2.1.2.02.02.009.02 | C54: IMEB | D54: Servicios para la comunidad, sociales y personales | E54: 1.3.2.3.11 | F54: 74072057 | G54: 0 | H54: 0 | I54: 0 | J54: 0 | K54: 0 | L54: 0 | M54: 74072057 | N54: 0 | O54: 0 | P54: 0 | Q54: 0 | R54: 74072057 | S54: 0 | T54: 0 | U54: 0 | V54: 74072057 | W54: 0 | X54: 0 | Y54: 0 | Z54: 0 | AA54: 0
A55: 230077 | B55: 2.1.2.02.02.010 | C55: IMEB | D55: Viáticos de funcionarios en Comisión | E55: APM | F55: 7500000 | G55: 0 | H55: 0 | I55: 0 | J55: 0 | K55: 0 | L55: 0 | M55: 7500000 | N55: 0 | O55: 1155067 | P55: 1155067 | Q55: 0 | R55: 6344933 | S55: 0 | T55: 1155067 | U55: 1155067 | V55: 6344933 | W55: 1155067 | X55: 0 | Y55: 0 | Z55: 0 | AA55: 1155067
B56: 2.1.3 | C56: IMEB | D56: Transferencias corrientes | F56: 25927943 | G56: 0 | H56: 0 | I56: 0 | J56: 0 | K56: 0 | L56: 0 | M56: 25927943 | N56: 0 | O56: 0 | P56: 0 | Q56: 0 | R56: 25927943 | S56: 0 | T56: 0 | U56: 0 | V56: 25927943 | W56: 0 | X56: 0 | Y56: 0 | Z56: 0 | AA56: 0
B57: 2.1.3.13 | C57: IMEB | D57: Sentencias y Conciliaciones | F57: 25927943 | G57: 0 | H57: 0 | I57: 0 | J57: 0 | K57: 0 | L57: 0 | M57: 25927943 | N57: 0 | O57: 0 | P57: 0 | Q57: 0 | R57: 25927943 | S57: 0 | T57: 0 | U57: 0 | V57: 25927943 | W57: 0 | X57: 0 | Y57: 0 | Z57: 0 | AA57: 0
B58: 2.1.3.13.01 | C58: IMEB | D58: Fallos nacionales | F58: 25927943 | G58: 0 | H58: 0 | I58: 0 | J58: 0 | K58: 0 | L58: 0 | M58: 25927943 | N58: 0 | O58: 0 | P58: 0 | Q58: 0 | R58: 25927943 | S58: 0 | T58: 0 | U58: 0 | V58: 25927943 | W58: 0 | X58: 0 | Y58: 0 | Z58: 0 | AA58: 0
A59: 230024 | B59: 2.1.3.13.01.001 | C59: IMEB | D59: Sentencias | E59: 1.2.1.0.0 | F59: 25927943 | G59: 0 | H59: 0 | I59: 0 | J59: 0 | K59: 0 | L59: 0 | M59: 25927943 | N59: 0 | O59: 0 | P59: 0 | Q59: 0 | R59: 25927943 | S59: 0 | T59: 0 | U59: 0 | V59: 25927943 | W59: 0 | X59: 0 | Y59: 0 | Z59: 0 | AA59: 0
B60: 2.1.8 | C60: IMEB | D60: Gastos por tributos, multas, sanciones e intereses de mora | F60: 42616000 | G60: 0 | H60: 0 | I60: 0 | J60: 0 | K60: 0 | L60: 0 | M60: 42616000 | N60: 0 | O60: 0 | P60: 0 | Q60: 0 | R60: 42616000 | S60: 0 | T60: 0 | U60: 0 | V60: 42616000 | W60: 0 | X60: 0 | Y60: 0 | Z60: 0 | AA60: 0
B61: 2.1.8.04 | C61: IMEB | D61: Contribuciones | F61: 42616000 | G61: 0 | H61: 0 | I61: 0 | J61: 0 | K61: 0 | L61: 0 | M61: 42616000 | N61: 0 | O61: 0 | P61: 0 | Q61: 0 | R61: 42616000 | S61: 0 | T61: 0 | U61: 0 | V61: 42616000 | W61: 0 | X61: 0 | Y61: 0 | Z61: 0 | AA61: 0
A62: 230026 | B62: 2.1.8.04.01 | C62: IMEB | D62: Cuota de fiscalización y auditaje | E62: 1.2.1.0.0 | F62: 42616000 | G62: 0 | H62: 0 | I62: 0 | J62: 0 | K62: 0 | L62: 0 | M62: 42616000 | N62: 0 | O62: 0 | P62: 0 | Q62: 0 | R62: 42616000 | S62: 0 | T62: 0 | U62: 0 | V62: 42616000 | W62: 0 | X62: 0 | Y62: 0 | Z62: 0 | AA62: 0
B63: 2.3 | C63: IMEB | D63: Inversión | F63: 4364918051 | G63: 0 | H63: 0 | I63: 0 | J63: 0 | K63: 0 | L63: 0 | M63: 4364918051 | N63: 0 | O63: 2136284886 | P63: 2136284886 | Q63: 0 | R63: 2228633165 | S63: 0 | T63: 1415541250 | U63: 1415541250 | V63: 2949376801 | W63: 0 | X63: 0 | Y63: 0 | Z63: 0 | AA63: 1415541250
B64: 2.3.2 | C64: IMEB | D64: Adquisicion de bienes y servicios | F64: 4364918051 | G64: 0 | H64: 0 | I64: 0 | J64: 0 | K64: 0 | L64: 0 | M64: 4364918051 | N64: 0 | O64: 2136284886 | P64: 2136284886 | Q64: 0 | R64: 2228633165 | S64: 0 | T64: 1415541250 | U64: 1415541250 | V64: 2949376801 | W64: 0 | X64: 0 | Y64: 0 | Z64: 0 | AA64: 1415541250
B65: 2.3.2.02.02 | C65: IMEB | D65: Adquisición de servicios | F65: 4364918051 | G65: 0 | H65: 0 | I65: 0 | J65: 0 | K65: 0 | L65: 0 | M65: 4364918051 | N65: 0 | O65: 2136284886 | P65: 2136284886 | Q65: 0 | R65: 2228633165 | S65: 0 | T65: 1415541250 | U65: 1415541250 | V65: 2949376801 | W65: 0 | X65: 0 | Y65: 0 | Z65: 0 | AA65: 1415541250
B66: 2.3.2.02.02.006. | C66: IMEB | D66: Servicios de alojamiento; servicios de suministro de comidas y bebidas; servicios de transporte; y servicios de distribución de electricidad, gas y agua | F66: 50000000 | G66: 0 | H66: 0 | I66: 0 | J66: 0 | K66: 0 | L66: 0 | M66: 50000000 | N66: 0 | O66: 0 | P66: 0 | Q66: 0 | R66: 50000000 | S66: 0 | T66: 0 | U66: 0 | V66: 50000000 | W66: 0 | X66: 0 | Y66: 0 | Z66: 0 | AA66: 0
A67: 230027 | B67: 2.3.2.02.02.006.01 | C67: IMEB | D67: Servicios de alojamiento; servicios de suministro de comidas y bebidas; servicios de transporte; y servicios de distribución de electricidad, gas y agua-CDE | E67: 1.2.1.0.0 | F67: 50000000 | G67: 0 | H67: 0 | I67: 0 | J67: 0 | K67: 0 | L67: 0 | M67: 50000000 | N67: 0 | O67: 0 | P67: 0 | Q67: 0 | R67: 50000000 | S67: 0 | T67: 0 | U67: 0 | V67: 50000000 | W67: 0 | X67: 0 | Y67: 0 | Z67: 0 | AA67: 0
B68: 2.3.2.02.02.007. | C68: IMEB | D68: Servicios financieros y servicios conexos, servicios inmobiliarios y servicios de leasing | F68: 389441514 | G68: 0 | H68: 0 | I68: 0 | J68: 0 | K68: 0 | L68: 0 | M68: 389441514 | N68: 0 | O68: 170000000 | P68: 170000000 | Q68: 0 | R68: 219441514 | S68: 0 | T68: 0 | U68: 0 | V68: 389441514 | W68: 0 | X68: 0 | Y68: 0 | Z68: 0 | AA68: 0
A69: 230029 | B69: 2.3.2.02.02.007.02 | C69: IMEB | D69: Servicios financieros y servicios conexos, servicios inmobiliarios y servicios de leasing-CDE | E69: 1.2.1.0.0 | F69: 219441514 | G69: 0 | H69: 0 | I69: 0 | J69: 0 | K69: 0 | L69: 0 | M69: 219441514 | N69: 0 | O69: 0 | P69: 0 | Q69: 0 | R69: 219441514 | S69: 0 | T69: 0 | U69: 0 | V69: 219441514 | W69: 0 | X69: 0 | Y69: 0 | Z69: 0 | AA69: 0
B70: 2.3.2.02.02.009 | C70: IMEB | D70: Servicios para la comunidad, sociales y personales | F70: 3925476537 | G70: 0 | H70: 0 | I70: 0 | J70: 0 | K70: 0 | L70: 0 | M70: 3925476537 | N70: 0 | O70: 1966284886 | P70: 1966284886 | Q70: 0 | R70: 1959191651 | S70: 0 | T70: 1415541250 | U70: 1415541250 | V70: 2509935287 | W70: 0 | X70: 0 | Y70: 0 | Z70: 0 | AA70: 1415541250
A71: 230030 | B71: 2.3.2.02.02.009.01 | C71: IMEB | D71: Servicios para la comunidad, sociales y personales-BANCA | E71: 1.3.2.3.05 | F71: 4000000 | G71: 0 | H71: 0 | I71: 0 | J71: 0 | K71: 0 | L71: 0 | M71: 4000000 | N71: 0 | O71: 0 | P71: 0 | Q71: 0 | R71: 4000000 | S71: 0 | T71: 0 | U71: 0 | V71: 4000000 | W71: 0 | X71: 0 | Y71: 0 | Z71: 0 | AA71: 0
A72: 230031 | B72: 2.3.2.02.02.009.02 | C72: IMEB | D72: Servicios para la comunidad, sociales y personales-BANCA | E72: 1.2.1.0.0 | F72: 1230360000 | G72: 0 | H72: 0 | I72: 0 | J72: 0 | K72: 0 | L72: 0 | M72: 1230360000 | N72: 0 | O72: 121800000 | P72: 121800000 | Q72: 0 | R72: 1108560000 | S72: 0 | T72: 100800000 | U72: 100800000 | V72: 1129560000 | W72: 0 | X72: 0 | Y72: 0 | Z72: 0 | AA72: 100800000
A73: 230032 | B73: 2.3.2.02.02.009.03 | C73: IMEB | D73: Servicios para la comunidad, sociales y personales- CDE | E73: 1.2.1.0.0 | F73: 1384990486 | G73: 0 | H73: 0 | I73: 0 | J73: 0 | K73: 0 | L73: 0 | M73: 1384990486 | N73: 0 | O73: 804344886 | P73: 804344886 | Q73: 0 | R73: 580645600 | S73: 0 | T73: 374081250 | U73: 374081250 | V73: 1010909236 | W73: 0 | X73: 0 | Y73: 0 | Z73: 0 | AA73: 374081250
A74: 230033 | B74: 2.3.2.02.02.009.04 | C74: IMEB | D74: Servicios para la comunidad, sociales y personales -EMPLEO | E74: 1.2.1.0.0 | F74: 238770000 | G74: 0 | H74: 0 | I74: 0 | J74: 0 | K74: 0 | L74: 0 | M74: 238770000 | N74: 0 | O74: 219610000 | P74: 219610000 | Q74: 0 | R74: 19160000 | S74: 0 | T74: 219610000 | U74: 219610000 | V74: 19160000 | W74: 0 | X74: 0 | Y74: 0 | Z74: 0 | AA74: 219610000
A75: 230034 | B75: 2.3.2.02.02.009.05 | C75: IMEB | D75: Servicios para la comunidad, sociales y personales-COWORKING | E75: 1.2.1.0.0 | F75: 525900000 | G75: 0 | H75: 0 | I75: 0 | J75: 0 | K75: 0 | L75: 0 | M75: 525900000 | N75: 0 | O75: 305100000 | P75: 305100000 | Q75: 0 | R75: 220800000 | S75: 0 | T75: 305100000 | U75: 305100000 | V75: 220800000 | W75: 0 | X75: 0 | Y75: 0 | Z75: 0 | AA75: 305100000
A76: 230035 | B76: 2.3.2.02.02.009.06 | C76: IMEB | D76: Servicios para la comunidad, sociales y personales-FORTALECIMIENTO | E76: 1.2.1.0.0 | F76: 541456051 | G76: 0 | H76: 0 | I76: 0 | J76: 0 | K76: 0 | L76: 0 | M76: 541456051 | N76: 0 | O76: 515430000 | P76: 515430000 | Q76: 0 | R76: 26026051 | S76: 0 | T76: 415950000 | U76: 415950000 | V76: 125506051 | W76: 0 | X76: 0 | Y76: 0 | Z76: 0 | AA76: 415950000
A77: 230028 | B77: 2.3.2.02.02.007.01 | C77: IMEB | D77: Servicios financieros y servicios conexos, servicios inmobiliarios y servicios de leasing-COWORKING | E77: 1.2.1.0.0 | F77: 170000000 | G77: 0 | H77: 0 | I77: 0 | J77: 0 | K77: 0 | L77: 0 | M77: 170000000 | N77: 0 | O77: 170000000 | P77: 170000000 | Q77: 0 | R77: 0 | S77: 0 | T77: 0 | U77: 0 | V77: 170000000 | W77: 0 | X77: 0 | Y77: 0 | Z77: 0 | AA77: 0
B80: CDE | K80: =+K62+K70+K72+K75 -> 0 | L80: =+L63+L70+L72+L75 -> 0 | M80: =M67+M69+M73 -> 1654432000 | U80: =U67+U69+U73 -> 374081250 | V80: =+V63+V70+V72+V75 -> 6809672088 | W80: =+W63+W70+W72+W75 -> 0 | X80: =+X62+X70+X72+X75 -> 0 | Z80: =Z54+Z57+Z61+Z68 -> 0
B81: BANCA | K81: =+K68+K73+K74 -> 0 | L81: =+L68+L73+L74 -> 0 | M81: =M71+M72 -> 1234360000 | U81: =U71+U72 -> 100800000 | V81: =+V68+V73+V74 -> 1419510750 | W81: =+W68+W73+W74 -> 0 | X81: =+X68+X73+X74 -> 0 | Z81: =Z66+Z67+Z77 -> 0
B82: COWORKING | K82: =+K61+K71+K77 -> 0 | L82: =+L62+L71+L77 -> 0 | M82: =M75+M77 -> 695900000 | U82: =U75+U77 -> 305100000 | V82: =+V62+V71+V77 -> 216616000 | W82: =+W62+W71+W77 -> 0 | X82: =+X61+X71+X77 -> 0 | Z82: =Z53+Z60+Z70 -> 0
B83: EMPLEO | K83: =+K76 -> 0 | L83: =+L76 -> 0 | M83: =M74 -> 238770000 | U83: =U74 -> 219610000 | V83: =+V76 -> 125506051 | W83: =+W76 -> 0 | X83: =+X76 -> 0 | Z83: =Z69 -> 0
B84: FORTALECIMIENTO | K84: =+K78 -> 0 | L84: =+L78 -> 0 | M84: =M76 -> 541456051 | U84: =U76 -> 415950000 | V84: =+V78 -> 0 | W84: =+W78 -> 0 | X84: =+X78 -> 0 | Z84: =Z71 -> 0
K86: =SUM(K80:K84) -> 0 | L86: =SUM(L80:L84) -> 0 | M86: =SUM(M80:M84) -> 4364918051 | N86: =SUM(N80:N84) -> 0 | O86: =SUM(O80:O84) -> 0 | P86: =SUM(P80:P84) -> 0 | Q86: =SUM(Q80:Q84) -> 0 | R86: =SUM(R80:R84) -> 0 | S86: =SUM(S80:S84) -> 0 | U86: =U80+U81+U82+U83+U84 -> 1415541250 | X86: =S86/K86 -> #DIV/0! | Z86: =U86/M86 -> 0.32429962

Sheet Avance a cuatrienio
B4: ALCALDÍA DE BUCARAMANGA
B5: PLAN DE DESARROLLO 2020 - 2023 "BUCARAMANGA, UNA CIUDAD DE OPORTUNIDADES"
B6: PLAN DE ACCIÓN - INSTITUTO MUNICIPAL DE EMPLEO Y FOMENTO EMPRESARIAL DE BUCARAMANGA (IMEBU)
B9: AÑO | C9: FECHA CORTE
B10: 2020 | C10: 44196 | D10: PLAN DE ACCIÓN
B11: LÍNEA ESTRATÉGICA | C11: COMPONENTE | D11: PROGRAMA | E11: TIEMPO PROGRAMADO (en el año) | G11: META | H11: META CUATRIENIO | I11: 2020 | N11: 2021 I TRIM | S11: 2021 II TRIM | W11: 2021 | AB11: AVANCE CUATRIENIO MAR 2021 | AC11: 2022 | AH11: 2023 | AM11: LOGRO CUATRIENIO 2022 | AO11: % AVANCE CUATRIENIO 2022
I12: INDICADORES | L12: AVANCE | N12: INDICADORES | Q12: AVANCE | S12: INDICADORES | U12: AVANCE | W12: INDICADORES | Z12: AVANCE | AC12: INDICADORES | AF12: AVANCE | AH12: INDICADORES | AK12: AVANCE
I13: META | J13: LOGRO | L13: Porcentaje de avance en tiempo | M13: Porcentaje de avance en cumplimiento | N13: META | O13: LOGRO | Q13: Porcentaje de avance en tiempo | R13: Porcentaje de avance en cumplimiento | S13: META | T13: LOGRO | U13: Porcentaje de avance en tiempo | V13: Porcentaje de avance en cumplimiento | W13: META | X13: LOGRO | Z13: Porcentaje de avance en tiempo | AA13: Porcentaje de avance en cumplimiento | AC13: META PDM | AD13: LOGRO | AF13: Porcentaje de avance en tiempo | AG13: Porcentaje de avance en cumplimiento | AH13: META PDM | AI13: LOGRO | AK13: Porcentaje de avance en tiempo | AL13: Porcentaje de avance en cumplimiento
E14: Fecha Inicial | F14: Fecha Terminación
B15: 3. BUCARAMANGA PRODUCTIVA Y COMPETITIVA: EMPRESAS INNOVADORAS, RESPONSABLES Y CONSCIENTES | C15: EMPRENDIMIENTO, INNOVACIÓN, FORMALIZACIÓN Y DINAMIZACIÓN EMPRESARIAL | D15: EMPRENDIMIENTO E INNOVACIÓN | E15: 43831 | F15: 44196 | G15: =+'[1]PA 2022'!E9 -> Fortalecer a 5.000 empresas, emprendimientos y/o unidades productivas, a través de la implementación de un programa de incubación y aceleración de emprendimientos innovadores articulados con el ecosistema de emprendimiento, que caracterice las capacidades tecnológicas instaladas (duras y blandas) con enfoque diferencial. | H15: 5000 | I15: 100 | J15: 100 | K15: =+J15/I15 -> 1 | L15: =DAYS360(E15,$C$10)/DAYS360(E15,F15) -> 1 | M15: =IF(I15=0," -",IF(K15>100%,100%,K15)) -> 1 | N15: 1000 | O15: 79 | P15: =+O15/N15 -> 0.079 | Q15: =+(3*100%)/12 -> 0.25 | R15: =IF(N15=0," -",IF(P15>100%,100%,P15)) -> 0.079 | S15: 1000 | T15: 347 | U15: 0.5 | V15: 0.347 | W15: 1000 | X15: 1044 | Y15: =+X15/W15 -> 1.044 | Z15: 1 | AA15: =IF(W15=0," -",IF(Y15>100%,100%,Y15)) -> 1 | AB15: =(J15+O15)/H15 -> 0.0358 | AC15: 800 | AD15: =+'[1]PA 2022'!M9 -> 2380 | AE15: =+AD15/AC15 -> 2.975 | AF15: 1 | AG15: =IF(AC15=0," -",IF(AE15>100%,100%,AE15)) -> 1 | AH15: 3100 | AI15: ='PA 2023'!M9 -> 87 | AJ15: =+AI15/AH15 -> 0.028064516 | AK15: 0.16666667 | AL15: =IF(AH15=0," -",IF(AJ15>100%,100%,AJ15)) -> 0.028064516 | AM15: =+J15+X15+AD15+AI15 -> 3611 | AN15: =+AM15/H15 -> 0.7222 | AO15: =IF(H15=0," -",IF(AN15>100%,100%,AN15)) -> 0.7222
D16: CENTROS DE DESARROLLO EMPRESARIAL | E16: 43831 | F16: 44196 | G16: =+'[1]PA 2022'!E10 -> Implementar 1 programa de desarrollo empresarial y de empleabilidad para las micro y pequeñas empresas (incluyendo unidades productivas). | H16: 1 | I16: 1 | J16: 1 | K16: =+J16/I16 -> 1 | L16: =DAYS360(E16,$C$10)/DAYS360(E16,F16) -> 1 | M16: =IF(I16=0," -",IF(K16>100%,100%,K16)) -> 1 | N16: 1 | O16: 1 | P16: =+O16/N16 -> 1 | Q16: =+(3*100%)/12 -> 0.25 | R16: =IF(N16=0," -",IF(P16>100%,100%,P16)) -> 1 | S16: 1 | T16: 1 | U16: 0.5 | V16: 1 | W16: 1 | X16: 1 | Y16: =+X16/W16 -> 1 | Z16: 1 | AA16: =IF(W16=0," -",IF(Y16>100%,100%,Y16)) -> 1 | AB16: =(J16+O16)/H16 -> 2 | AC16: 1 | AD16: =+'[1]PA 2022'!M10 -> 1 | AE16: =+AD16/AC16 -> 1 | AF16: 1 | AG16: =IF(AC16=0," -",IF(AE16>100%,100%,AE16)) -> 1 | AH16: 1 | AI16: ='PA 2023'!M10 -> 1 | AJ16: =+AI16/AH16 -> 1 | AK16: 0.16666667 | AL16: =IF(AH16=0," -",IF(AJ16>100%,100%,AJ16)) -> 1 | AM16: =+J16+X16+AD16+AI16 -> 4 | AN16: =+AM16/H16 -> 4 | AO16: =IF(H16=0," -",IF(AN16>100%,100%,AN16)) -> 1
E17: 43831 | F17: 44196 | G17: =+'[1]PA 2022'!E11 -> Desarrollar el modelo CDE virtual para que amplíen la cobertura en la ciudad. | H17: 1 | I17: 0.1 | J17: 0.1 | K17: =+J17/I17 -> 1 | L17: =DAYS360(E17,$C$10)/DAYS360(E17,F17) -> 1 | M17: =IF(I17=0," -",IF(K17>100%,100%,K17)) -> 1 | N17: 0.25 | O17: 0 | P17: =+O17/N17 -> 0 | Q17: =+(3*100%)/12 -> 0.25 | R17: =IF(N17=0," -",IF(P17>100%,100%,P17)) -> 0 | S17: 0.25 | T17: 0 | U17: 0.5 | V17: 0 | W17: 0.25 | X17: 0.25 | Y17: =+X17/W17 -> 1 | Z17: 1 | AA17: =IF(W17=0," -",IF(Y17>100%,100%,Y17)) -> 1 | AB17: =(J17+O17)/H17 -> 0.1 | AC17: 0.35 | AD17: 0.35 | AE17: =+AD17/AC17 -> 1 | AF17: 1 | AG17: =IF(AC17=0," -",IF(AE17>100%,100%,AE17)) -> 1 | AH17: 0.3 | AI17: ='PA 2023'!M11 -> 0 | AJ17: =+AI17/AH17 -> 0 | AK17: 0.16666667 | AL17: =IF(AH17=0," -",IF(AJ17>100%,100%,AJ17)) -> 0 | AM17: =+J17+X17+AD17+AI17 -> 0.7 | AN17: =J17+X17+AD17+AI17 -> 0.7 | AO17: =IF(H17=0," -",IF(AN17>100%,100%,AN17)) -> 0.7
E18: 43831 | F18: 44196 | G18: =+'[1]PA 2022'!E12 -> Formar a 7.000 emprendedores a través de un programa de formación teórica, empresarial y/o artesanal con enfoque diferencial para emprendimientos artísticos, culturales, creativos, negocios verdes, microempresarios y/o unidades productivas urbanas y rurales. | H18: 7000 | I18: 800 | J18: 2182 | K18: =+J18/I18 -> 2.7275 | L18: =DAYS360(E18,$C$10)/DAYS360(E18,F18) -> 1 | M18: =IF(I18=0," -",IF(K18>100%,100%,K18)) -> 1 | N18: 1200 | O18: 57 | P18: =+O18/N18 -> 0.0475 | Q18: =+(3*100%)/12 -> 0.25 | R18: =IF(N18=0," -",IF(P18>100%,100%,P18)) -> 0.0475 | S18: 1200 | T18: 1082 | U18: 0.5 | V18: 0.90166667 | W18: 1200 | X18: 2673 | Y18: =+X18/W18 -> 2.2275 | Z18: 1 | AA18: =IF(W18=0," -",IF(Y18>100%,100%,Y18)) -> 1 | AB18: =(J18+O18)/H18 -> 0.31985714 | AC18: 2000 | AD18: =+'[1]PA 2022'!M12 -> 7106 | AE18: =+AD18/AC18 -> 3.553 | AF18: 1 | AG18: =IF(AC18=0," -",IF(AE18>100%,100%,AE18)) -> 1 | AH18: 0 | AI18: ='PA 2023'!M12 -> 170 | AJ18: =+AI18/AH18 -> #DIV/0! | AK18: 0.16666667 | AL18: =IF(AH18=0," -",IF(AJ18>100%,100%,AJ18)) -> - | AM18: =+J18+X18+AD18+AI18 -> 12131 | AN18: =+AM18/H18 -> 1.733 | AO18: =IF(H18=0," -",IF(AN18>100%,100%,AN18)) -> 1
E19: 43831 | F19: 44196 | G19: =+'[1]PA 2022'!E13 -> Implementar en 4.000 mipymes planes estratégicos orientados a innovar y/o incorporación tecnológica en áreas empresariales estratégicas con apoyo de Universidades y actores económicos clave. | H19: 4000 | I19: 300 | J19: 383 | K19: =+J19/I19 -> 1.2766667 | L19: =DAYS360(E19,$C$10)/DAYS360(E19,F19) -> 1 | M19: =IF(I19=0," -",IF(K19>100%,100%,K19)) -> 1 | N19: 500 | O19: 0 | P19: =+O19/N19 -> 0 | Q19: =+(3*100%)/12 -> 0.25 | R19: =IF(N19=0," -",IF(P19>100%,100%,P19)) -> 0 | S19: 500 | T19: 191 | U19: 0.5 | V19: 0.382 | W19: 500 | X19: 540 | Y19: =+X19/W19 -> 1.08 | Z19: 1 | AA19: =IF(W19=0," -",IF(Y19>100%,100%,Y19)) -> 1 | AB19: =(J19+O19)/H19 -> 0.09575 | AC19: 800 | AD19: =+'[1]PA 2022'!M13 -> 973 | AE19: =+AD19/AC19 -> 1.21625 | AF19: 1 | AG19: =IF(AC19=0," -",IF(AE19>100%,100%,AE19)) -> 1 | AH19: 2400 | AI19: ='PA 2023'!M13 -> 0 | AJ19: =+AI19/AH19 -> 0 | AK19: 0.16666667 | AL19: =IF(AH19=0," -",IF(AJ19>100%,100%,AJ19)) -> 0 | AM19: =+J19+X19+AD19+AI19 -> 1896 | AN19: =+AM19/H19 -> 0.474 | AO19: =IF(H19=0," -",IF(AN19>100%,100%,AN19)) -> 0.474
D20: BANCA CIUDADANA | E20: 43831 | F20: 44196 | G20: =+'[1]PA 2022'!E14 -> Intervenir a 4.000 empresas y/o emprendimientos mediante apalancamiento financiero orientado a realizar inversión en innovación y/o tecnología en la zona rural y urbana con enfoque diferencial. | H20: 4000 | I20: 200 | J20: 0 | K20: =+J20/I20 -> 0 | L20: =DAYS360(E20,$C$10)/DAYS360(E20,F20) -> 1 | M20: =IF(I20=0," -",IF(K20>100%,100%,K20)) -> 0 | N20: 600 | O20: 17 | P20: =+O20/N20 -> 0.028333333 | Q20: =+(3*100%)/12 -> 0.25 | R20: =IF(N20=0," -",IF(P20>100%,100%,P20)) -> 0.028333333 | S20: 600 | T20: 38 | U20: 0.5 | V20: 0.063333333 | W20: 600 | X20: 234 | Y20: =+X20/W20 -> 0.39 | Z20: 1 | AA20: =IF(W20=0," -",IF(Y20>100%,100%,Y20)) -> 0.39 | AB20: =(J20+O20)/H20 -> 0.00425 | AC20: 300 | AD20: =+'[1]PA 2022'!M14 -> 1834 | AE20: =+AD20/AC20 -> 6.1133333 | AF20: 1 | AG20: =IF(AC20=0," -",IF(AE20>100%,100%,AE20)) -> 1 | AH20: 2569 | AI20: ='PA 2023'!M14 -> 152 | AJ20: =+AI20/AH20 -> 0.059166991 | AK20: 0.16666667 | AL20: =IF(AH20=0," -",IF(AJ20>100%,100%,AJ20)) -> 0.059166991 | AM20: =+J20+X20+AD20+AI20 -> 2220 | AN20: =+AM20/H20 -> 0.555 | AO20: =IF(H20=0," -",IF(AN20>100%,100%,AN20)) -> 0.555
E21: 43831 | F21: 44196 | G21: =+'[1]PA 2022'!E16 -> Otorgar 6.000 créditos a emprendimientos y mipymes de orientados a capital de trabajo o destinos de inversión diferente a innovación y/o tecnología en zonas urbanas y rurales. | H21: 6000 | I21: 1200 | J21: 2293 | K21: =+J21/I21 -> 1.9108333 | L21: =DAYS360(E21,$C$10)/DAYS360(E21,F21) -> 1 | M21: =IF(I21=0," -",IF(K21>100%,100%,K21)) -> 1 | N21: 1600 | O21: 328 | P21: =+O21/N21 -> 0.205 | Q21: =+(3*100%)/12 -> 0.25 | R21: =IF(N21=0," -",IF(P21>100%,100%,P21)) -> 0.205 | S21: 1600 | T21: 662 | U21: 0.5 | V21: 0.41375 | W21: 1600 | X21: 1648 | Y21: =+X21/W21 -> 1.03 | Z21: 1 | AA21: =IF(W21=0," -",IF(Y21>100%,100%,Y21)) -> 1 | AB21: =(J21+O21)/H21 -> 0.43683333 | AC21: 1200 | AD21: =+'[1]PA 2022'!M16 -> 1520 | AE21: =+AD21/AC21 -> 1.2666667 | AF21: 1 | AG21: =IF(AC21=0," -",IF(AE21>100%,100%,AE21)) -> 1 | AH21: 1263 | AI21: ='PA 2023'!M15 -> 0 | AJ21: =+AI21/AH21 -> 0 | AK21: 0.16666667 | AL21: =IF(AH21=0," -",IF(AJ21>100%,100%,AJ21)) -> 0 | AM21: =+J21+X21+AD21+AI21 -> 5461 | AN21: =+AM21/H21 -> 0.91016667 | AO21: =IF(H21=0," -",IF(AN21>100%,100%,AN21)) -> 0.91016667
AF22: 1 | AI22: ='PA 2023'!M16 -> 220 | AM22: =+J22+X22+AD22+AI22 -> 220 | AN22: =+AM22/H22 -> #DIV/0! | AO22: =+AM22/H22 -> #DIV/0!
C23: EMPLEABILIDAD, EMPLEO Y TRABAJO DECENTE | D23: EMPLEO Y EMPLEABILIDAD | E23: 43831 | F23: 44196 | G23: =+'[1]PA 2022'!E18 -> Registrar 5.000 hojas de vida para facilitar el proceso de inserción en el mercado laboral identificando habilidades, destrezas y que competencias para el trabajo. | H23: 5000 | I23: 1000 | J23: 1956 | K23: =+J23/I23 -> 1.956 | L23: =DAYS360(E23,$C$10)/DAYS360(E23,F23) -> 1 | M23: =IF(I23=0," -",IF(K23>100%,100%,K23)) -> 1 | N23: 1200 | O23: 573 | P23: =+O23/N23 -> 0.4775 | Q23: =+(3*100%)/12 -> 0.25 | R23: =IF(N23=0," -",IF(P23>100%,100%,P23)) -> 0.4775 | S23: 1200 | T23: 1946 | U23: 0.5 | V23: 1 | W23: 1200 | X23: 3996 | Y23: =+X23/W23 -> 3.33 | Z23: 1 | AA23: =IF(W23=0," -",IF(Y23>100%,100%,Y23)) -> 1 | AB23: =(J23+O23)/H23 -> 0.5058 | AC23: 1300 | AD23: =+'[1]PA 2022'!M18 -> 6331 | AE23: =+AD23/AC23 -> 4.87 | AF23: 1 | AG23: =IF(AC23=0," -",IF(AE23>100%,100%,AE23)) -> 1 | AH23: 0 | AI23: ='PA 2023'!M17 -> 0 | AJ23: =+AI23/AH23 -> #DIV/0! | AK23: 0.16666667 | AL23: =IF(AH23=0," -",IF(AJ23>100%,100%,AJ23)) -> - | AM23: =+J23+X23+AD23+AI23 -> 12283 | AN23: =+AM23/H23 -> 2.4566 | AO23: =IF(H23=0," -",IF(AN23>100%,100%,AN23)) -> 1
E24: 43831 | F24: 44196 | G24: =+'[1]PA 2022'!E19 -> Formar 3.000 jóvenes y adultos en competencias personales y/o técnicas para el trabajo con el fin de facilitar su inserción en el mercado laboral. | H24: 3000 | I24: 600 | J24: 1335 | K24: =+J24/I24 -> 2.225 | L24: =DAYS360(E24,$C$10)/DAYS360(E24,F24) -> 1 | M24: =IF(I24=0," -",IF(K24>100%,100%,K24)) -> 1 | N24: 700 | O24: 180 | P24: =+O24/N24 -> 0.25714286 | Q24: =+(3*100%)/12 -> 0.25 | R24: =IF(N24=0," -",IF(P24>100%,100%,P24)) -> 0.25714286 | S24: 700 | T24: 1220 | U24: 0.5 | V24: 1 | W24: 700 | X24: 2960 | Y24: =+X24/W24 -> 4.2285714 | Z24: 1 | AA24: =IF(W24=0," -",IF(Y24>100%,100%,Y24)) -> 1 | AB24: =(J24+O24)/H24 -> 0.505 | AC24: 800 | AD24: =+'[1]PA 2022'!M19 -> 4242 | AE24: =+AD24/AC24 -> 5.3025 | AF24: 1 | AG24: =IF(AC24=0," -",IF(AE24>100%,100%,AE24)) -> 1 | AH24: 0 | AI24: ='PA 2023'!M18 -> 551 | AJ24: =+AI24/AH24 -> #DIV/0! | AK24: 0.16666667 | AL24: =IF(AH24=0," -",IF(AJ24>100%,100%,AJ24)) -> - | AM24: =+J24+X24+AD24+AI24 -> 9088 | AN24: =+AM24/H24 -> 3.0293333 | AO24: =IF(H24=0," -",IF(AN24>100%,100%,AN24)) -> 1
E25: 43831 | F25: 44196 | G25: =+'[1]PA 2022'!E21 -> Acompañar a 1.500 empresas en el fomento de una cultura del empleo y trabajo decente para capturar vacantes que permitan realizar la intermediación laboral. | H25: 1500 | I25: 330 | J25: =368+32 -> 400 | K25: =+J25/I25 -> 1.2121212 | L25: =DAYS360(E25,$C$10)/DAYS360(E25,F25) -> 1 | M25: =IF(I25=0," -",IF(K25>100%,100%,K25)) -> 1 | N25: 370 | O25: 70 | P25: =+O25/N25 -> 0.18918919 | Q25: =+(3*100%)/12 -> 0.25 | R25: =IF(N25=0," -",IF(P25>100%,100%,P25)) -> 0.18918919 | S25: 370 | T25: 332 | U25: 0.5 | V25: 0.8972973 | W25: 370 | X25: 1056 | Y25: =+X25/W25 -> 2.8540541 | Z25: 1 | AA25: =IF(W25=0," -",IF(Y25>100%,100%,Y25)) -> 1 | AB25: =(J25+O25)/H25 -> 0.31333333 | AC25: 390 | AD25: =+'[1]PA 2022'!M21 -> 942 | AE25: =+AD25/AC25 -> 2.4153846 | AF25: 1 | AG25: =IF(AC25=0," -",IF(AE25>100%,100%,AE25)) -> 1 | AH25: 0 | AI25: ='PA 2023'!M19 -> 481 | AJ25: =+AI25/AH25 -> #DIV/0! | AK25: 0.16666667 | AL25: =IF(AH25=0," -",IF(AJ25>100%,100%,AJ25)) -> - | AM25: =+J25+X25+AD25+AI25 -> 2879 | AN25: =+AM25/H25 -> 1.9193333 | AO25: =IF(H25=0," -",IF(AN25>100%,100%,AN25)) -> 1
AF26: 1 | AH26: 0 | AI26: ='PA 2023'!M20 -> 28 | AM26: =+J26+X26+AD26+AI26 -> 28 | AN26: =+AM26/H26 -> #DIV/0!
B27: 5. BUCARAMANGA TERRITORIO LIBRE DE CORRUPCIÓN: INSTITUCIONES SÓLIDAS Y CONFIABLES | C27: ADMINISTRACIÓN PÚBLICA MODERNA E INNOVADORA | D27: GOBIERNO FORTALECIDO PARA SER Y HACER | E27: 43831 | F27: 44196 | G27: =+'[1]PA 2022'!E22 -> Mantener en funcionamiento el 100% de los programas del Instituto Municipal del Empleo. | H27: 1 | I27: 1 | J27: 1 | K27: =+J27/I27 -> 1 | L27: =DAYS360(E27,$C$10)/DAYS360(E27,F27) -> 1 | M27: =IF(I27=0," -",IF(K27>100%,100%,K27)) -> 1 | N27: 1 | O27: 1 | P27: =+O27/N27 -> 1 | Q27: 0.25 | R27: =IF(N27=0," -",IF(P27>100%,100%,P27)) -> 1 | S27: 1 | T27: 1 | U27: 0.5 | V27: 1 | W27: 1 | X27: 1 | Y27: =+X27/W27 -> 1 | Z27: 1 | AA27: =IF(W27=0," -",IF(Y27>100%,100%,Y27)) -> 1 | AB27: 1 | AC27: 1 | AD27: 1 | AE27: =+AD27/AC27 -> 1 | AF27: 1 | AG27: =IF(AC27=0," -",IF(AE27>100%,100%,AE27)) -> 1 | AH27: 1 | AI27: ='PA 2023'!M21 -> 1 | AJ27: =+AI27/AH27 -> 1 | AK27: 0.16666667 | AL27: =IF(AH27=0," -",IF(AJ27>100%,100%,AJ27)) -> 1 | AM27: =+J27+X27+AD27+AI27 -> 4 | AN27: =+AM27/H27 -> 4 | AO27: =IF(H27=0," -",IF(AN27>100%,100%,AN27)) -> 1
L28: =+AVERAGE(L15:L21,L23:L25,L27) -> 1 | M28: =+AVERAGE(M15:M21,M23:M25,M27) -> 0.90909091 | AA28: =+AVERAGE(AA15:AA21,AA23:AA25,AA27) -> 0.94454545 | AG28: =+AVERAGE(AG15:AG27) -> 1 | AL28: =+AVERAGE(AL15:AL27) -> 0.29817593 | AO28: =+AVERAGE(AO15,AO16,AO17,AO18,AO19,AO20,AO21,AO23,AO24,AO25,AO27) -> 0.85103333
D29: Metas de resultado pendiente medir
AG30: =+AVERAGE(AG15,AG16,AG17,AG18,AG19,AG20,AG21,AG23,AG24,AG25,AG27) -> 1 | AL30: =+AVERAGE(AL15,AL16,AL17,AL18,AL19,AL20,AL21,AL23,AL24,AL25,AL27) -> 0.29817593

Sheet Recursos Gestionados
A1: Meta | B1: Proyecto | C1: Contrato | D1: Cooperante | E1: Aporte Dinero IMEBU | F1: Aporte Especie IMEBU | G1: Aporte Cooperante | H1: Total Convenio
A2: Fortalecer a 5.000 empresas, emprendimientos y/o unidades productivas, a través de la implementación de un programa de incubación y aceleración de emprendimientos innovadores articulados con el ecosistema de emprendimiento, que caracterice las capacidades tecnológicas instaladas (duras y blandas) con enfoque diferencial. | B2: FORTALECIMIENTO DEL COWORKING COMO ESTRATEGIA PARA EL EMPRENDIMIENTO, INNOVACIÓN, DINAMIZACIÓN Y ACELERACIÓN EMPRESARIAL EN EL MUNICIPIO DE BUCARAMANGA | C2: Convenio CCT 002 - 2023 | D2: Camara de comercio | E2: 668875324 | H2: =+E2+G2 -> 668875324
A3: Fortalecer a 5.000 empresas, emprendimientos y/o unidades productivas, a través de la implementación de un programa de incubación y aceleración de emprendimientos innovadores articulados con el ecosistema de emprendimiento, que caracterice las capacidades tecnológicas instaladas (duras y blandas) con enfoque diferencial. | B3: FORTALECIMIENTO DEL COWORKING COMO ESTRATEGIA PARA EL EMPRENDIMIENTO, INNOVACIÓN, DINAMIZACIÓN Y ACELERACIÓN EMPRESARIAL EN EL MUNICIPIO DE BUCARAMANGA | C3: Acuerdo de cooperación | D3: Eiwos Colombia
A4: Implementar 1 programa de desarrollo empresarial y de empleabilidad para las micro y pequeñas empresas (incluyendo unidades productivas). | B4: FORTALECIMIENTO DEL CENTRO DE DESARROLLO EMPRESARIAL Y DE EMPLEABILIDAD EN EL MUNICIPIO DE BUCARAMANGA | C4: Convenio CA 002 - 2023 | D4: Camara de comercio | E4: 82331162 | F4: 236720000 | G4: 139668961 | H4: =+F4+E4+G4 -> 458720123
A5: Implementar 1 programa de desarrollo empresarial y de empleabilidad para las micro y pequeñas empresas (incluyendo unidades productivas). | B5: FORTALECIMIENTO DEL CENTRO DE DESARROLLO EMPRESARIAL Y DE EMPLEABILIDAD EN EL MUNICIPIO DE BUCARAMANGA | C5: Convenio CA 002 - 2022 | D5: Comfenalco | E5: 318284115 | F5: 70474177 | G5: 166612233 | H5: =+F5+E5+G5 -> 555370525
E6: =+SUM(E2:E5) -> 1069490601 | F6: =+SUM(F2:F5) -> 307194177 | G6: =+SUM(G2:G5) -> 306281194 | H6: =+SUM(H2:H5) -> 1682965972 | I6: =G6/H6 -> 0.18198894
